Workbook
Name client_name: Cover!$B$2
Name date: Cover!$D$7
Name date_rpt: Cover!$D$7
Name start_date: Cover!$D$6

Sheet Cover
B2: Amalgam
B3: Deferred Revenue Template
B4: ="Through "&TEXT(date,"Mmmm dd, YYYY") -> Through March 31, 2024
C6: Period Starting: | D6: 45292
C7: Period Ending: | D7: 45382
C9: Checks
C10: Check to BS: | D10: =SUM('Revenue Schedule'!37:37) -> 0
C14: Overview of File
C15: - This schedule illustrates amortizing customer invoices across a time period.
C16: - The scenario is one where the company sends invoices to customers every 6 or 12 months and
C17: those amounts must be amortized over the time period to reflect the contract.
C18: Summary of Tab Functions
C19: data_Invoices: A raw data pull of the individual invoices from the invoicing system.
C20: Revenue Schedule: The conversion of the individual invoices into their time-defined amortization.
C21: load_Journals: Amalgam template to upload the deferred revenue journals into the General Ledger.
C22: check_BS: A Balance Sheet Report that checks for matching between the GL and this schedule.

Sheet QUICKBOOKS_9130357949969096
A1: accounts | B1: accounts | C1: customers | D1: customers | E1: customers | F1: vendors | G1: vendors | J1: classes | K1: classes | L1: items | M1: items | R1: periods | S1: periods | V1: accounting_methods | W1: accounting_methods | X1: account_classes | Y1: account_classes | Z1: account_subtypes | AA1: account_subtypes | AI1: payment_terms | AJ1: payment_terms | AM1: customer_currencies | AN1: customer_currencies | AU1: show_hide | AV1: show_hide | AW1: summary_types | AX1: summary_types
A2: Name | B2: ID | C2: Name | D2: Email | E2: ID | F2: Name | G2: ID | J2: Name | K2: ID | L2: Name | M2: ID | R2: Name | S2: ID | V2: Name | W2: ID | X2: Name | Y2: Class | Z2: Name | AA2: ID | AI2: Name | AJ2: ID | AM2: Name | AN2: ID | AU2: Name | AV2: ID | AW2: Name | AX2: ID
A4: Accounts Payable (A/P) | B4: 7 | C4: Anderson-Gould | D4: gibsonjoe@example.com | E4: 19 | F4: Acme, Inc | G4: 21 | J4: Corporate | K4: 2100000000001745696 | L4: Hours | M4: 2 | R4: Days | S4: Days | V4: Accrual | W4: Accrual | X4: Bank | Y4: Asset | Z4: Cash On Hand | AA4: CashOnHand | AI4: Due on receipt | AJ4: 1 | AM4: Anderson-Gould | AN4: USD | AU4: Show | AV4: show | AW4: Values | AX4: values
A5: Accounts receivable (A/R) | B5: 8 | C5: Anderson-Waller | D5: travisjuan@example.com | E5: 9 | F5: Mattingly Insurance | G5: 24 | J5: R&D | K5: 2100000000001778593 | L5: Services | M5: 1 | R5: Weeks | S5: Week | V5: Cash | W5: Cash | X5: Other Current Asset | Y5: Asset | Z5: Checking | AA5: Checking | AI5: Net 15 | AJ5: 2 | AM5: Anderson-Waller | AN5: USD | AU5: Hide | AV5: hide | AW5: Formulas | AX5: formulas
A6: Accrued Expenses | B6: 150 | C6: Bell-Moore | D6: williamspatricia@example.com | E6: 11 | F6: Splendid Splinters | G6: 23 | R6: Months | S6: Month | X6: Fixed Asset | Y6: Asset | Z6: Money Market | AA6: MoneyMarket | AI6: Net 30 | AJ6: 3 | AM6: Bell-Moore | AN6: USD | AW6: Hide | AX6: hide
A7: Accumulated amortization | B7: 9 | C7: Bryan and Sons | D7: rachel25@example.com | E7: 12 | F7: Wagner Industries | G7: 22 | R7: Quarters | S7: Quarter | X7: Other Asset | Y7: Asset | Z7: Rents Held In Trust | AA7: RentsHeldInTrust | AI7: Net 60 | AJ7: 4 | AM7: Bryan and Sons | AN7: USD
A8: Accumulated depreciation | B8: 10 | C8: Bush, Nelson and Williamson | D8: daniel06@example.com | E8: 1 | R8: Years | S8: Year | X8: Accounts Receivable | Y8: Asset | Z8: Savings | AA8: Savings | AM8: Bush, Nelson and Williamson | AN8: USD
A9: Additional paid in capital | B9: 11 | C9: Castaneda, Johnson and Nelson | D9: pcarrillo@example.com | E9: 16 | R9: Total Only | S9: Total | X9: Equity | Y9: Equity | Z9: Trust Accounts | AA9: TrustAccounts | AM9: Castaneda, Johnson and Nelson | AN9: USD
A10: Advertising & marketing | B10: 12 | C10: Cochran-Guerrero | D10: joshua34@example.com | E10: 3 | R10: Customers | S10: Customers | X10: Expense | Y10: Expense | Z10: Allowance For Bad Debts | AA10: AllowanceForBadDebts | AM10: Cochran-Guerrero | AN10: USD
A11: Advertising & marketing > Listing fees | B11: 90 | C11: Coleman Ltd | D11: rford@example.com | E11: 5 | R11: Vendors | S11: Vendors | X11: Other Expense | Y11: Expense | Z11: Development Costs | AA11: DevelopmentCosts | AM11: Coleman Ltd | AN11: USD
A12: Advertising & marketing > Social media | B12: 91 | C12: Hanson, Webb and Mcdonald | D12: loganjoshua@example.com | E12: 17 | R12: Classes | S12: Classes | X12: Cost of Goods Sold | Y12: Expense | Z12: Employee Cash Advances | AA12: EmployeeCashAdvances | AM12: Hanson, Webb and Mcdonald | AN12: USD
A13: Advertising & marketing > Website ads | B13: 92 | C13: Heath-Howard | D13: jrobinson@example.com | E13: 6 | R13: Locations | S13: Departments | X13: Accounts Payable | Y13: Liability | Z13: Other Current Assets | AA13: OtherCurrentAssets | AM13: Heath-Howard | AN13: USD
A14: Allowance for bad debts | B14: 13 | C14: Herrera-Mason | D14: lisagonzalez@example.com | E14: 8 | R14: Employees | S14: Employees | X14: Credit Card | Y14: Liability | Z14: Inventory | AA14: Inventory | AM14: Herrera-Mason | AN14: USD
A15: Amortization expenses | B15: 14 | C15: Hunt LLC | D15: kyle63@example.com | E15: 4 | R15: Products | S15: ProductsAndServices | X15: Long Term Liability | Y15: Liability | Z15: Investment Mortgage Real Estate Loans | AA15: Investment_MortgageRealEstateLoans | AM15: Hunt LLC | AN15: USD
A16: Bad Debts | B16: 15 | C16: Lewis, Williamson and Lowe | D16: dshannon@example.com | E16: 10 | X16: Other Current Liability | Y16: Liability | Z16: Investment Other | AA16: Investment_Other | AM16: Lewis, Williamson and Lowe | AN16: USD
A17: Billable Expense Income | B17: 6 | C17: Mason, Ryan and Wells | D17: wesley60@example.com | E17: 14 | X17: Income | Y17: Revenue | Z17: Investment Tax Exempt Securities | AA17: Investment_TaxExemptSecurities | AM17: Mason, Ryan and Wells | AN17: USD
A18: Buildings | B18: 17 | C18: Pennington-Avery | D18: hendersontara@example.com | E18: 20 | X18: Other Income | Y18: Revenue | Z18: Investment US Government Obligations | AA18: Investment_USGovernmentObligations | AM18: Pennington-Avery | AN18: USD
A19: Business licenses | B19: 18 | C19: Rice and Sons | D19: kenneth78@example.com | E19: 15 | Z19: Loans To Officers | AA19: LoansToOfficers | AM19: Rice and Sons | AN19: USD
A20: Cash | B20: 19 | C20: Vargas Inc | D20: williamsdeanna@example.com | E20: 13 | Z20: Loans To Others | AA20: LoansToOthers | AM20: Vargas Inc | AN20: USD
A21: Commissions & fees | B21: 20 | C21: Waters PLC | D21: elizabeth43@example.com | E21: 2 | Z21: Loans To Stockholders | AA21: LoansToStockholders | AM21: Waters PLC | AN21: USD
A22: Common stock | B22: 21 | C22: Wright-Snow | D22: matthewbrennan@example.com | E22: 18 | Z22: Prepaid Expenses | AA22: PrepaidExpenses | AM22: Wright-Snow | AN22: USD
A23: Contract labor | B23: 22 | C23: York, Price and Campbell | D23: michaelhill@example.com | E23: 7 | Z23: Retainage | AA23: Retainage | AM23: York, Price and Campbell | AN23: USD
A24: Contributions to charities | B24: 23 | Z24: Undeposited Funds | AA24: UndepositedFunds
A25: Cost of goods sold | B25: 24 | Z25: Accumulated Depletion | AA25: AccumulatedDepletion
A26: Cost of goods sold > Cost of labor - COGS | B26: 95 | Z26: Accumulated Depreciation | AA26: AccumulatedDepreciation
A27: Cost of goods sold > Equipment rental - COGS | B27: 96 | Z27: Depletable Assets | AA27: DepletableAssets
A28: Cost of goods sold > Freight in - COGS | B28: 97 | Z28: Fixed Asset Computers | AA28: FixedAssetComputers
A29: Cost of goods sold > Supplies & materials - COGS | B29: 98 | Z29: Fixed Asset Copiers | AA29: FixedAssetCopiers
A30: Credit Cards Payable | B30: 149 | Z30: Fixed Asset Furniture | AA30: FixedAssetFurniture
A31: Credit card rewards | B31: 25 | Z31: Fixed Asset Phone | AA31: FixedAssetPhone
A32: Customer prepayments | B32: 26 | Z32: Fixed Asset Photo/Video | AA32: FixedAssetPhotoVideo
A33: Deferred Revenue | B33: 152 | Z33: Fixed Asset Software | AA33: FixedAssetSoftware
A34: Deferred income taxes | B34: 27 | Z34: Fixed Asset Other Tools & Equipment | AA34: FixedAssetOtherToolsEquipment
A35: Depreciation | B35: 28 | Z35: Furniture And Fixtures | AA35: FurnitureAndFixtures
... A157: Vehicles | B157: 89 | Z157: Tax Exempt Interest | AA157: TaxExemptInterest

Sheet data_Invoices
A1: quickbooks | C1: INVOICES: ABC Widgets | F1: These columns have intentionally been left blank. Feel free to add any formulas or notes here, they will not affect the function of this sheet nor will they be overwritten when data syncs. | P1: # | Q1: Action | R1: Status | T1: ID * | U1: Sync Token * | V1: Date * | W1: Terms | X1: Due Date | Y1: Invoice # | Z1: Ship Date | AA1: Tracking Number | AB1: Location | AC1: Location ID * | AD1: Customer * | AE1: Currency | AF1: Customer ID * | AG1: Email | AH1: Email CC | AI1: Email BCC | AJ1: Allow Cards | AK1: Allow ACH | AL1: Memo | AM1: Statement Memo | AN1: Tax Amount | AO1: Balance | AP1: Item/Service * | AQ1: Item/Service ID * | AR1: Class | AS1: Class ID | AT1: Description | AU1: Rate * | AV1: Qty * | AW1: Amount | AX1: Service Date | AY1: Custom Field 1 * | AZ1: Custom Field 2 * | BA1: Custom Field 3 * | BB1: Term ID
A2: invoices | C2: Download, Upload and Delete Invoices from Quickbooks Online. | P2: =IF(V2<>"",MAX(P$1:P1)+1,IF(AND(_xlfn.CONCAT(T2:BB2)<>"", OR(LEFT(_xlfn.CONCAT(T2:BB2),5)<>"FALSE",RIGHT(_xlfn.CONCAT(T2:BB2),5)<>"FALSE")),IF(AND(ISNUMBER(P1),P1>0),P1,0),"")) -> 1 | R2: =IF(T2<>"",IF(Q2<>"","Edited","Synced"),IF(P2="","",IF(OR(AP2 = "",AQ2 = "",AU2 = "",AV2 = ""),"Invalid","New"))) -> Synced | T2: 448 | U2: 4 | V2: 45295 | X2: 45325 | Y2: 101 | AD2: Hunt LLC | AE2: =IFERROR(IF(LEN(VLOOKUP(AD2, QUICKBOOKS_9130357949969096!$AM:$AN, 2, 0))=0,"",VLOOKUP(AD2, QUICKBOOKS_9130357949969096!$AM:$AN, 2, 0)),"") -> USD | AF2: =IFERROR(IF(LEN(VLOOKUP(AD2, QUICKBOOKS_9130357949969096!$C:$E, 3, 0))=0,"",VLOOKUP(AD2, QUICKBOOKS_9130357949969096!$C:$E, 3, 0)),"") -> 4 | AG2: =IFERROR(IF(LEN(VLOOKUP(AD2, QUICKBOOKS_9130357949969096!$C:$D, 2, 0))=0,"",VLOOKUP(AD2, QUICKBOOKS_9130357949969096!$C:$D, 2, 0)),"") -> kyle63@example.com | AJ2: FALSE | AK2: FALSE | AO2: 91979.48 | AP2: Services | AQ2: =IFERROR(IF(LEN(VLOOKUP(AP2, QUICKBOOKS_9130357949969096!$L:$M, 2, 0))=0,"",VLOOKUP(AP2, QUICKBOOKS_9130357949969096!$L:$M, 2, 0)),"") -> 1 | AS2: =IFERROR(IF(LEN(VLOOKUP(AR2, QUICKBOOKS_9130357949969096!$J:$K, 2, 0))=0,"",VLOOKUP(AR2, QUICKBOOKS_9130357949969096!$J:$K, 2, 0)),"") | AT2: Order from Hunt LLC | AU2: 91979.48 | AV2: 1 | AW2: =IF(OR((AU2*AV2)<>0,AP2<>""),AU2*AV2,"") -> 91979.48 | BB2: =IFERROR(IF(LEN(VLOOKUP(W2, QUICKBOOKS_9130357949969096!$AI:$AJ, 2, 0))=0,"",VLOOKUP(W2, QUICKBOOKS_9130357949969096!$AI:$AJ, 2, 0)),"")
A3: 9130357949969096 | P3: =IF(V3<>"",MAX(P$1:P2)+1,IF(AND(_xlfn.CONCAT(T3:BB3)<>"", OR(LEFT(_xlfn.CONCAT(T3:BB3),5)<>"FALSE",RIGHT(_xlfn.CONCAT(T3:BB3),5)<>"FALSE")),IF(AND(ISNUMBER(P2),P2>0),P2,0),"")) -> 2 | R3: =IF(T3<>"",IF(Q3<>"","Edited","Synced"),IF(P3="","",IF(OR(AP3 = "",AQ3 = "",AU3 = "",AV3 = ""),"Invalid","New"))) -> Synced | T3: 447 | U3: 4 | V3: 45302 | X3: 45332 | Y3: 102 | AD3: Vargas Inc | AE3: =IFERROR(IF(LEN(VLOOKUP(AD3, QUICKBOOKS_9130357949969096!$AM:$AN, 2, 0))=0,"",VLOOKUP(AD3, QUICKBOOKS_9130357949969096!$AM:$AN, 2, 0)),"") -> USD | AF3: =IFERROR(IF(LEN(VLOOKUP(AD3, QUICKBOOKS_9130357949969096!$C:$E, 3, 0))=0,"",VLOOKUP(AD3, QUICKBOOKS_9130357949969096!$C:$E, 3, 0)),"") -> 13 | AG3: =IFERROR(IF(LEN(VLOOKUP(AD3, QUICKBOOKS_9130357949969096!$C:$D, 2, 0))=0,"",VLOOKUP(AD3, QUICKBOOKS_9130357949969096!$C:$D, 2, 0)),"") -> williamsdeanna@example.com | AJ3: FALSE | AK3: FALSE | AO3: 85902.16 | AP3: Services | AQ3: =IFERROR(IF(LEN(VLOOKUP(AP3, QUICKBOOKS_9130357949969096!$L:$M, 2, 0))=0,"",VLOOKUP(AP3, QUICKBOOKS_9130357949969096!$L:$M, 2, 0)),"") -> 1 | AS3: =IFERROR(IF(LEN(VLOOKUP(AR3, QUICKBOOKS_9130357949969096!$J:$K, 2, 0))=0,"",VLOOKUP(AR3, QUICKBOOKS_9130357949969096!$J:$K, 2, 0)),"") | AT3: Order from Vargas Inc | AU3: 85902.16 | AV3: 1 | AW3: =IF(OR((AU3*AV3)<>0,AP3<>""),AU3*AV3,"") -> 85902.16 | BB3: =IFERROR(IF(LEN(VLOOKUP(W3, QUICKBOOKS_9130357949969096!$AI:$AJ, 2, 0))=0,"",VLOOKUP(W3, QUICKBOOKS_9130357949969096!$AI:$AJ, 2, 0)),"")
A4: resource | C4: Use this sheet to connect to your data directly from Excel, | P4: =IF(V4<>"",MAX(P$1:P3)+1,IF(AND(_xlfn.CONCAT(T4:BB4)<>"", OR(LEFT(_xlfn.CONCAT(T4:BB4),5)<>"FALSE",RIGHT(_xlfn.CONCAT(T4:BB4),5)<>"FALSE")),IF(AND(ISNUMBER(P3),P3>0),P3,0),"")) -> 3 | R4: =IF(T4<>"",IF(Q4<>"","Edited","Synced"),IF(P4="","",IF(OR(AP4 = "",AQ4 = "",AU4 = "",AV4 = ""),"Invalid","New"))) -> Synced | T4: 440 | U4: 4 | V4: 45351 | X4: 45381 | Y4: 109 | AD4: Wright-Snow | AE4: =IFERROR(IF(LEN(VLOOKUP(AD4, QUICKBOOKS_9130357949969096!$AM:$AN, 2, 0))=0,"",VLOOKUP(AD4, QUICKBOOKS_9130357949969096!$AM:$AN, 2, 0)),"") -> USD | AF4: =IFERROR(IF(LEN(VLOOKUP(AD4, QUICKBOOKS_9130357949969096!$C:$E, 3, 0))=0,"",VLOOKUP(AD4, QUICKBOOKS_9130357949969096!$C:$E, 3, 0)),"") -> 18 | AG4: =IFERROR(IF(LEN(VLOOKUP(AD4, QUICKBOOKS_9130357949969096!$C:$D, 2, 0))=0,"",VLOOKUP(AD4, QUICKBOOKS_9130357949969096!$C:$D, 2, 0)),"") -> matthewbrennan@example.com | AJ4: FALSE | AK4: FALSE | AO4: 84892.32 | AP4: Services | AQ4: =IFERROR(IF(LEN(VLOOKUP(AP4, QUICKBOOKS_9130357949969096!$L:$M, 2, 0))=0,"",VLOOKUP(AP4, QUICKBOOKS_9130357949969096!$L:$M, 2, 0)),"") -> 1 | AS4: =IFERROR(IF(LEN(VLOOKUP(AR4, QUICKBOOKS_9130357949969096!$J:$K, 2, 0))=0,"",VLOOKUP(AR4, QUICKBOOKS_9130357949969096!$J:$K, 2, 0)),"") | AT4: Order from Wright-Snow | AU4: 84892.32 | AV4: 1 | AW4: =IF(OR((AU4*AV4)<>0,AP4<>""),AU4*AV4,"") -> 84892.32 | BB4: =IFERROR(IF(LEN(VLOOKUP(W4, QUICKBOOKS_9130357949969096!$AI:$AJ, 2, 0))=0,"",VLOOKUP(W4, QUICKBOOKS_9130357949969096!$AI:$AJ, 2, 0)),"")
C5: and control it with the buttons in the Amalgam Excel plugin. | P5: =IF(V5<>"",MAX(P$1:P4)+1,IF(AND(_xlfn.CONCAT(T5:BB5)<>"", OR(LEFT(_xlfn.CONCAT(T5:BB5),5)<>"FALSE",RIGHT(_xlfn.CONCAT(T5:BB5),5)<>"FALSE")),IF(AND(ISNUMBER(P4),P4>0),P4,0),"")) -> 4 | R5: =IF(T5<>"",IF(Q5<>"","Edited","Synced"),IF(P5="","",IF(OR(AP5 = "",AQ5 = "",AU5 = "",AV5 = ""),"Invalid","New"))) -> Synced | T5: 445 | U5: 4 | V5: 45316 | X5: 45346 | Y5: 104 | AD5: Cochran-Guerrero | AE5: =IFERROR(IF(LEN(VLOOKUP(AD5, QUICKBOOKS_9130357949969096!$AM:$AN, 2, 0))=0,"",VLOOKUP(AD5, QUICKBOOKS_9130357949969096!$AM:$AN, 2, 0)),"") -> USD | AF5: =IFERROR(IF(LEN(VLOOKUP(AD5, QUICKBOOKS_9130357949969096!$C:$E, 3, 0))=0,"",VLOOKUP(AD5, QUICKBOOKS_9130357949969096!$C:$E, 3, 0)),"") -> 3 | AG5: =IFERROR(IF(LEN(VLOOKUP(AD5, QUICKBOOKS_9130357949969096!$C:$D, 2, 0))=0,"",VLOOKUP(AD5, QUICKBOOKS_9130357949969096!$C:$D, 2, 0)),"") -> joshua34@example.com | AJ5: FALSE | AK5: FALSE | AO5: 133057.04 | AP5: Services | AQ5: =IFERROR(IF(LEN(VLOOKUP(AP5, QUICKBOOKS_9130357949969096!$L:$M, 2, 0))=0,"",VLOOKUP(AP5, QUICKBOOKS_9130357949969096!$L:$M, 2, 0)),"") -> 1 | AS5: =IFERROR(IF(LEN(VLOOKUP(AR5, QUICKBOOKS_9130357949969096!$J:$K, 2, 0))=0,"",VLOOKUP(AR5, QUICKBOOKS_9130357949969096!$J:$K, 2, 0)),"") | AT5: Order from Cochran-Guerrero | AU5: 133057.04 | AV5: 1 | AW5: =IF(OR((AU5*AV5)<>0,AP5<>""),AU5*AV5,"") -> 133057.04 | BB5: =IFERROR(IF(LEN(VLOOKUP(W5, QUICKBOOKS_9130357949969096!$AI:$AJ, 2, 0))=0,"",VLOOKUP(W5, QUICKBOOKS_9130357949969096!$AI:$AJ, 2, 0)),"")
C6: Data to the right can sync with just a click of a button. | P6: =IF(V6<>"",MAX(P$1:P5)+1,IF(AND(_xlfn.CONCAT(T6:BB6)<>"", OR(LEFT(_xlfn.CONCAT(T6:BB6),5)<>"FALSE",RIGHT(_xlfn.CONCAT(T6:BB6),5)<>"FALSE")),IF(AND(ISNUMBER(P5),P5>0),P5,0),"")) -> 5 | R6: =IF(T6<>"",IF(Q6<>"","Edited","Synced"),IF(P6="","",IF(OR(AP6 = "",AQ6 = "",AU6 = "",AV6 = ""),"Invalid","New"))) -> Synced | T6: 444 | U6: 4 | V6: 45323 | X6: 45353 | Y6: 105 | AD6: Hunt LLC | AE6: =IFERROR(IF(LEN(VLOOKUP(AD6, QUICKBOOKS_9130357949969096!$AM:$AN, 2, 0))=0,"",VLOOKUP(AD6, QUICKBOOKS_9130357949969096!$AM:$AN, 2, 0)),"") -> USD | AF6: =IFERROR(IF(LEN(VLOOKUP(AD6, QUICKBOOKS_9130357949969096!$C:$E, 3, 0))=0,"",VLOOKUP(AD6, QUICKBOOKS_9130357949969096!$C:$E, 3, 0)),"") -> 4 | AG6: =IFERROR(IF(LEN(VLOOKUP(AD6, QUICKBOOKS_9130357949969096!$C:$D, 2, 0))=0,"",VLOOKUP(AD6, QUICKBOOKS_9130357949969096!$C:$D, 2, 0)),"") -> kyle63@example.com | AJ6: FALSE | AK6: FALSE | AO6: 69374.21 | AP6: Services | AQ6: =IFERROR(IF(LEN(VLOOKUP(AP6, QUICKBOOKS_9130357949969096!$L:$M, 2, 0))=0,"",VLOOKUP(AP6, QUICKBOOKS_9130357949969096!$L:$M, 2, 0)),"") -> 1 | AS6: =IFERROR(IF(LEN(VLOOKUP(AR6, QUICKBOOKS_9130357949969096!$J:$K, 2, 0))=0,"",VLOOKUP(AR6, QUICKBOOKS_9130357949969096!$J:$K, 2, 0)),"") | AT6: Order from Hunt LLC | AU6: 69374.21 | AV6: 1 | AW6: =IF(OR((AU6*AV6)<>0,AP6<>""),AU6*AV6,"") -> 69374.21 | BB6: =IFERROR(IF(LEN(VLOOKUP(W6, QUICKBOOKS_9130357949969096!$AI:$AJ, 2, 0))=0,"",VLOOKUP(W6, QUICKBOOKS_9130357949969096!$AI:$AJ, 2, 0)),"")
P7: =IF(V7<>"",MAX(P$1:P6)+1,IF(AND(_xlfn.CONCAT(T7:BB7)<>"", OR(LEFT(_xlfn.CONCAT(T7:BB7),5)<>"FALSE",RIGHT(_xlfn.CONCAT(T7:BB7),5)<>"FALSE")),IF(AND(ISNUMBER(P6),P6>0),P6,0),"")) -> 6 | R7: =IF(T7<>"",IF(Q7<>"","Edited","Synced"),IF(P7="","",IF(OR(AP7 = "",AQ7 = "",AU7 = "",AV7 = ""),"Invalid","New"))) -> Synced | T7: 443 | U7: 4 | V7: 45330 | X7: 45360 | Y7: 106 | AD7: Vargas Inc | AE7: =IFERROR(IF(LEN(VLOOKUP(AD7, QUICKBOOKS_9130357949969096!$AM:$AN, 2, 0))=0,"",VLOOKUP(AD7, QUICKBOOKS_9130357949969096!$AM:$AN, 2, 0)),"") -> USD | AF7: =IFERROR(IF(LEN(VLOOKUP(AD7, QUICKBOOKS_9130357949969096!$C:$E, 3, 0))=0,"",VLOOKUP(AD7, QUICKBOOKS_9130357949969096!$C:$E, 3, 0)),"") -> 13 | AG7: =IFERROR(IF(LEN(VLOOKUP(AD7, QUICKBOOKS_9130357949969096!$C:$D, 2, 0))=0,"",VLOOKUP(AD7, QUICKBOOKS_9130357949969096!$C:$D, 2, 0)),"") -> williamsdeanna@example.com | AJ7: FALSE | AK7: FALSE | AO7: 87444.2 | AP7: Services | AQ7: =IFERROR(IF(LEN(VLOOKUP(AP7, QUICKBOOKS_9130357949969096!$L:$M, 2, 0))=0,"",VLOOKUP(AP7, QUICKBOOKS_9130357949969096!$L:$M, 2, 0)),"") -> 1 | AS7: =IFERROR(IF(LEN(VLOOKUP(AR7, QUICKBOOKS_9130357949969096!$J:$K, 2, 0))=0,"",VLOOKUP(AR7, QUICKBOOKS_9130357949969096!$J:$K, 2, 0)),"") | AT7: Order from Vargas Inc | AU7: 87444.2 | AV7: 1 | AW7: =IF(OR((AU7*AV7)<>0,AP7<>""),AU7*AV7,"") -> 87444.2 | BB7: =IFERROR(IF(LEN(VLOOKUP(W7, QUICKBOOKS_9130357949969096!$AI:$AJ, 2, 0))=0,"",VLOOKUP(W7, QUICKBOOKS_9130357949969096!$AI:$AJ, 2, 0)),"")
C8: DOWNLOAD FILTERS | P8: =IF(V8<>"",MAX(P$1:P7)+1,IF(AND(_xlfn.CONCAT(T8:BB8)<>"", OR(LEFT(_xlfn.CONCAT(T8:BB8),5)<>"FALSE",RIGHT(_xlfn.CONCAT(T8:BB8),5)<>"FALSE")),IF(AND(ISNUMBER(P7),P7>0),P7,0),"")) -> 7 | R8: =IF(T8<>"",IF(Q8<>"","Edited","Synced"),IF(P8="","",IF(OR(AP8 = "",AQ8 = "",AU8 = "",AV8 = ""),"Invalid","New"))) -> Synced | T8: 442 | U8: 4 | V8: 45337 | X8: 45367 | Y8: 107 | AD8: Anderson-Gould | AE8: =IFERROR(IF(LEN(VLOOKUP(AD8, QUICKBOOKS_9130357949969096!$AM:$AN, 2, 0))=0,"",VLOOKUP(AD8, QUICKBOOKS_9130357949969096!$AM:$AN, 2, 0)),"") -> USD | AF8: =IFERROR(IF(LEN(VLOOKUP(AD8, QUICKBOOKS_9130357949969096!$C:$E, 3, 0))=0,"",VLOOKUP(AD8, QUICKBOOKS_9130357949969096!$C:$E, 3, 0)),"") -> 19 | AG8: =IFERROR(IF(LEN(VLOOKUP(AD8, QUICKBOOKS_9130357949969096!$C:$D, 2, 0))=0,"",VLOOKUP(AD8, QUICKBOOKS_9130357949969096!$C:$D, 2, 0)),"") -> gibsonjoe@example.com | AJ8: FALSE | AK8: FALSE | AO8: 107230.96 | AP8: Services | AQ8: =IFERROR(IF(LEN(VLOOKUP(AP8, QUICKBOOKS_9130357949969096!$L:$M, 2, 0))=0,"",VLOOKUP(AP8, QUICKBOOKS_9130357949969096!$L:$M, 2, 0)),"") -> 1 | AS8: =IFERROR(IF(LEN(VLOOKUP(AR8, QUICKBOOKS_9130357949969096!$J:$K, 2, 0))=0,"",VLOOKUP(AR8, QUICKBOOKS_9130357949969096!$J:$K, 2, 0)),"") | AT8: Order from Anderson-Gould | AU8: 107230.96 | AV8: 1 | AW8: =IF(OR((AU8*AV8)<>0,AP8<>""),AU8*AV8,"") -> 107230.96 | BB8: =IFERROR(IF(LEN(VLOOKUP(W8, QUICKBOOKS_9130357949969096!$AI:$AJ, 2, 0))=0,"",VLOOKUP(W8, QUICKBOOKS_9130357949969096!$AI:$AJ, 2, 0)),"")
C9: Customer | P9: =IF(V9<>"",MAX(P$1:P8)+1,IF(AND(_xlfn.CONCAT(T9:BB9)<>"", OR(LEFT(_xlfn.CONCAT(T9:BB9),5)<>"FALSE",RIGHT(_xlfn.CONCAT(T9:BB9),5)<>"FALSE")),IF(AND(ISNUMBER(P8),P8>0),P8,0),"")) -> 8 | R9: =IF(T9<>"",IF(Q9<>"","Edited","Synced"),IF(P9="","",IF(OR(AP9 = "",AQ9 = "",AU9 = "",AV9 = ""),"Invalid","New"))) -> Synced | T9: 441 | U9: 4 | V9: 45344 | X9: 45374 | Y9: 108 | AD9: Coleman Ltd | AE9: =IFERROR(IF(LEN(VLOOKUP(AD9, QUICKBOOKS_9130357949969096!$AM:$AN, 2, 0))=0,"",VLOOKUP(AD9, QUICKBOOKS_9130357949969096!$AM:$AN, 2, 0)),"") -> USD | AF9: =IFERROR(IF(LEN(VLOOKUP(AD9, QUICKBOOKS_9130357949969096!$C:$E, 3, 0))=0,"",VLOOKUP(AD9, QUICKBOOKS_9130357949969096!$C:$E, 3, 0)),"") -> 5 | AG9: =IFERROR(IF(LEN(VLOOKUP(AD9, QUICKBOOKS_9130357949969096!$C:$D, 2, 0))=0,"",VLOOKUP(AD9, QUICKBOOKS_9130357949969096!$C:$D, 2, 0)),"") -> rford@example.com | AJ9: FALSE | AK9: FALSE | AO9: 78329.46 | AP9: Services | AQ9: =IFERROR(IF(LEN(VLOOKUP(AP9, QUICKBOOKS_9130357949969096!$L:$M, 2, 0))=0,"",VLOOKUP(AP9, QUICKBOOKS_9130357949969096!$L:$M, 2, 0)),"") -> 1 | AS9: =IFERROR(IF(LEN(VLOOKUP(AR9, QUICKBOOKS_9130357949969096!$J:$K, 2, 0))=0,"",VLOOKUP(AR9, QUICKBOOKS_9130357949969096!$J:$K, 2, 0)),"") | AT9: Order from Coleman Ltd | AU9: 78329.46 | AV9: 1 | AW9: =IF(OR((AU9*AV9)<>0,AP9<>""),AU9*AV9,"") -> 78329.46 | BB9: =IFERROR(IF(LEN(VLOOKUP(W9, QUICKBOOKS_9130357949969096!$AI:$AJ, 2, 0))=0,"",VLOOKUP(W9, QUICKBOOKS_9130357949969096!$AI:$AJ, 2, 0)),"")
C10: Start Date | D10: =start_date -> 45292 | P10: =IF(V10<>"",MAX(P$1:P9)+1,IF(AND(_xlfn.CONCAT(T10:BB10)<>"", OR(LEFT(_xlfn.CONCAT(T10:BB10),5)<>"FALSE",RIGHT(_xlfn.CONCAT(T10:BB10),5)<>"FALSE")),IF(AND(ISNUMBER(P9),P9>0),P9,0),"")) -> 9 | R10: =IF(T10<>"",IF(Q10<>"","Edited","Synced"),IF(P10="","",IF(OR(AP10 = "",AQ10 = "",AU10 = "",AV10 = ""),"Invalid","New"))) -> Synced | T10: 391 | U10: 4 | V10: 45358 | X10: 45388 | Y10: 110 | AD10: Vargas Inc | AE10: =IFERROR(IF(LEN(VLOOKUP(AD10, QUICKBOOKS_9130357949969096!$AM:$AN, 2, 0))=0,"",VLOOKUP(AD10, QUICKBOOKS_9130357949969096!$AM:$AN, 2, 0)),"") -> USD | AF10: =IFERROR(IF(LEN(VLOOKUP(AD10, QUICKBOOKS_9130357949969096!$C:$E, 3, 0))=0,"",VLOOKUP(AD10, QUICKBOOKS_9130357949969096!$C:$E, 3, 0)),"") -> 13 | AG10: =IFERROR(IF(LEN(VLOOKUP(AD10, QUICKBOOKS_9130357949969096!$C:$D, 2, 0))=0,"",VLOOKUP(AD10, QUICKBOOKS_9130357949969096!$C:$D, 2, 0)),"") -> williamsdeanna@example.com | AJ10: FALSE | AK10: FALSE | AO10: 90270.83 | AP10: Services | AQ10: =IFERROR(IF(LEN(VLOOKUP(AP10, QUICKBOOKS_9130357949969096!$L:$M, 2, 0))=0,"",VLOOKUP(AP10, QUICKBOOKS_9130357949969096!$L:$M, 2, 0)),"") -> 1 | AS10: =IFERROR(IF(LEN(VLOOKUP(AR10, QUICKBOOKS_9130357949969096!$J:$K, 2, 0))=0,"",VLOOKUP(AR10, QUICKBOOKS_9130357949969096!$J:$K, 2, 0)),"") | AT10: Order from Vargas Inc | AU10: 90270.834 | AV10: 1 | AW10: =IF(OR((AU10*AV10)<>0,AP10<>""),AU10*AV10,"") -> 90270.834 | BB10: =IFERROR(IF(LEN(VLOOKUP(W10, QUICKBOOKS_9130357949969096!$AI:$AJ, 2, 0))=0,"",VLOOKUP(W10, QUICKBOOKS_9130357949969096!$AI:$AJ, 2, 0)),"")
C11: End Date | D11: =date -> 45382 | P11: =IF(V11<>"",MAX(P$1:P10)+1,IF(AND(_xlfn.CONCAT(T11:BB11)<>"", OR(LEFT(_xlfn.CONCAT(T11:BB11),5)<>"FALSE",RIGHT(_xlfn.CONCAT(T11:BB11),5)<>"FALSE")),IF(AND(ISNUMBER(P10),P10>0),P10,0),"")) -> 10 | R11: =IF(T11<>"",IF(Q11<>"","Edited","Synced"),IF(P11="","",IF(OR(AP11 = "",AQ11 = "",AU11 = "",AV11 = ""),"Invalid","New"))) -> Synced | T11: 426 | U11: 4 | V11: 45382 | X11: 45412 | Y11: 114 | AD11: Pennington-Avery | AE11: =IFERROR(IF(LEN(VLOOKUP(AD11, QUICKBOOKS_9130357949969096!$AM:$AN, 2, 0))=0,"",VLOOKUP(AD11, QUICKBOOKS_9130357949969096!$AM:$AN, 2, 0)),"") -> USD | AF11: =IFERROR(IF(LEN(VLOOKUP(AD11, QUICKBOOKS_9130357949969096!$C:$E, 3, 0))=0,"",VLOOKUP(AD11, QUICKBOOKS_9130357949969096!$C:$E, 3, 0)),"") -> 20 | AG11: =IFERROR(IF(LEN(VLOOKUP(AD11, QUICKBOOKS_9130357949969096!$C:$D, 2, 0))=0,"",VLOOKUP(AD11, QUICKBOOKS_9130357949969096!$C:$D, 2, 0)),"") -> hendersontara@example.com | AJ11: FALSE | AK11: FALSE | AO11: 0 | AP11: Services | AQ11: =IFERROR(IF(LEN(VLOOKUP(AP11, QUICKBOOKS_9130357949969096!$L:$M, 2, 0))=0,"",VLOOKUP(AP11, QUICKBOOKS_9130357949969096!$L:$M, 2, 0)),"") -> 1 | AS11: =IFERROR(IF(LEN(VLOOKUP(AR11, QUICKBOOKS_9130357949969096!$J:$K, 2, 0))=0,"",VLOOKUP(AR11, QUICKBOOKS_9130357949969096!$J:$K, 2, 0)),"") | AT11: Order from Pennington-Avery | AU11: 0 | AV11: 1 | AW11: =IF(OR((AU11*AV11)<>0,AP11<>""),AU11*AV11,"") -> 0 | BB11: =IFERROR(IF(LEN(VLOOKUP(W11, QUICKBOOKS_9130357949969096!$AI:$AJ, 2, 0))=0,"",VLOOKUP(W11, QUICKBOOKS_9130357949969096!$AI:$AJ, 2, 0)),"")
C12: Due Before | P12: =IF(V12<>"",MAX(P$1:P11)+1,IF(AND(_xlfn.CONCAT(T12:BB12)<>"", OR(LEFT(_xlfn.CONCAT(T12:BB12),5)<>"FALSE",RIGHT(_xlfn.CONCAT(T12:BB12),5)<>"FALSE")),IF(AND(ISNUMBER(P11),P11>0),P11,0),"")) -> 11 | R12: =IF(T12<>"",IF(Q12<>"","Edited","Synced"),IF(P12="","",IF(OR(AP12 = "",AQ12 = "",AU12 = "",AV12 = ""),"Invalid","New"))) -> Synced | T12: 394 | U12: 3 | V12: 45379 | X12: 45409 | Y12: 113 | AD12: Bell-Moore | AE12: =IFERROR(IF(LEN(VLOOKUP(AD12, QUICKBOOKS_9130357949969096!$AM:$AN, 2, 0))=0,"",VLOOKUP(AD12, QUICKBOOKS_9130357949969096!$AM:$AN, 2, 0)),"") -> USD | AF12: =IFERROR(IF(LEN(VLOOKUP(AD12, QUICKBOOKS_9130357949969096!$C:$E, 3, 0))=0,"",VLOOKUP(AD12, QUICKBOOKS_9130357949969096!$C:$E, 3, 0)),"") -> 11 | AG12: =IFERROR(IF(LEN(VLOOKUP(AD12, QUICKBOOKS_9130357949969096!$C:$D, 2, 0))=0,"",VLOOKUP(AD12, QUICKBOOKS_9130357949969096!$C:$D, 2, 0)),"") -> williamspatricia@example.com | AJ12: FALSE | AK12: FALSE | AO12: 157973.96 | AP12: Services | AQ12: =IFERROR(IF(LEN(VLOOKUP(AP12, QUICKBOOKS_9130357949969096!$L:$M, 2, 0))=0,"",VLOOKUP(AP12, QUICKBOOKS_9130357949969096!$L:$M, 2, 0)),"") -> 1 | AS12: =IFERROR(IF(LEN(VLOOKUP(AR12, QUICKBOOKS_9130357949969096!$J:$K, 2, 0))=0,"",VLOOKUP(AR12, QUICKBOOKS_9130357949969096!$J:$K, 2, 0)),"") | AT12: Order from Bell-Moore | AU12: 157973.96 | AV12: 1 | AW12: =IF(OR((AU12*AV12)<>0,AP12<>""),AU12*AV12,"") -> 157973.96 | BB12: =IFERROR(IF(LEN(VLOOKUP(W12, QUICKBOOKS_9130357949969096!$AI:$AJ, 2, 0))=0,"",VLOOKUP(W12, QUICKBOOKS_9130357949969096!$AI:$AJ, 2, 0)),"")
C13: Due After | P13: =IF(V13<>"",MAX(P$1:P12)+1,IF(AND(_xlfn.CONCAT(T13:BB13)<>"", OR(LEFT(_xlfn.CONCAT(T13:BB13),5)<>"FALSE",RIGHT(_xlfn.CONCAT(T13:BB13),5)<>"FALSE")),IF(AND(ISNUMBER(P12),P12>0),P12,0),"")) -> 12 | R13: =IF(T13<>"",IF(Q13<>"","Edited","Synced"),IF(P13="","",IF(OR(AP13 = "",AQ13 = "",AU13 = "",AV13 = ""),"Invalid","New"))) -> Synced | T13: 393 | U13: 3 | V13: 45372 | X13: 45402 | Y13: 112 | AD13: Mason, Ryan and Wells | AE13: =IFERROR(IF(LEN(VLOOKUP(AD13, QUICKBOOKS_9130357949969096!$AM:$AN, 2, 0))=0,"",VLOOKUP(AD13, QUICKBOOKS_9130357949969096!$AM:$AN, 2, 0)),"") -> USD | AF13: =IFERROR(IF(LEN(VLOOKUP(AD13, QUICKBOOKS_9130357949969096!$C:$E, 3, 0))=0,"",VLOOKUP(AD13, QUICKBOOKS_9130357949969096!$C:$E, 3, 0)),"") -> 14 | AG13: =IFERROR(IF(LEN(VLOOKUP(AD13, QUICKBOOKS_9130357949969096!$C:$D, 2, 0))=0,"",VLOOKUP(AD13, QUICKBOOKS_9130357949969096!$C:$D, 2, 0)),"") -> wesley60@example.com | AJ13: FALSE | AK13: FALSE | AO13: 135406.25 | AP13: Services | AQ13: =IFERROR(IF(LEN(VLOOKUP(AP13, QUICKBOOKS_9130357949969096!$L:$M, 2, 0))=0,"",VLOOKUP(AP13, QUICKBOOKS_9130357949969096!$L:$M, 2, 0)),"") -> 1 | AS13: =IFERROR(IF(LEN(VLOOKUP(AR13, QUICKBOOKS_9130357949969096!$J:$K, 2, 0))=0,"",VLOOKUP(AR13, QUICKBOOKS_9130357949969096!$J:$K, 2, 0)),"") | AT13: Order from Mason, Ryan and Wells | AU13: 135406.25 | AV13: 1 | AW13: =IF(OR((AU13*AV13)<>0,AP13<>""),AU13*AV13,"") -> 135406.25 | BB13: =IFERROR(IF(LEN(VLOOKUP(W13, QUICKBOOKS_9130357949969096!$AI:$AJ, 2, 0))=0,"",VLOOKUP(W13, QUICKBOOKS_9130357949969096!$AI:$AJ, 2, 0)),"")
C14: Invoice # | P14: =IF(V14<>"",MAX(P$1:P13)+1,IF(AND(_xlfn.CONCAT(T14:BB14)<>"", OR(LEFT(_xlfn.CONCAT(T14:BB14),5)<>"FALSE",RIGHT(_xlfn.CONCAT(T14:BB14),5)<>"FALSE")),IF(AND(ISNUMBER(P13),P13>0),P13,0),"")) -> 13 | R14: =IF(T14<>"",IF(Q14<>"","Edited","Synced"),IF(P14="","",IF(OR(AP14 = "",AQ14 = "",AU14 = "",AV14 = ""),"Invalid","New"))) -> Synced | T14: 392 | U14: 3 | V14: 45365 | X14: 45380 | Y14: 111 | AD14: Waters PLC | AE14: =IFERROR(IF(LEN(VLOOKUP(AD14, QUICKBOOKS_9130357949969096!$AM:$AN, 2, 0))=0,"",VLOOKUP(AD14, QUICKBOOKS_9130357949969096!$AM:$AN, 2, 0)),"") -> USD | AF14: =IFERROR(IF(LEN(VLOOKUP(AD14, QUICKBOOKS_9130357949969096!$C:$E, 3, 0))=0,"",VLOOKUP(AD14, QUICKBOOKS_9130357949969096!$C:$E, 3, 0)),"") -> 2 | AG14: =IFERROR(IF(LEN(VLOOKUP(AD14, QUICKBOOKS_9130357949969096!$C:$D, 2, 0))=0,"",VLOOKUP(AD14, QUICKBOOKS_9130357949969096!$C:$D, 2, 0)),"") -> elizabeth43@example.com | AJ14: FALSE | AK14: FALSE | AO14: 67703.13 | AP14: Services | AQ14: =IFERROR(IF(LEN(VLOOKUP(AP14, QUICKBOOKS_9130357949969096!$L:$M, 2, 0))=0,"",VLOOKUP(AP14, QUICKBOOKS_9130357949969096!$L:$M, 2, 0)),"") -> 1 | AS14: =IFERROR(IF(LEN(VLOOKUP(AR14, QUICKBOOKS_9130357949969096!$J:$K, 2, 0))=0,"",VLOOKUP(AR14, QUICKBOOKS_9130357949969096!$J:$K, 2, 0)),"") | AT14: Order from Waters PLC | AU14: 67703.125 | AV14: 1 | AW14: =IF(OR((AU14*AV14)<>0,AP14<>""),AU14*AV14,"") -> 67703.125 | BB14: =IFERROR(IF(LEN(VLOOKUP(W14, QUICKBOOKS_9130357949969096!$AI:$AJ, 2, 0))=0,"",VLOOKUP(W14, QUICKBOOKS_9130357949969096!$AI:$AJ, 2, 0)),"")
C15: Balance Equals | P15: =IF(V15<>"",MAX(P$1:P14)+1,IF(AND(_xlfn.CONCAT(T15:BB15)<>"", OR(LEFT(_xlfn.CONCAT(T15:BB15),5)<>"FALSE",RIGHT(_xlfn.CONCAT(T15:BB15),5)<>"FALSE")),IF(AND(ISNUMBER(P14),P14>0),P14,0),"")) -> 14 | R15: =IF(T15<>"",IF(Q15<>"","Edited","Synced"),IF(P15="","",IF(OR(AP15 = "",AQ15 = "",AU15 = "",AV15 = ""),"Invalid","New"))) -> Synced | T15: 446 | U15: 3 | V15: 45309 | X15: 45339 | Y15: 103 | AD15: Anderson-Waller | AE15: =IFERROR(IF(LEN(VLOOKUP(AD15, QUICKBOOKS_9130357949969096!$AM:$AN, 2, 0))=0,"",VLOOKUP(AD15, QUICKBOOKS_9130357949969096!$AM:$AN, 2, 0)),"") -> USD | AF15: =IFERROR(IF(LEN(VLOOKUP(AD15, QUICKBOOKS_9130357949969096!$C:$E, 3, 0))=0,"",VLOOKUP(AD15, QUICKBOOKS_9130357949969096!$C:$E, 3, 0)),"") -> 9 | AG15: =IFERROR(IF(LEN(VLOOKUP(AD15, QUICKBOOKS_9130357949969096!$C:$D, 2, 0))=0,"",VLOOKUP(AD15, QUICKBOOKS_9130357949969096!$C:$D, 2, 0)),"") -> travisjuan@example.com | AJ15: FALSE | AK15: FALSE | AO15: 76340.45 | AP15: Services | AQ15: =IFERROR(IF(LEN(VLOOKUP(AP15, QUICKBOOKS_9130357949969096!$L:$M, 2, 0))=0,"",VLOOKUP(AP15, QUICKBOOKS_9130357949969096!$L:$M, 2, 0)),"") -> 1 | AS15: =IFERROR(IF(LEN(VLOOKUP(AR15, QUICKBOOKS_9130357949969096!$J:$K, 2, 0))=0,"",VLOOKUP(AR15, QUICKBOOKS_9130357949969096!$J:$K, 2, 0)),"") | AT15: Order from Anderson-Waller | AU15: 76340.45 | AV15: 1 | AW15: =IF(OR((AU15*AV15)<>0,AP15<>""),AU15*AV15,"") -> 76340.45 | BB15: =IFERROR(IF(LEN(VLOOKUP(W15, QUICKBOOKS_9130357949969096!$AI:$AJ, 2, 0))=0,"",VLOOKUP(W15, QUICKBOOKS_9130357949969096!$AI:$AJ, 2, 0)),"")
C16: Balance Greater Than or Equal To | P16: =IF(V16<>"",MAX(P$1:P15)+1,IF(AND(_xlfn.CONCAT(T16:BB16)<>"", OR(LEFT(_xlfn.CONCAT(T16:BB16),5)<>"FALSE",RIGHT(_xlfn.CONCAT(T16:BB16),5)<>"FALSE")),IF(AND(ISNUMBER(P15),P15>0),P15,0),"")) | R16: =IF(T16<>"",IF(Q16<>"","Edited","Synced"),IF(P16="","",IF(OR(AP16 = "",AQ16 = "",AU16 = "",AV16 = ""),"Invalid","New"))) | AE16: =IFERROR(IF(LEN(VLOOKUP(AD16, QUICKBOOKS_9130357949969096!$AM:$AN, 2, 0))=0,"",VLOOKUP(AD16, QUICKBOOKS_9130357949969096!$AM:$AN, 2, 0)),"") | AF16: =IFERROR(IF(LEN(VLOOKUP(AD16, QUICKBOOKS_9130357949969096!$C:$E, 3, 0))=0,"",VLOOKUP(AD16, QUICKBOOKS_9130357949969096!$C:$E, 3, 0)),"") | AG16: =IFERROR(IF(LEN(VLOOKUP(AD16, QUICKBOOKS_9130357949969096!$C:$D, 2, 0))=0,"",VLOOKUP(AD16, QUICKBOOKS_9130357949969096!$C:$D, 2, 0)),"") | AQ16: =IFERROR(IF(LEN(VLOOKUP(AP16, QUICKBOOKS_9130357949969096!$L:$M, 2, 0))=0,"",VLOOKUP(AP16, QUICKBOOKS_9130357949969096!$L:$M, 2, 0)),"") | AS16: =IFERROR(IF(LEN(VLOOKUP(AR16, QUICKBOOKS_9130357949969096!$J:$K, 2, 0))=0,"",VLOOKUP(AR16, QUICKBOOKS_9130357949969096!$J:$K, 2, 0)),"") | AW16: =IF(OR((AU16*AV16)<>0,AP16<>""),AU16*AV16,"") | BB16: =IFERROR(IF(LEN(VLOOKUP(W16, QUICKBOOKS_9130357949969096!$AI:$AJ, 2, 0))=0,"",VLOOKUP(W16, QUICKBOOKS_9130357949969096!$AI:$AJ, 2, 0)),"")
C17: Balance Less Than or Equal To | P17: =IF(V17<>"",MAX(P$1:P16)+1,IF(AND(_xlfn.CONCAT(T17:BB17)<>"", OR(LEFT(_xlfn.CONCAT(T17:BB17),5)<>"FALSE",RIGHT(_xlfn.CONCAT(T17:BB17),5)<>"FALSE")),IF(AND(ISNUMBER(P16),P16>0),P16,0),"")) | R17: =IF(T17<>"",IF(Q17<>"","Edited","Synced"),IF(P17="","",IF(OR(AP17 = "",AQ17 = "",AU17 = "",AV17 = ""),"Invalid","New"))) | AE17: =IFERROR(IF(LEN(VLOOKUP(AD17, QUICKBOOKS_9130357949969096!$AM:$AN, 2, 0))=0,"",VLOOKUP(AD17, QUICKBOOKS_9130357949969096!$AM:$AN, 2, 0)),"") | AF17: =IFERROR(IF(LEN(VLOOKUP(AD17, QUICKBOOKS_9130357949969096!$C:$E, 3, 0))=0,"",VLOOKUP(AD17, QUICKBOOKS_9130357949969096!$C:$E, 3, 0)),"") | AG17: =IFERROR(IF(LEN(VLOOKUP(AD17, QUICKBOOKS_9130357949969096!$C:$D, 2, 0))=0,"",VLOOKUP(AD17, QUICKBOOKS_9130357949969096!$C:$D, 2, 0)),"") | AQ17: =IFERROR(IF(LEN(VLOOKUP(AP17, QUICKBOOKS_9130357949969096!$L:$M, 2, 0))=0,"",VLOOKUP(AP17, QUICKBOOKS_9130357949969096!$L:$M, 2, 0)),"") | AS17: =IFERROR(IF(LEN(VLOOKUP(AR17, QUICKBOOKS_9130357949969096!$J:$K, 2, 0))=0,"",VLOOKUP(AR17, QUICKBOOKS_9130357949969096!$J:$K, 2, 0)),"") | AW17: =IF(OR((AU17*AV17)<>0,AP17<>""),AU17*AV17,"") | BB17: =IFERROR(IF(LEN(VLOOKUP(W17, QUICKBOOKS_9130357949969096!$AI:$AJ, 2, 0))=0,"",VLOOKUP(W17, QUICKBOOKS_9130357949969096!$AI:$AJ, 2, 0)),"")
C18: Last Updated Start Date | P18: =IF(V18<>"",MAX(P$1:P17)+1,IF(AND(_xlfn.CONCAT(T18:BB18)<>"", OR(LEFT(_xlfn.CONCAT(T18:BB18),5)<>"FALSE",RIGHT(_xlfn.CONCAT(T18:BB18),5)<>"FALSE")),IF(AND(ISNUMBER(P17),P17>0),P17,0),"")) | R18: =IF(T18<>"",IF(Q18<>"","Edited","Synced"),IF(P18="","",IF(OR(AP18 = "",AQ18 = "",AU18 = "",AV18 = ""),"Invalid","New"))) | AE18: =IFERROR(IF(LEN(VLOOKUP(AD18, QUICKBOOKS_9130357949969096!$AM:$AN, 2, 0))=0,"",VLOOKUP(AD18, QUICKBOOKS_9130357949969096!$AM:$AN, 2, 0)),"") | AF18: =IFERROR(IF(LEN(VLOOKUP(AD18, QUICKBOOKS_9130357949969096!$C:$E, 3, 0))=0,"",VLOOKUP(AD18, QUICKBOOKS_9130357949969096!$C:$E, 3, 0)),"") | AG18: =IFERROR(IF(LEN(VLOOKUP(AD18, QUICKBOOKS_9130357949969096!$C:$D, 2, 0))=0,"",VLOOKUP(AD18, QUICKBOOKS_9130357949969096!$C:$D, 2, 0)),"") | AQ18: =IFERROR(IF(LEN(VLOOKUP(AP18, QUICKBOOKS_9130357949969096!$L:$M, 2, 0))=0,"",VLOOKUP(AP18, QUICKBOOKS_9130357949969096!$L:$M, 2, 0)),"") | AS18: =IFERROR(IF(LEN(VLOOKUP(AR18, QUICKBOOKS_9130357949969096!$J:$K, 2, 0))=0,"",VLOOKUP(AR18, QUICKBOOKS_9130357949969096!$J:$K, 2, 0)),"") | AW18: =IF(OR((AU18*AV18)<>0,AP18<>""),AU18*AV18,"") | BB18: =IFERROR(IF(LEN(VLOOKUP(W18, QUICKBOOKS_9130357949969096!$AI:$AJ, 2, 0))=0,"",VLOOKUP(W18, QUICKBOOKS_9130357949969096!$AI:$AJ, 2, 0)),"")
P19: =IF(V19<>"",MAX(P$1:P18)+1,IF(AND(_xlfn.CONCAT(T19:BB19)<>"", OR(LEFT(_xlfn.CONCAT(T19:BB19),5)<>"FALSE",RIGHT(_xlfn.CONCAT(T19:BB19),5)<>"FALSE")),IF(AND(ISNUMBER(P18),P18>0),P18,0),"")) | R19: =IF(T19<>"",IF(Q19<>"","Edited","Synced"),IF(P19="","",IF(OR(AP19 = "",AQ19 = "",AU19 = "",AV19 = ""),"Invalid","New"))) | AE19: =IFERROR(IF(LEN(VLOOKUP(AD19, QUICKBOOKS_9130357949969096!$AM:$AN, 2, 0))=0,"",VLOOKUP(AD19, QUICKBOOKS_9130357949969096!$AM:$AN, 2, 0)),"") | AF19: =IFERROR(IF(LEN(VLOOKUP(AD19, QUICKBOOKS_9130357949969096!$C:$E, 3, 0))=0,"",VLOOKUP(AD19, QUICKBOOKS_9130357949969096!$C:$E, 3, 0)),"") | AG19: =IFERROR(IF(LEN(VLOOKUP(AD19, QUICKBOOKS_9130357949969096!$C:$D, 2, 0))=0,"",VLOOKUP(AD19, QUICKBOOKS_9130357949969096!$C:$D, 2, 0)),"") | AQ19: =IFERROR(IF(LEN(VLOOKUP(AP19, QUICKBOOKS_9130357949969096!$L:$M, 2, 0))=0,"",VLOOKUP(AP19, QUICKBOOKS_9130357949969096!$L:$M, 2, 0)),"") | AS19: =IFERROR(IF(LEN(VLOOKUP(AR19, QUICKBOOKS_9130357949969096!$J:$K, 2, 0))=0,"",VLOOKUP(AR19, QUICKBOOKS_9130357949969096!$J:$K, 2, 0)),"") | AW19: =IF(OR((AU19*AV19)<>0,AP19<>""),AU19*AV19,"") | BB19: =IFERROR(IF(LEN(VLOOKUP(W19, QUICKBOOKS_9130357949969096!$AI:$AJ, 2, 0))=0,"",VLOOKUP(W19, QUICKBOOKS_9130357949969096!$AI:$AJ, 2, 0)),"")
C20: PLEASE DO NOT ADD ROWS OR COLUMNS TO THIS SHEET | P20: =IF(V20<>"",MAX(P$1:P19)+1,IF(AND(_xlfn.CONCAT(T20:BB20)<>"", OR(LEFT(_xlfn.CONCAT(T20:BB20),5)<>"FALSE",RIGHT(_xlfn.CONCAT(T20:BB20),5)<>"FALSE")),IF(AND(ISNUMBER(P19),P19>0),P19,0),"")) | R20: =IF(T20<>"",IF(Q20<>"","Edited","Synced"),IF(P20="","",IF(OR(AP20 = "",AQ20 = "",AU20 = "",AV20 = ""),"Invalid","New"))) | AE20: =IFERROR(IF(LEN(VLOOKUP(AD20, QUICKBOOKS_9130357949969096!$AM:$AN, 2, 0))=0,"",VLOOKUP(AD20, QUICKBOOKS_9130357949969096!$AM:$AN, 2, 0)),"") | AF20: =IFERROR(IF(LEN(VLOOKUP(AD20, QUICKBOOKS_9130357949969096!$C:$E, 3, 0))=0,"",VLOOKUP(AD20, QUICKBOOKS_9130357949969096!$C:$E, 3, 0)),"") | AG20: =IFERROR(IF(LEN(VLOOKUP(AD20, QUICKBOOKS_9130357949969096!$C:$D, 2, 0))=0,"",VLOOKUP(AD20, QUICKBOOKS_9130357949969096!$C:$D, 2, 0)),"") | AQ20: =IFERROR(IF(LEN(VLOOKUP(AP20, QUICKBOOKS_9130357949969096!$L:$M, 2, 0))=0,"",VLOOKUP(AP20, QUICKBOOKS_9130357949969096!$L:$M, 2, 0)),"") | AS20: =IFERROR(IF(LEN(VLOOKUP(AR20, QUICKBOOKS_9130357949969096!$J:$K, 2, 0))=0,"",VLOOKUP(AR20, QUICKBOOKS_9130357949969096!$J:$K, 2, 0)),"") | AW20: =IF(OR((AU20*AV20)<>0,AP20<>""),AU20*AV20,"") | BB20: =IFERROR(IF(LEN(VLOOKUP(W20, QUICKBOOKS_9130357949969096!$AI:$AJ, 2, 0))=0,"",VLOOKUP(W20, QUICKBOOKS_9130357949969096!$AI:$AJ, 2, 0)),"")
C21: Get help with the Amalgam platform here. | P21: =IF(V21<>"",MAX(P$1:P20)+1,IF(AND(_xlfn.CONCAT(T21:BB21)<>"", OR(LEFT(_xlfn.CONCAT(T21:BB21),5)<>"FALSE",RIGHT(_xlfn.CONCAT(T21:BB21),5)<>"FALSE")),IF(AND(ISNUMBER(P20),P20>0),P20,0),"")) | R21: =IF(T21<>"",IF(Q21<>"","Edited","Synced"),IF(P21="","",IF(OR(AP21 = "",AQ21 = "",AU21 = "",AV21 = ""),"Invalid","New"))) | AE21: =IFERROR(IF(LEN(VLOOKUP(AD21, QUICKBOOKS_9130357949969096!$AM:$AN, 2, 0))=0,"",VLOOKUP(AD21, QUICKBOOKS_9130357949969096!$AM:$AN, 2, 0)),"") | AF21: =IFERROR(IF(LEN(VLOOKUP(AD21, QUICKBOOKS_9130357949969096!$C:$E, 3, 0))=0,"",VLOOKUP(AD21, QUICKBOOKS_9130357949969096!$C:$E, 3, 0)),"") | AG21: =IFERROR(IF(LEN(VLOOKUP(AD21, QUICKBOOKS_9130357949969096!$C:$D, 2, 0))=0,"",VLOOKUP(AD21, QUICKBOOKS_9130357949969096!$C:$D, 2, 0)),"") | AQ21: =IFERROR(IF(LEN(VLOOKUP(AP21, QUICKBOOKS_9130357949969096!$L:$M, 2, 0))=0,"",VLOOKUP(AP21, QUICKBOOKS_9130357949969096!$L:$M, 2, 0)),"") | AS21: =IFERROR(IF(LEN(VLOOKUP(AR21, QUICKBOOKS_9130357949969096!$J:$K, 2, 0))=0,"",VLOOKUP(AR21, QUICKBOOKS_9130357949969096!$J:$K, 2, 0)),"") | AW21: =IF(OR((AU21*AV21)<>0,AP21<>""),AU21*AV21,"") | BB21: =IFERROR(IF(LEN(VLOOKUP(W21, QUICKBOOKS_9130357949969096!$AI:$AJ, 2, 0))=0,"",VLOOKUP(W21, QUICKBOOKS_9130357949969096!$AI:$AJ, 2, 0)),"")
P22: =IF(V22<>"",MAX(P$1:P21)+1,IF(AND(_xlfn.CONCAT(T22:BB22)<>"", OR(LEFT(_xlfn.CONCAT(T22:BB22),5)<>"FALSE",RIGHT(_xlfn.CONCAT(T22:BB22),5)<>"FALSE")),IF(AND(ISNUMBER(P21),P21>0),P21,0),"")) | R22: =IF(T22<>"",IF(Q22<>"","Edited","Synced"),IF(P22="","",IF(OR(AP22 = "",AQ22 = "",AU22 = "",AV22 = ""),"Invalid","New"))) | AE22: =IFERROR(IF(LEN(VLOOKUP(AD22, QUICKBOOKS_9130357949969096!$AM:$AN, 2, 0))=0,"",VLOOKUP(AD22, QUICKBOOKS_9130357949969096!$AM:$AN, 2, 0)),"") | AF22: =IFERROR(IF(LEN(VLOOKUP(AD22, QUICKBOOKS_9130357949969096!$C:$E, 3, 0))=0,"",VLOOKUP(AD22, QUICKBOOKS_9130357949969096!$C:$E, 3, 0)),"") | AG22: =IFERROR(IF(LEN(VLOOKUP(AD22, QUICKBOOKS_9130357949969096!$C:$D, 2, 0))=0,"",VLOOKUP(AD22, QUICKBOOKS_9130357949969096!$C:$D, 2, 0)),"") | AQ22: =IFERROR(IF(LEN(VLOOKUP(AP22, QUICKBOOKS_9130357949969096!$L:$M, 2, 0))=0,"",VLOOKUP(AP22, QUICKBOOKS_9130357949969096!$L:$M, 2, 0)),"") | AS22: =IFERROR(IF(LEN(VLOOKUP(AR22, QUICKBOOKS_9130357949969096!$J:$K, 2, 0))=0,"",VLOOKUP(AR22, QUICKBOOKS_9130357949969096!$J:$K, 2, 0)),"") | AW22: =IF(OR((AU22*AV22)<>0,AP22<>""),AU22*AV22,"") | BB22: =IFERROR(IF(LEN(VLOOKUP(W22, QUICKBOOKS_9130357949969096!$AI:$AJ, 2, 0))=0,"",VLOOKUP(W22, QUICKBOOKS_9130357949969096!$AI:$AJ, 2, 0)),"")
P23: =IF(V23<>"",MAX(P$1:P22)+1,IF(AND(_xlfn.CONCAT(T23:BB23)<>"", OR(LEFT(_xlfn.CONCAT(T23:BB23),5)<>"FALSE",RIGHT(_xlfn.CONCAT(T23:BB23),5)<>"FALSE")),IF(AND(ISNUMBER(P22),P22>0),P22,0),"")) | R23: =IF(T23<>"",IF(Q23<>"","Edited","Synced"),IF(P23="","",IF(OR(AP23 = "",AQ23 = "",AU23 = "",AV23 = ""),"Invalid","New"))) | AE23: =IFERROR(IF(LEN(VLOOKUP(AD23, QUICKBOOKS_9130357949969096!$AM:$AN, 2, 0))=0,"",VLOOKUP(AD23, QUICKBOOKS_9130357949969096!$AM:$AN, 2, 0)),"") | AF23: =IFERROR(IF(LEN(VLOOKUP(AD23, QUICKBOOKS_9130357949969096!$C:$E, 3, 0))=0,"",VLOOKUP(AD23, QUICKBOOKS_9130357949969096!$C:$E, 3, 0)),"") | AG23: =IFERROR(IF(LEN(VLOOKUP(AD23, QUICKBOOKS_9130357949969096!$C:$D, 2, 0))=0,"",VLOOKUP(AD23, QUICKBOOKS_9130357949969096!$C:$D, 2, 0)),"") | AQ23: =IFERROR(IF(LEN(VLOOKUP(AP23, QUICKBOOKS_9130357949969096!$L:$M, 2, 0))=0,"",VLOOKUP(AP23, QUICKBOOKS_9130357949969096!$L:$M, 2, 0)),"") | AS23: =IFERROR(IF(LEN(VLOOKUP(AR23, QUICKBOOKS_9130357949969096!$J:$K, 2, 0))=0,"",VLOOKUP(AR23, QUICKBOOKS_9130357949969096!$J:$K, 2, 0)),"") | AW23: =IF(OR((AU23*AV23)<>0,AP23<>""),AU23*AV23,"") | BB23: =IFERROR(IF(LEN(VLOOKUP(W23, QUICKBOOKS_9130357949969096!$AI:$AJ, 2, 0))=0,"",VLOOKUP(W23, QUICKBOOKS_9130357949969096!$AI:$AJ, 2, 0)),"")
P24: =IF(V24<>"",MAX(P$1:P23)+1,IF(AND(_xlfn.CONCAT(T24:BB24)<>"", OR(LEFT(_xlfn.CONCAT(T24:BB24),5)<>"FALSE",RIGHT(_xlfn.CONCAT(T24:BB24),5)<>"FALSE")),IF(AND(ISNUMBER(P23),P23>0),P23,0),"")) | R24: =IF(T24<>"",IF(Q24<>"","Edited","Synced"),IF(P24="","",IF(OR(AP24 = "",AQ24 = "",AU24 = "",AV24 = ""),"Invalid","New"))) | AE24: =IFERROR(IF(LEN(VLOOKUP(AD24, QUICKBOOKS_9130357949969096!$AM:$AN, 2, 0))=0,"",VLOOKUP(AD24, QUICKBOOKS_9130357949969096!$AM:$AN, 2, 0)),"") | AF24: =IFERROR(IF(LEN(VLOOKUP(AD24, QUICKBOOKS_9130357949969096!$C:$E, 3, 0))=0,"",VLOOKUP(AD24, QUICKBOOKS_9130357949969096!$C:$E, 3, 0)),"") | AG24: =IFERROR(IF(LEN(VLOOKUP(AD24, QUICKBOOKS_9130357949969096!$C:$D, 2, 0))=0,"",VLOOKUP(AD24, QUICKBOOKS_9130357949969096!$C:$D, 2, 0)),"") | AQ24: =IFERROR(IF(LEN(VLOOKUP(AP24, QUICKBOOKS_9130357949969096!$L:$M, 2, 0))=0,"",VLOOKUP(AP24, QUICKBOOKS_9130357949969096!$L:$M, 2, 0)),"") | AS24: =IFERROR(IF(LEN(VLOOKUP(AR24, QUICKBOOKS_9130357949969096!$J:$K, 2, 0))=0,"",VLOOKUP(AR24, QUICKBOOKS_9130357949969096!$J:$K, 2, 0)),"") | AW24: =IF(OR((AU24*AV24)<>0,AP24<>""),AU24*AV24,"") | BB24: =IFERROR(IF(LEN(VLOOKUP(W24, QUICKBOOKS_9130357949969096!$AI:$AJ, 2, 0))=0,"",VLOOKUP(W24, QUICKBOOKS_9130357949969096!$AI:$AJ, 2, 0)),"")
P25: =IF(V25<>"",MAX(P$1:P24)+1,IF(AND(_xlfn.CONCAT(T25:BB25)<>"", OR(LEFT(_xlfn.CONCAT(T25:BB25),5)<>"FALSE",RIGHT(_xlfn.CONCAT(T25:BB25),5)<>"FALSE")),IF(AND(ISNUMBER(P24),P24>0),P24,0),"")) | R25: =IF(T25<>"",IF(Q25<>"","Edited","Synced"),IF(P25="","",IF(OR(AP25 = "",AQ25 = "",AU25 = "",AV25 = ""),"Invalid","New"))) | AE25: =IFERROR(IF(LEN(VLOOKUP(AD25, QUICKBOOKS_9130357949969096!$AM:$AN, 2, 0))=0,"",VLOOKUP(AD25, QUICKBOOKS_9130357949969096!$AM:$AN, 2, 0)),"") | AF25: =IFERROR(IF(LEN(VLOOKUP(AD25, QUICKBOOKS_9130357949969096!$C:$E, 3, 0))=0,"",VLOOKUP(AD25, QUICKBOOKS_9130357949969096!$C:$E, 3, 0)),"") | AG25: =IFERROR(IF(LEN(VLOOKUP(AD25, QUICKBOOKS_9130357949969096!$C:$D, 2, 0))=0,"",VLOOKUP(AD25, QUICKBOOKS_9130357949969096!$C:$D, 2, 0)),"") | AQ25: =IFERROR(IF(LEN(VLOOKUP(AP25, QUICKBOOKS_9130357949969096!$L:$M, 2, 0))=0,"",VLOOKUP(AP25, QUICKBOOKS_9130357949969096!$L:$M, 2, 0)),"") | AS25: =IFERROR(IF(LEN(VLOOKUP(AR25, QUICKBOOKS_9130357949969096!$J:$K, 2, 0))=0,"",VLOOKUP(AR25, QUICKBOOKS_9130357949969096!$J:$K, 2, 0)),"") | AW25: =IF(OR((AU25*AV25)<>0,AP25<>""),AU25*AV25,"") | BB25: =IFERROR(IF(LEN(VLOOKUP(W25, QUICKBOOKS_9130357949969096!$AI:$AJ, 2, 0))=0,"",VLOOKUP(W25, QUICKBOOKS_9130357949969096!$AI:$AJ, 2, 0)),"")
P26: =IF(V26<>"",MAX(P$1:P25)+1,IF(AND(_xlfn.CONCAT(T26:BB26)<>"", OR(LEFT(_xlfn.CONCAT(T26:BB26),5)<>"FALSE",RIGHT(_xlfn.CONCAT(T26:BB26),5)<>"FALSE")),IF(AND(ISNUMBER(P25),P25>0),P25,0),"")) | R26: =IF(T26<>"",IF(Q26<>"","Edited","Synced"),IF(P26="","",IF(OR(AP26 = "",AQ26 = "",AU26 = "",AV26 = ""),"Invalid","New"))) | AE26: =IFERROR(IF(LEN(VLOOKUP(AD26, QUICKBOOKS_9130357949969096!$AM:$AN, 2, 0))=0,"",VLOOKUP(AD26, QUICKBOOKS_9130357949969096!$AM:$AN, 2, 0)),"") | AF26: =IFERROR(IF(LEN(VLOOKUP(AD26, QUICKBOOKS_9130357949969096!$C:$E, 3, 0))=0,"",VLOOKUP(AD26, QUICKBOOKS_9130357949969096!$C:$E, 3, 0)),"") | AG26: =IFERROR(IF(LEN(VLOOKUP(AD26, QUICKBOOKS_9130357949969096!$C:$D, 2, 0))=0,"",VLOOKUP(AD26, QUICKBOOKS_9130357949969096!$C:$D, 2, 0)),"") | AQ26: =IFERROR(IF(LEN(VLOOKUP(AP26, QUICKBOOKS_9130357949969096!$L:$M, 2, 0))=0,"",VLOOKUP(AP26, QUICKBOOKS_9130357949969096!$L:$M, 2, 0)),"") | AS26: =IFERROR(IF(LEN(VLOOKUP(AR26, QUICKBOOKS_9130357949969096!$J:$K, 2, 0))=0,"",VLOOKUP(AR26, QUICKBOOKS_9130357949969096!$J:$K, 2, 0)),"") | AW26: =IF(OR((AU26*AV26)<>0,AP26<>""),AU26*AV26,"") | BB26: =IFERROR(IF(LEN(VLOOKUP(W26, QUICKBOOKS_9130357949969096!$AI:$AJ, 2, 0))=0,"",VLOOKUP(W26, QUICKBOOKS_9130357949969096!$AI:$AJ, 2, 0)),"")
P27: =IF(V27<>"",MAX(P$1:P26)+1,IF(AND(_xlfn.CONCAT(T27:BB27)<>"", OR(LEFT(_xlfn.CONCAT(T27:BB27),5)<>"FALSE",RIGHT(_xlfn.CONCAT(T27:BB27),5)<>"FALSE")),IF(AND(ISNUMBER(P26),P26>0),P26,0),"")) | R27: =IF(T27<>"",IF(Q27<>"","Edited","Synced"),IF(P27="","",IF(OR(AP27 = "",AQ27 = "",AU27 = "",AV27 = ""),"Invalid","New"))) | AE27: =IFERROR(IF(LEN(VLOOKUP(AD27, QUICKBOOKS_9130357949969096!$AM:$AN, 2, 0))=0,"",VLOOKUP(AD27, QUICKBOOKS_9130357949969096!$AM:$AN, 2, 0)),"") | AF27: =IFERROR(IF(LEN(VLOOKUP(AD27, QUICKBOOKS_9130357949969096!$C:$E, 3, 0))=0,"",VLOOKUP(AD27, QUICKBOOKS_9130357949969096!$C:$E, 3, 0)),"") | AG27: =IFERROR(IF(LEN(VLOOKUP(AD27, QUICKBOOKS_9130357949969096!$C:$D, 2, 0))=0,"",VLOOKUP(AD27, QUICKBOOKS_9130357949969096!$C:$D, 2, 0)),"") | AQ27: =IFERROR(IF(LEN(VLOOKUP(AP27, QUICKBOOKS_9130357949969096!$L:$M, 2, 0))=0,"",VLOOKUP(AP27, QUICKBOOKS_9130357949969096!$L:$M, 2, 0)),"") | AS27: =IFERROR(IF(LEN(VLOOKUP(AR27, QUICKBOOKS_9130357949969096!$J:$K, 2, 0))=0,"",VLOOKUP(AR27, QUICKBOOKS_9130357949969096!$J:$K, 2, 0)),"") | AW27: =IF(OR((AU27*AV27)<>0,AP27<>""),AU27*AV27,"") | BB27: =IFERROR(IF(LEN(VLOOKUP(W27, QUICKBOOKS_9130357949969096!$AI:$AJ, 2, 0))=0,"",VLOOKUP(W27, QUICKBOOKS_9130357949969096!$AI:$AJ, 2, 0)),"")
P28: =IF(V28<>"",MAX(P$1:P27)+1,IF(AND(_xlfn.CONCAT(T28:BB28)<>"", OR(LEFT(_xlfn.CONCAT(T28:BB28),5)<>"FALSE",RIGHT(_xlfn.CONCAT(T28:BB28),5)<>"FALSE")),IF(AND(ISNUMBER(P27),P27>0),P27,0),"")) | R28: =IF(T28<>"",IF(Q28<>"","Edited","Synced"),IF(P28="","",IF(OR(AP28 = "",AQ28 = "",AU28 = "",AV28 = ""),"Invalid","New"))) | AE28: =IFERROR(IF(LEN(VLOOKUP(AD28, QUICKBOOKS_9130357949969096!$AM:$AN, 2, 0))=0,"",VLOOKUP(AD28, QUICKBOOKS_9130357949969096!$AM:$AN, 2, 0)),"") | AF28: =IFERROR(IF(LEN(VLOOKUP(AD28, QUICKBOOKS_9130357949969096!$C:$E, 3, 0))=0,"",VLOOKUP(AD28, QUICKBOOKS_9130357949969096!$C:$E, 3, 0)),"") | AG28: =IFERROR(IF(LEN(VLOOKUP(AD28, QUICKBOOKS_9130357949969096!$C:$D, 2, 0))=0,"",VLOOKUP(AD28, QUICKBOOKS_9130357949969096!$C:$D, 2, 0)),"") | AQ28: =IFERROR(IF(LEN(VLOOKUP(AP28, QUICKBOOKS_9130357949969096!$L:$M, 2, 0))=0,"",VLOOKUP(AP28, QUICKBOOKS_9130357949969096!$L:$M, 2, 0)),"") | AS28: =IFERROR(IF(LEN(VLOOKUP(AR28, QUICKBOOKS_9130357949969096!$J:$K, 2, 0))=0,"",VLOOKUP(AR28, QUICKBOOKS_9130357949969096!$J:$K, 2, 0)),"") | AW28: =IF(OR((AU28*AV28)<>0,AP28<>""),AU28*AV28,"") | BB28: =IFERROR(IF(LEN(VLOOKUP(W28, QUICKBOOKS_9130357949969096!$AI:$AJ, 2, 0))=0,"",VLOOKUP(W28, QUICKBOOKS_9130357949969096!$AI:$AJ, 2, 0)),"")
P29: =IF(V29<>"",MAX(P$1:P28)+1,IF(AND(_xlfn.CONCAT(T29:BB29)<>"", OR(LEFT(_xlfn.CONCAT(T29:BB29),5)<>"FALSE",RIGHT(_xlfn.CONCAT(T29:BB29),5)<>"FALSE")),IF(AND(ISNUMBER(P28),P28>0),P28,0),"")) | R29: =IF(T29<>"",IF(Q29<>"","Edited","Synced"),IF(P29="","",IF(OR(AP29 = "",AQ29 = "",AU29 = "",AV29 = ""),"Invalid","New"))) | AE29: =IFERROR(IF(LEN(VLOOKUP(AD29, QUICKBOOKS_9130357949969096!$AM:$AN, 2, 0))=0,"",VLOOKUP(AD29, QUICKBOOKS_9130357949969096!$AM:$AN, 2, 0)),"") | AF29: =IFERROR(IF(LEN(VLOOKUP(AD29, QUICKBOOKS_9130357949969096!$C:$E, 3, 0))=0,"",VLOOKUP(AD29, QUICKBOOKS_9130357949969096!$C:$E, 3, 0)),"") | AG29: =IFERROR(IF(LEN(VLOOKUP(AD29, QUICKBOOKS_9130357949969096!$C:$D, 2, 0))=0,"",VLOOKUP(AD29, QUICKBOOKS_9130357949969096!$C:$D, 2, 0)),"") | AQ29: =IFERROR(IF(LEN(VLOOKUP(AP29, QUICKBOOKS_9130357949969096!$L:$M, 2, 0))=0,"",VLOOKUP(AP29, QUICKBOOKS_9130357949969096!$L:$M, 2, 0)),"") | AS29: =IFERROR(IF(LEN(VLOOKUP(AR29, QUICKBOOKS_9130357949969096!$J:$K, 2, 0))=0,"",VLOOKUP(AR29, QUICKBOOKS_9130357949969096!$J:$K, 2, 0)),"") | AW29: =IF(OR((AU29*AV29)<>0,AP29<>""),AU29*AV29,"") | BB29: =IFERROR(IF(LEN(VLOOKUP(W29, QUICKBOOKS_9130357949969096!$AI:$AJ, 2, 0))=0,"",VLOOKUP(W29, QUICKBOOKS_9130357949969096!$AI:$AJ, 2, 0)),"")
P30: =IF(V30<>"",MAX(P$1:P29)+1,IF(AND(_xlfn.CONCAT(T30:BB30)<>"", OR(LEFT(_xlfn.CONCAT(T30:BB30),5)<>"FALSE",RIGHT(_xlfn.CONCAT(T30:BB30),5)<>"FALSE")),IF(AND(ISNUMBER(P29),P29>0),P29,0),"")) | R30: =IF(T30<>"",IF(Q30<>"","Edited","Synced"),IF(P30="","",IF(OR(AP30 = "",AQ30 = "",AU30 = "",AV30 = ""),"Invalid","New"))) | AE30: =IFERROR(IF(LEN(VLOOKUP(AD30, QUICKBOOKS_9130357949969096!$AM:$AN, 2, 0))=0,"",VLOOKUP(AD30, QUICKBOOKS_9130357949969096!$AM:$AN, 2, 0)),"") | AF30: =IFERROR(IF(LEN(VLOOKUP(AD30, QUICKBOOKS_9130357949969096!$C:$E, 3, 0))=0,"",VLOOKUP(AD30, QUICKBOOKS_9130357949969096!$C:$E, 3, 0)),"") | AG30: =IFERROR(IF(LEN(VLOOKUP(AD30, QUICKBOOKS_9130357949969096!$C:$D, 2, 0))=0,"",VLOOKUP(AD30, QUICKBOOKS_9130357949969096!$C:$D, 2, 0)),"") | AQ30: =IFERROR(IF(LEN(VLOOKUP(AP30, QUICKBOOKS_9130357949969096!$L:$M, 2, 0))=0,"",VLOOKUP(AP30, QUICKBOOKS_9130357949969096!$L:$M, 2, 0)),"") | AS30: =IFERROR(IF(LEN(VLOOKUP(AR30, QUICKBOOKS_9130357949969096!$J:$K, 2, 0))=0,"",VLOOKUP(AR30, QUICKBOOKS_9130357949969096!$J:$K, 2, 0)),"") | AW30: =IF(OR((AU30*AV30)<>0,AP30<>""),AU30*AV30,"") | BB30: =IFERROR(IF(LEN(VLOOKUP(W30, QUICKBOOKS_9130357949969096!$AI:$AJ, 2, 0))=0,"",VLOOKUP(W30, QUICKBOOKS_9130357949969096!$AI:$AJ, 2, 0)),"")
P31: =IF(V31<>"",MAX(P$1:P30)+1,IF(AND(_xlfn.CONCAT(T31:BB31)<>"", OR(LEFT(_xlfn.CONCAT(T31:BB31),5)<>"FALSE",RIGHT(_xlfn.CONCAT(T31:BB31),5)<>"FALSE")),IF(AND(ISNUMBER(P30),P30>0),P30,0),"")) | R31: =IF(T31<>"",IF(Q31<>"","Edited","Synced"),IF(P31="","",IF(OR(AP31 = "",AQ31 = "",AU31 = "",AV31 = ""),"Invalid","New"))) | AE31: =IFERROR(IF(LEN(VLOOKUP(AD31, QUICKBOOKS_9130357949969096!$AM:$AN, 2, 0))=0,"",VLOOKUP(AD31, QUICKBOOKS_9130357949969096!$AM:$AN, 2, 0)),"") | AF31: =IFERROR(IF(LEN(VLOOKUP(AD31, QUICKBOOKS_9130357949969096!$C:$E, 3, 0))=0,"",VLOOKUP(AD31, QUICKBOOKS_9130357949969096!$C:$E, 3, 0)),"") | AG31: =IFERROR(IF(LEN(VLOOKUP(AD31, QUICKBOOKS_9130357949969096!$C:$D, 2, 0))=0,"",VLOOKUP(AD31, QUICKBOOKS_9130357949969096!$C:$D, 2, 0)),"") | AQ31: =IFERROR(IF(LEN(VLOOKUP(AP31, QUICKBOOKS_9130357949969096!$L:$M, 2, 0))=0,"",VLOOKUP(AP31, QUICKBOOKS_9130357949969096!$L:$M, 2, 0)),"") | AS31: =IFERROR(IF(LEN(VLOOKUP(AR31, QUICKBOOKS_9130357949969096!$J:$K, 2, 0))=0,"",VLOOKUP(AR31, QUICKBOOKS_9130357949969096!$J:$K, 2, 0)),"") | AW31: =IF(OR((AU31*AV31)<>0,AP31<>""),AU31*AV31,"") | BB31: =IFERROR(IF(LEN(VLOOKUP(W31, QUICKBOOKS_9130357949969096!$AI:$AJ, 2, 0))=0,"",VLOOKUP(W31, QUICKBOOKS_9130357949969096!$AI:$AJ, 2, 0)),"")
P32: =IF(V32<>"",MAX(P$1:P31)+1,IF(AND(_xlfn.CONCAT(T32:BB32)<>"", OR(LEFT(_xlfn.CONCAT(T32:BB32),5)<>"FALSE",RIGHT(_xlfn.CONCAT(T32:BB32),5)<>"FALSE")),IF(AND(ISNUMBER(P31),P31>0),P31,0),"")) | R32: =IF(T32<>"",IF(Q32<>"","Edited","Synced"),IF(P32="","",IF(OR(AP32 = "",AQ32 = "",AU32 = "",AV32 = ""),"Invalid","New"))) | AE32: =IFERROR(IF(LEN(VLOOKUP(AD32, QUICKBOOKS_9130357949969096!$AM:$AN, 2, 0))=0,"",VLOOKUP(AD32, QUICKBOOKS_9130357949969096!$AM:$AN, 2, 0)),"") | AF32: =IFERROR(IF(LEN(VLOOKUP(AD32, QUICKBOOKS_9130357949969096!$C:$E, 3, 0))=0,"",VLOOKUP(AD32, QUICKBOOKS_9130357949969096!$C:$E, 3, 0)),"") | AG32: =IFERROR(IF(LEN(VLOOKUP(AD32, QUICKBOOKS_9130357949969096!$C:$D, 2, 0))=0,"",VLOOKUP(AD32, QUICKBOOKS_9130357949969096!$C:$D, 2, 0)),"") | AQ32: =IFERROR(IF(LEN(VLOOKUP(AP32, QUICKBOOKS_9130357949969096!$L:$M, 2, 0))=0,"",VLOOKUP(AP32, QUICKBOOKS_9130357949969096!$L:$M, 2, 0)),"") | AS32: =IFERROR(IF(LEN(VLOOKUP(AR32, QUICKBOOKS_9130357949969096!$J:$K, 2, 0))=0,"",VLOOKUP(AR32, QUICKBOOKS_9130357949969096!$J:$K, 2, 0)),"") | AW32: =IF(OR((AU32*AV32)<>0,AP32<>""),AU32*AV32,"") | BB32: =IFERROR(IF(LEN(VLOOKUP(W32, QUICKBOOKS_9130357949969096!$AI:$AJ, 2, 0))=0,"",VLOOKUP(W32, QUICKBOOKS_9130357949969096!$AI:$AJ, 2, 0)),"")
P33: =IF(V33<>"",MAX(P$1:P32)+1,IF(AND(_xlfn.CONCAT(T33:BB33)<>"", OR(LEFT(_xlfn.CONCAT(T33:BB33),5)<>"FALSE",RIGHT(_xlfn.CONCAT(T33:BB33),5)<>"FALSE")),IF(AND(ISNUMBER(P32),P32>0),P32,0),"")) | R33: =IF(T33<>"",IF(Q33<>"","Edited","Synced"),IF(P33="","",IF(OR(AP33 = "",AQ33 = "",AU33 = "",AV33 = ""),"Invalid","New"))) | AE33: =IFERROR(IF(LEN(VLOOKUP(AD33, QUICKBOOKS_9130357949969096!$AM:$AN, 2, 0))=0,"",VLOOKUP(AD33, QUICKBOOKS_9130357949969096!$AM:$AN, 2, 0)),"") | AF33: =IFERROR(IF(LEN(VLOOKUP(AD33, QUICKBOOKS_9130357949969096!$C:$E, 3, 0))=0,"",VLOOKUP(AD33, QUICKBOOKS_9130357949969096!$C:$E, 3, 0)),"") | AG33: =IFERROR(IF(LEN(VLOOKUP(AD33, QUICKBOOKS_9130357949969096!$C:$D, 2, 0))=0,"",VLOOKUP(AD33, QUICKBOOKS_9130357949969096!$C:$D, 2, 0)),"") | AQ33: =IFERROR(IF(LEN(VLOOKUP(AP33, QUICKBOOKS_9130357949969096!$L:$M, 2, 0))=0,"",VLOOKUP(AP33, QUICKBOOKS_9130357949969096!$L:$M, 2, 0)),"") | AS33: =IFERROR(IF(LEN(VLOOKUP(AR33, QUICKBOOKS_9130357949969096!$J:$K, 2, 0))=0,"",VLOOKUP(AR33, QUICKBOOKS_9130357949969096!$J:$K, 2, 0)),"") | AW33: =IF(OR((AU33*AV33)<>0,AP33<>""),AU33*AV33,"") | BB33: =IFERROR(IF(LEN(VLOOKUP(W33, QUICKBOOKS_9130357949969096!$AI:$AJ, 2, 0))=0,"",VLOOKUP(W33, QUICKBOOKS_9130357949969096!$AI:$AJ, 2, 0)),"")
... P276: =IF(V276<>"",MAX(P$1:P275)+1,IF(AND(_xlfn.CONCAT(T276:BB276)<>"", OR(LEFT(_xlfn.CONCAT(T276:BB276),5)<>"FALSE",RIGHT(_xlfn.CONCAT(T276:BB276),5)<>"FALSE")),IF(AND(ISNUMBER(P275),P275>0),P275,0),"")) | R276: =IF(T276<>"",IF(Q276<>"","Edited","Synced"),IF(P276="","",IF(OR(AP276 = "",AQ276 = "",AU276 = "",AV276 = ""),"Invalid","New"))) | AE276: =IFERROR(IF(LEN(VLOOKUP(AD276, QUICKBOOKS_9130357949969096!$AM:$AN, 2, 0))=0,"",VLOOKUP(AD276, QUICKBOOKS_9130357949969096!$AM:$AN, 2, 0)),"") | AF276: =IFERROR(IF(LEN(VLOOKUP(AD276, QUICKBOOKS_9130357949969096!$C:$E, 3, 0))=0,"",VLOOKUP(AD276, QUICKBOOKS_9130357949969096!$C:$E, 3, 0)),"") | AG276: =IFERROR(IF(LEN(VLOOKUP(AD276, QUICKBOOKS_9130357949969096!$C:$D, 2, 0))=0,"",VLOOKUP(AD276, QUICKBOOKS_9130357949969096!$C:$D, 2, 0)),"") | AQ276: =IFERROR(IF(LEN(VLOOKUP(AP276, QUICKBOOKS_9130357949969096!$L:$M, 2, 0))=0,"",VLOOKUP(AP276, QUICKBOOKS_9130357949969096!$L:$M, 2, 0)),"") | AS276: =IFERROR(IF(LEN(VLOOKUP(AR276, QUICKBOOKS_9130357949969096!$J:$K, 2, 0))=0,"",VLOOKUP(AR276, QUICKBOOKS_9130357949969096!$J:$K, 2, 0)),"") | AW276: =IF(OR((AU276*AV276)<>0,AP276<>""),AU276*AV276,"") | BB276: =IFERROR(IF(LEN(VLOOKUP(W276, QUICKBOOKS_9130357949969096!$AI:$AJ, 2, 0))=0,"",VLOOKUP(W276, QUICKBOOKS_9130357949969096!$AI:$AJ, 2, 0)),"")

Sheet Revenue Schedule
B2: =client_name -> Amalgam
B3: Revenue Amortization
B4: ="Through "&TEXT(date,"Mmmm dd, YYYY") -> Through March 31, 2024
C6: Client | D6: Invoice # | E6: Line Amount | F6: Inv. Date | G6: Inv. Month | H6: Start Date | I6: End Date | J6: Months | L6: 45291 | M6: =EOMONTH(L6,1) -> 45322 | N6: =EOMONTH(M6,1) -> 45351 | O6: =EOMONTH(N6,1) -> 45382 | P6: =EOMONTH(O6,1) -> 45412 | Q6: =EOMONTH(P6,1) -> 45443 | R6: =EOMONTH(Q6,1) -> 45473 | S6: =EOMONTH(R6,1) -> 45504 | T6: =EOMONTH(S6,1) -> 45535 | ... AJ6: =EOMONTH(AI6,1) -> 46022
C7: =data_Invoices!AD2 -> Hunt LLC | D7: =data_Invoices!Y2 -> 101 | E7: =data_Invoices!AW2 -> 91979.48 | F7: =data_Invoices!V2 -> 45295 | G7: =EOMONTH(F7,0) -> 45322 | H7: =EOMONTH(F7,0)+1 -> 45323 | I7: =EOMONTH(H7,J7-1) -> 45688 | J7: =IF(OR(C7="Vargas Inc",C7="ColemanLtd"),6,12) -> 12 | L7: =IF(OR(EOMONTH($H7,0)>L$6,EOMONTH($I7,0)<L$6),0,IF(AND(EOMONTH($H7,0)<>L$6,EOMONTH($I7,0)<>L$6),$E7/$J7,IF(EOMONTH($H7,0)=L$6,(((L$6+1)-$H7)/(L$6-K$6))*($E7/$J7),IF(EOMONTH($I7,0)=L$6,(($I7-K$6)/(L$6-K$6))*($E7/$J7),"ERROR")))) -> 0 | M7: =IF(OR(EOMONTH($H7,0)>M$6,EOMONTH($I7,0)<M$6),0,IF(AND(EOMONTH($H7,0)<>M$6,EOMONTH($I7,0)<>M$6),$E7/$J7,IF(EOMONTH($H7,0)=M$6,(((M$6+1)-$H7)/(M$6-L$6))*($E7/$J7),IF(EOMONTH($I7,0)=M$6,(($I7-L$6)/(M$6-L$6))*($E7/$J7),"ERROR")))) -> 0 | N7: =IF(OR(EOMONTH($H7,0)>N$6,EOMONTH($I7,0)<N$6),0,IF(AND(EOMONTH($H7,0)<>N$6,EOMONTH($I7,0)<>N$6),$E7/$J7,IF(EOMONTH($H7,0)=N$6,(((N$6+1)-$H7)/(N$6-M$6))*($E7/$J7),IF(EOMONTH($I7,0)=N$6,(($I7-M$6)/(N$6-M$6))*($E7/$J7),"ERROR")))) -> 7664.9567 | O7: =IF(OR(EOMONTH($H7,0)>O$6,EOMONTH($I7,0)<O$6),0,IF(AND(EOMONTH($H7,0)<>O$6,EOMONTH($I7,0)<>O$6),$E7/$J7,IF(EOMONTH($H7,0)=O$6,(((O$6+1)-$H7)/(O$6-N$6))*($E7/$J7),IF(EOMONTH($I7,0)=O$6,(($I7-N$6)/(O$6-N$6))*($E7/$J7),"ERROR")))) -> 7664.9567 | P7: =IF(OR(EOMONTH($H7,0)>P$6,EOMONTH($I7,0)<P$6),0,IF(AND(EOMONTH($H7,0)<>P$6,EOMONTH($I7,0)<>P$6),$E7/$J7,IF(EOMONTH($H7,0)=P$6,(((P$6+1)-$H7)/(P$6-O$6))*($E7/$J7),IF(EOMONTH($I7,0)=P$6,(($I7-O$6)/(P$6-O$6))*($E7/$J7),"ERROR")))) -> 7664.9567 | Q7: =IF(OR(EOMONTH($H7,0)>Q$6,EOMONTH($I7,0)<Q$6),0,IF(AND(EOMONTH($H7,0)<>Q$6,EOMONTH($I7,0)<>Q$6),$E7/$J7,IF(EOMONTH($H7,0)=Q$6,(((Q$6+1)-$H7)/(Q$6-P$6))*($E7/$J7),IF(EOMONTH($I7,0)=Q$6,(($I7-P$6)/(Q$6-P$6))*($E7/$J7),"ERROR")))) -> 7664.9567 | R7: =IF(OR(EOMONTH($H7,0)>R$6,EOMONTH($I7,0)<R$6),0,IF(AND(EOMONTH($H7,0)<>R$6,EOMONTH($I7,0)<>R$6),$E7/$J7,IF(EOMONTH($H7,0)=R$6,(((R$6+1)-$H7)/(R$6-Q$6))*($E7/$J7),IF(EOMONTH($I7,0)=R$6,(($I7-Q$6)/(R$6-Q$6))*($E7/$J7),"ERROR")))) -> 7664.9567 | S7: =IF(OR(EOMONTH($H7,0)>S$6,EOMONTH($I7,0)<S$6),0,IF(AND(EOMONTH($H7,0)<>S$6,EOMONTH($I7,0)<>S$6),$E7/$J7,IF(EOMONTH($H7,0)=S$6,(((S$6+1)-$H7)/(S$6-R$6))*($E7/$J7),IF(EOMONTH($I7,0)=S$6,(($I7-R$6)/(S$6-R$6))*($E7/$J7),"ERROR")))) -> 7664.9567 | ... AJ7: =IF(OR(EOMONTH($H7,0)>AJ$6,EOMONTH($I7,0)<AJ$6),0,IF(AND(EOMONTH($H7,0)<>AJ$6,EOMONTH($I7,0)<>AJ$6),$E7/$J7,IF(EOMONTH($H7,0)=AJ$6,(((AJ$6+1)-$H7)/(AJ$6-AI$6))*($E7/$J7),IF(EOMONTH($I7,0)=AJ$6,(($I7-AI$6)/(AJ$6-AI$6))*($E7/$J7),"ERROR")))) -> 0
C8: =data_Invoices!AD3 -> Vargas Inc | D8: =data_Invoices!Y3 -> 102 | E8: =data_Invoices!AW3 -> 85902.16 | F8: =data_Invoices!V3 -> 45302 | G8: =EOMONTH(F8,0) -> 45322 | H8: =EOMONTH(F8,0)+1 -> 45323 | I8: =EOMONTH(H8,J8-1) -> 45504 | J8: =IF(OR(C8="Vargas Inc",C8="ColemanLtd"),6,12) -> 6 | L8: =IF(OR(EOMONTH($H8,0)>L$6,EOMONTH($I8,0)<L$6),0,IF(AND(EOMONTH($H8,0)<>L$6,EOMONTH($I8,0)<>L$6),$E8/$J8,IF(EOMONTH($H8,0)=L$6,(((L$6+1)-$H8)/(L$6-K$6))*($E8/$J8),IF(EOMONTH($I8,0)=L$6,(($I8-K$6)/(L$6-K$6))*($E8/$J8),"ERROR")))) -> 0 | M8: =IF(OR(EOMONTH($H8,0)>M$6,EOMONTH($I8,0)<M$6),0,IF(AND(EOMONTH($H8,0)<>M$6,EOMONTH($I8,0)<>M$6),$E8/$J8,IF(EOMONTH($H8,0)=M$6,(((M$6+1)-$H8)/(M$6-L$6))*($E8/$J8),IF(EOMONTH($I8,0)=M$6,(($I8-L$6)/(M$6-L$6))*($E8/$J8),"ERROR")))) -> 0 | N8: =IF(OR(EOMONTH($H8,0)>N$6,EOMONTH($I8,0)<N$6),0,IF(AND(EOMONTH($H8,0)<>N$6,EOMONTH($I8,0)<>N$6),$E8/$J8,IF(EOMONTH($H8,0)=N$6,(((N$6+1)-$H8)/(N$6-M$6))*($E8/$J8),IF(EOMONTH($I8,0)=N$6,(($I8-M$6)/(N$6-M$6))*($E8/$J8),"ERROR")))) -> 14317.027 | O8: =IF(OR(EOMONTH($H8,0)>O$6,EOMONTH($I8,0)<O$6),0,IF(AND(EOMONTH($H8,0)<>O$6,EOMONTH($I8,0)<>O$6),$E8/$J8,IF(EOMONTH($H8,0)=O$6,(((O$6+1)-$H8)/(O$6-N$6))*($E8/$J8),IF(EOMONTH($I8,0)=O$6,(($I8-N$6)/(O$6-N$6))*($E8/$J8),"ERROR")))) -> 14317.027 | P8: =IF(OR(EOMONTH($H8,0)>P$6,EOMONTH($I8,0)<P$6),0,IF(AND(EOMONTH($H8,0)<>P$6,EOMONTH($I8,0)<>P$6),$E8/$J8,IF(EOMONTH($H8,0)=P$6,(((P$6+1)-$H8)/(P$6-O$6))*($E8/$J8),IF(EOMONTH($I8,0)=P$6,(($I8-O$6)/(P$6-O$6))*($E8/$J8),"ERROR")))) -> 14317.027 | Q8: =IF(OR(EOMONTH($H8,0)>Q$6,EOMONTH($I8,0)<Q$6),0,IF(AND(EOMONTH($H8,0)<>Q$6,EOMONTH($I8,0)<>Q$6),$E8/$J8,IF(EOMONTH($H8,0)=Q$6,(((Q$6+1)-$H8)/(Q$6-P$6))*($E8/$J8),IF(EOMONTH($I8,0)=Q$6,(($I8-P$6)/(Q$6-P$6))*($E8/$J8),"ERROR")))) -> 14317.027 | R8: =IF(OR(EOMONTH($H8,0)>R$6,EOMONTH($I8,0)<R$6),0,IF(AND(EOMONTH($H8,0)<>R$6,EOMONTH($I8,0)<>R$6),$E8/$J8,IF(EOMONTH($H8,0)=R$6,(((R$6+1)-$H8)/(R$6-Q$6))*($E8/$J8),IF(EOMONTH($I8,0)=R$6,(($I8-Q$6)/(R$6-Q$6))*($E8/$J8),"ERROR")))) -> 14317.027 | S8: =IF(OR(EOMONTH($H8,0)>S$6,EOMONTH($I8,0)<S$6),0,IF(AND(EOMONTH($H8,0)<>S$6,EOMONTH($I8,0)<>S$6),$E8/$J8,IF(EOMONTH($H8,0)=S$6,(((S$6+1)-$H8)/(S$6-R$6))*($E8/$J8),IF(EOMONTH($I8,0)=S$6,(($I8-R$6)/(S$6-R$6))*($E8/$J8),"ERROR")))) -> 14317.027 | ... AJ8: =IF(OR(EOMONTH($H8,0)>AJ$6,EOMONTH($I8,0)<AJ$6),0,IF(AND(EOMONTH($H8,0)<>AJ$6,EOMONTH($I8,0)<>AJ$6),$E8/$J8,IF(EOMONTH($H8,0)=AJ$6,(((AJ$6+1)-$H8)/(AJ$6-AI$6))*($E8/$J8),IF(EOMONTH($I8,0)=AJ$6,(($I8-AI$6)/(AJ$6-AI$6))*($E8/$J8),"ERROR")))) -> 0
C9: =data_Invoices!AD4 -> Wright-Snow | D9: =data_Invoices!Y4 -> 109 | E9: =data_Invoices!AW4 -> 84892.32 | F9: =data_Invoices!V4 -> 45351 | G9: =EOMONTH(F9,0) -> 45351 | H9: =EOMONTH(F9,0)+1 -> 45352 | I9: =EOMONTH(H9,J9-1) -> 45716 | J9: =IF(OR(C9="Vargas Inc",C9="ColemanLtd"),6,12) -> 12 | L9: =IF(OR(EOMONTH($H9,0)>L$6,EOMONTH($I9,0)<L$6),0,IF(AND(EOMONTH($H9,0)<>L$6,EOMONTH($I9,0)<>L$6),$E9/$J9,IF(EOMONTH($H9,0)=L$6,(((L$6+1)-$H9)/(L$6-K$6))*($E9/$J9),IF(EOMONTH($I9,0)=L$6,(($I9-K$6)/(L$6-K$6))*($E9/$J9),"ERROR")))) -> 0 | M9: =IF(OR(EOMONTH($H9,0)>M$6,EOMONTH($I9,0)<M$6),0,IF(AND(EOMONTH($H9,0)<>M$6,EOMONTH($I9,0)<>M$6),$E9/$J9,IF(EOMONTH($H9,0)=M$6,(((M$6+1)-$H9)/(M$6-L$6))*($E9/$J9),IF(EOMONTH($I9,0)=M$6,(($I9-L$6)/(M$6-L$6))*($E9/$J9),"ERROR")))) -> 0 | N9: =IF(OR(EOMONTH($H9,0)>N$6,EOMONTH($I9,0)<N$6),0,IF(AND(EOMONTH($H9,0)<>N$6,EOMONTH($I9,0)<>N$6),$E9/$J9,IF(EOMONTH($H9,0)=N$6,(((N$6+1)-$H9)/(N$6-M$6))*($E9/$J9),IF(EOMONTH($I9,0)=N$6,(($I9-M$6)/(N$6-M$6))*($E9/$J9),"ERROR")))) -> 0 | O9: =IF(OR(EOMONTH($H9,0)>O$6,EOMONTH($I9,0)<O$6),0,IF(AND(EOMONTH($H9,0)<>O$6,EOMONTH($I9,0)<>O$6),$E9/$J9,IF(EOMONTH($H9,0)=O$6,(((O$6+1)-$H9)/(O$6-N$6))*($E9/$J9),IF(EOMONTH($I9,0)=O$6,(($I9-N$6)/(O$6-N$6))*($E9/$J9),"ERROR")))) -> 7074.36 | P9: =IF(OR(EOMONTH($H9,0)>P$6,EOMONTH($I9,0)<P$6),0,IF(AND(EOMONTH($H9,0)<>P$6,EOMONTH($I9,0)<>P$6),$E9/$J9,IF(EOMONTH($H9,0)=P$6,(((P$6+1)-$H9)/(P$6-O$6))*($E9/$J9),IF(EOMONTH($I9,0)=P$6,(($I9-O$6)/(P$6-O$6))*($E9/$J9),"ERROR")))) -> 7074.36 | Q9: =IF(OR(EOMONTH($H9,0)>Q$6,EOMONTH($I9,0)<Q$6),0,IF(AND(EOMONTH($H9,0)<>Q$6,EOMONTH($I9,0)<>Q$6),$E9/$J9,IF(EOMONTH($H9,0)=Q$6,(((Q$6+1)-$H9)/(Q$6-P$6))*($E9/$J9),IF(EOMONTH($I9,0)=Q$6,(($I9-P$6)/(Q$6-P$6))*($E9/$J9),"ERROR")))) -> 7074.36 | R9: =IF(OR(EOMONTH($H9,0)>R$6,EOMONTH($I9,0)<R$6),0,IF(AND(EOMONTH($H9,0)<>R$6,EOMONTH($I9,0)<>R$6),$E9/$J9,IF(EOMONTH($H9,0)=R$6,(((R$6+1)-$H9)/(R$6-Q$6))*($E9/$J9),IF(EOMONTH($I9,0)=R$6,(($I9-Q$6)/(R$6-Q$6))*($E9/$J9),"ERROR")))) -> 7074.36 | S9: =IF(OR(EOMONTH($H9,0)>S$6,EOMONTH($I9,0)<S$6),0,IF(AND(EOMONTH($H9,0)<>S$6,EOMONTH($I9,0)<>S$6),$E9/$J9,IF(EOMONTH($H9,0)=S$6,(((S$6+1)-$H9)/(S$6-R$6))*($E9/$J9),IF(EOMONTH($I9,0)=S$6,(($I9-R$6)/(S$6-R$6))*($E9/$J9),"ERROR")))) -> 7074.36 | ... AJ9: =IF(OR(EOMONTH($H9,0)>AJ$6,EOMONTH($I9,0)<AJ$6),0,IF(AND(EOMONTH($H9,0)<>AJ$6,EOMONTH($I9,0)<>AJ$6),$E9/$J9,IF(EOMONTH($H9,0)=AJ$6,(((AJ$6+1)-$H9)/(AJ$6-AI$6))*($E9/$J9),IF(EOMONTH($I9,0)=AJ$6,(($I9-AI$6)/(AJ$6-AI$6))*($E9/$J9),"ERROR")))) -> 0
C10: =data_Invoices!AD5 -> Cochran-Guerrero | D10: =data_Invoices!Y5 -> 104 | E10: =data_Invoices!AW5 -> 133057.04 | F10: =data_Invoices!V5 -> 45316 | G10: =EOMONTH(F10,0) -> 45322 | H10: =EOMONTH(F10,0)+1 -> 45323 | I10: =EOMONTH(H10,J10-1) -> 45688 | J10: =IF(OR(C10="Vargas Inc",C10="ColemanLtd"),6,12) -> 12 | L10: =IF(OR(EOMONTH($H10,0)>L$6,EOMONTH($I10,0)<L$6),0,IF(AND(EOMONTH($H10,0)<>L$6,EOMONTH($I10,0)<>L$6),$E10/$J10,IF(EOMONTH($H10,0)=L$6,(((L$6+1)-$H10)/(L$6-K$6))*($E10/$J10),IF(EOMONTH($I10,0)=L$6,(($I10-K$6)/(L$6-K$6))*($E10/$J10),"ERROR")))) -> 0 | M10: =IF(OR(EOMONTH($H10,0)>M$6,EOMONTH($I10,0)<M$6),0,IF(AND(EOMONTH($H10,0)<>M$6,EOMONTH($I10,0)<>M$6),$E10/$J10,IF(EOMONTH($H10,0)=M$6,(((M$6+1)-$H10)/(M$6-L$6))*($E10/$J10),IF(EOMONTH($I10,0)=M$6,(($I10-L$6)/(M$6-L$6))*($E10/$J10),"ERROR")))) -> 0 | N10: =IF(OR(EOMONTH($H10,0)>N$6,EOMONTH($I10,0)<N$6),0,IF(AND(EOMONTH($H10,0)<>N$6,EOMONTH($I10,0)<>N$6),$E10/$J10,IF(EOMONTH($H10,0)=N$6,(((N$6+1)-$H10)/(N$6-M$6))*($E10/$J10),IF(EOMONTH($I10,0)=N$6,(($I10-M$6)/(N$6-M$6))*($E10/$J10),"ERROR")))) -> 11088.087 | O10: =IF(OR(EOMONTH($H10,0)>O$6,EOMONTH($I10,0)<O$6),0,IF(AND(EOMONTH($H10,0)<>O$6,EOMONTH($I10,0)<>O$6),$E10/$J10,IF(EOMONTH($H10,0)=O$6,(((O$6+1)-$H10)/(O$6-N$6))*($E10/$J10),IF(EOMONTH($I10,0)=O$6,(($I10-N$6)/(O$6-N$6))*($E10/$J10),"ERROR")))) -> 11088.087 | P10: =IF(OR(EOMONTH($H10,0)>P$6,EOMONTH($I10,0)<P$6),0,IF(AND(EOMONTH($H10,0)<>P$6,EOMONTH($I10,0)<>P$6),$E10/$J10,IF(EOMONTH($H10,0)=P$6,(((P$6+1)-$H10)/(P$6-O$6))*($E10/$J10),IF(EOMONTH($I10,0)=P$6,(($I10-O$6)/(P$6-O$6))*($E10/$J10),"ERROR")))) -> 11088.087 | Q10: =IF(OR(EOMONTH($H10,0)>Q$6,EOMONTH($I10,0)<Q$6),0,IF(AND(EOMONTH($H10,0)<>Q$6,EOMONTH($I10,0)<>Q$6),$E10/$J10,IF(EOMONTH($H10,0)=Q$6,(((Q$6+1)-$H10)/(Q$6-P$6))*($E10/$J10),IF(EOMONTH($I10,0)=Q$6,(($I10-P$6)/(Q$6-P$6))*($E10/$J10),"ERROR")))) -> 11088.087 | R10: =IF(OR(EOMONTH($H10,0)>R$6,EOMONTH($I10,0)<R$6),0,IF(AND(EOMONTH($H10,0)<>R$6,EOMONTH($I10,0)<>R$6),$E10/$J10,IF(EOMONTH($H10,0)=R$6,(((R$6+1)-$H10)/(R$6-Q$6))*($E10/$J10),IF(EOMONTH($I10,0)=R$6,(($I10-Q$6)/(R$6-Q$6))*($E10/$J10),"ERROR")))) -> 11088.087 | S10: =IF(OR(EOMONTH($H10,0)>S$6,EOMONTH($I10,0)<S$6),0,IF(AND(EOMONTH($H10,0)<>S$6,EOMONTH($I10,0)<>S$6),$E10/$J10,IF(EOMONTH($H10,0)=S$6,(((S$6+1)-$H10)/(S$6-R$6))*($E10/$J10),IF(EOMONTH($I10,0)=S$6,(($I10-R$6)/(S$6-R$6))*($E10/$J10),"ERROR")))) -> 11088.087 | ... AJ10: =IF(OR(EOMONTH($H10,0)>AJ$6,EOMONTH($I10,0)<AJ$6),0,IF(AND(EOMONTH($H10,0)<>AJ$6,EOMONTH($I10,0)<>AJ$6),$E10/$J10,IF(EOMONTH($H10,0)=AJ$6,(((AJ$6+1)-$H10)/(AJ$6-AI$6))*($E10/$J10),IF(EOMONTH($I10,0)=AJ$6,(($I10-AI$6)/(AJ$6-AI$6))*($E10/$J10),"ERROR")))) -> 0
C11: =data_Invoices!AD6 -> Hunt LLC | D11: =data_Invoices!Y6 -> 105 | E11: =data_Invoices!AW6 -> 69374.21 | F11: =data_Invoices!V6 -> 45323 | G11: =EOMONTH(F11,0) -> 45351 | H11: =EOMONTH(F11,0)+1 -> 45352 | I11: =EOMONTH(H11,J11-1) -> 45716 | J11: =IF(OR(C11="Vargas Inc",C11="ColemanLtd"),6,12) -> 12 | L11: =IF(OR(EOMONTH($H11,0)>L$6,EOMONTH($I11,0)<L$6),0,IF(AND(EOMONTH($H11,0)<>L$6,EOMONTH($I11,0)<>L$6),$E11/$J11,IF(EOMONTH($H11,0)=L$6,(((L$6+1)-$H11)/(L$6-K$6))*($E11/$J11),IF(EOMONTH($I11,0)=L$6,(($I11-K$6)/(L$6-K$6))*($E11/$J11),"ERROR")))) -> 0 | M11: =IF(OR(EOMONTH($H11,0)>M$6,EOMONTH($I11,0)<M$6),0,IF(AND(EOMONTH($H11,0)<>M$6,EOMONTH($I11,0)<>M$6),$E11/$J11,IF(EOMONTH($H11,0)=M$6,(((M$6+1)-$H11)/(M$6-L$6))*($E11/$J11),IF(EOMONTH($I11,0)=M$6,(($I11-L$6)/(M$6-L$6))*($E11/$J11),"ERROR")))) -> 0 | N11: =IF(OR(EOMONTH($H11,0)>N$6,EOMONTH($I11,0)<N$6),0,IF(AND(EOMONTH($H11,0)<>N$6,EOMONTH($I11,0)<>N$6),$E11/$J11,IF(EOMONTH($H11,0)=N$6,(((N$6+1)-$H11)/(N$6-M$6))*($E11/$J11),IF(EOMONTH($I11,0)=N$6,(($I11-M$6)/(N$6-M$6))*($E11/$J11),"ERROR")))) -> 0 | O11: =IF(OR(EOMONTH($H11,0)>O$6,EOMONTH($I11,0)<O$6),0,IF(AND(EOMONTH($H11,0)<>O$6,EOMONTH($I11,0)<>O$6),$E11/$J11,IF(EOMONTH($H11,0)=O$6,(((O$6+1)-$H11)/(O$6-N$6))*($E11/$J11),IF(EOMONTH($I11,0)=O$6,(($I11-N$6)/(O$6-N$6))*($E11/$J11),"ERROR")))) -> 5781.1842 | P11: =IF(OR(EOMONTH($H11,0)>P$6,EOMONTH($I11,0)<P$6),0,IF(AND(EOMONTH($H11,0)<>P$6,EOMONTH($I11,0)<>P$6),$E11/$J11,IF(EOMONTH($H11,0)=P$6,(((P$6+1)-$H11)/(P$6-O$6))*($E11/$J11),IF(EOMONTH($I11,0)=P$6,(($I11-O$6)/(P$6-O$6))*($E11/$J11),"ERROR")))) -> 5781.1842 | Q11: =IF(OR(EOMONTH($H11,0)>Q$6,EOMONTH($I11,0)<Q$6),0,IF(AND(EOMONTH($H11,0)<>Q$6,EOMONTH($I11,0)<>Q$6),$E11/$J11,IF(EOMONTH($H11,0)=Q$6,(((Q$6+1)-$H11)/(Q$6-P$6))*($E11/$J11),IF(EOMONTH($I11,0)=Q$6,(($I11-P$6)/(Q$6-P$6))*($E11/$J11),"ERROR")))) -> 5781.1842 | R11: =IF(OR(EOMONTH($H11,0)>R$6,EOMONTH($I11,0)<R$6),0,IF(AND(EOMONTH($H11,0)<>R$6,EOMONTH($I11,0)<>R$6),$E11/$J11,IF(EOMONTH($H11,0)=R$6,(((R$6+1)-$H11)/(R$6-Q$6))*($E11/$J11),IF(EOMONTH($I11,0)=R$6,(($I11-Q$6)/(R$6-Q$6))*($E11/$J11),"ERROR")))) -> 5781.1842 | S11: =IF(OR(EOMONTH($H11,0)>S$6,EOMONTH($I11,0)<S$6),0,IF(AND(EOMONTH($H11,0)<>S$6,EOMONTH($I11,0)<>S$6),$E11/$J11,IF(EOMONTH($H11,0)=S$6,(((S$6+1)-$H11)/(S$6-R$6))*($E11/$J11),IF(EOMONTH($I11,0)=S$6,(($I11-R$6)/(S$6-R$6))*($E11/$J11),"ERROR")))) -> 5781.1842 | ... AJ11: =IF(OR(EOMONTH($H11,0)>AJ$6,EOMONTH($I11,0)<AJ$6),0,IF(AND(EOMONTH($H11,0)<>AJ$6,EOMONTH($I11,0)<>AJ$6),$E11/$J11,IF(EOMONTH($H11,0)=AJ$6,(((AJ$6+1)-$H11)/(AJ$6-AI$6))*($E11/$J11),IF(EOMONTH($I11,0)=AJ$6,(($I11-AI$6)/(AJ$6-AI$6))*($E11/$J11),"ERROR")))) -> 0
C12: =data_Invoices!AD7 -> Vargas Inc | D12: =data_Invoices!Y7 -> 106 | E12: =data_Invoices!AW7 -> 87444.2 | F12: =data_Invoices!V7 -> 45330 | G12: =EOMONTH(F12,0) -> 45351 | H12: =EOMONTH(F12,0)+1 -> 45352 | I12: =EOMONTH(H12,J12-1) -> 45535 | J12: =IF(OR(C12="Vargas Inc",C12="ColemanLtd"),6,12) -> 6 | L12: =IF(OR(EOMONTH($H12,0)>L$6,EOMONTH($I12,0)<L$6),0,IF(AND(EOMONTH($H12,0)<>L$6,EOMONTH($I12,0)<>L$6),$E12/$J12,IF(EOMONTH($H12,0)=L$6,(((L$6+1)-$H12)/(L$6-K$6))*($E12/$J12),IF(EOMONTH($I12,0)=L$6,(($I12-K$6)/(L$6-K$6))*($E12/$J12),"ERROR")))) -> 0 | M12: =IF(OR(EOMONTH($H12,0)>M$6,EOMONTH($I12,0)<M$6),0,IF(AND(EOMONTH($H12,0)<>M$6,EOMONTH($I12,0)<>M$6),$E12/$J12,IF(EOMONTH($H12,0)=M$6,(((M$6+1)-$H12)/(M$6-L$6))*($E12/$J12),IF(EOMONTH($I12,0)=M$6,(($I12-L$6)/(M$6-L$6))*($E12/$J12),"ERROR")))) -> 0 | N12: =IF(OR(EOMONTH($H12,0)>N$6,EOMONTH($I12,0)<N$6),0,IF(AND(EOMONTH($H12,0)<>N$6,EOMONTH($I12,0)<>N$6),$E12/$J12,IF(EOMONTH($H12,0)=N$6,(((N$6+1)-$H12)/(N$6-M$6))*($E12/$J12),IF(EOMONTH($I12,0)=N$6,(($I12-M$6)/(N$6-M$6))*($E12/$J12),"ERROR")))) -> 0 | O12: =IF(OR(EOMONTH($H12,0)>O$6,EOMONTH($I12,0)<O$6),0,IF(AND(EOMONTH($H12,0)<>O$6,EOMONTH($I12,0)<>O$6),$E12/$J12,IF(EOMONTH($H12,0)=O$6,(((O$6+1)-$H12)/(O$6-N$6))*($E12/$J12),IF(EOMONTH($I12,0)=O$6,(($I12-N$6)/(O$6-N$6))*($E12/$J12),"ERROR")))) -> 14574.033 | P12: =IF(OR(EOMONTH($H12,0)>P$6,EOMONTH($I12,0)<P$6),0,IF(AND(EOMONTH($H12,0)<>P$6,EOMONTH($I12,0)<>P$6),$E12/$J12,IF(EOMONTH($H12,0)=P$6,(((P$6+1)-$H12)/(P$6-O$6))*($E12/$J12),IF(EOMONTH($I12,0)=P$6,(($I12-O$6)/(P$6-O$6))*($E12/$J12),"ERROR")))) -> 14574.033 | Q12: =IF(OR(EOMONTH($H12,0)>Q$6,EOMONTH($I12,0)<Q$6),0,IF(AND(EOMONTH($H12,0)<>Q$6,EOMONTH($I12,0)<>Q$6),$E12/$J12,IF(EOMONTH($H12,0)=Q$6,(((Q$6+1)-$H12)/(Q$6-P$6))*($E12/$J12),IF(EOMONTH($I12,0)=Q$6,(($I12-P$6)/(Q$6-P$6))*($E12/$J12),"ERROR")))) -> 14574.033 | R12: =IF(OR(EOMONTH($H12,0)>R$6,EOMONTH($I12,0)<R$6),0,IF(AND(EOMONTH($H12,0)<>R$6,EOMONTH($I12,0)<>R$6),$E12/$J12,IF(EOMONTH($H12,0)=R$6,(((R$6+1)-$H12)/(R$6-Q$6))*($E12/$J12),IF(EOMONTH($I12,0)=R$6,(($I12-Q$6)/(R$6-Q$6))*($E12/$J12),"ERROR")))) -> 14574.033 | S12: =IF(OR(EOMONTH($H12,0)>S$6,EOMONTH($I12,0)<S$6),0,IF(AND(EOMONTH($H12,0)<>S$6,EOMONTH($I12,0)<>S$6),$E12/$J12,IF(EOMONTH($H12,0)=S$6,(((S$6+1)-$H12)/(S$6-R$6))*($E12/$J12),IF(EOMONTH($I12,0)=S$6,(($I12-R$6)/(S$6-R$6))*($E12/$J12),"ERROR")))) -> 14574.033 | ... AJ12: =IF(OR(EOMONTH($H12,0)>AJ$6,EOMONTH($I12,0)<AJ$6),0,IF(AND(EOMONTH($H12,0)<>AJ$6,EOMONTH($I12,0)<>AJ$6),$E12/$J12,IF(EOMONTH($H12,0)=AJ$6,(((AJ$6+1)-$H12)/(AJ$6-AI$6))*($E12/$J12),IF(EOMONTH($I12,0)=AJ$6,(($I12-AI$6)/(AJ$6-AI$6))*($E12/$J12),"ERROR")))) -> 0
C13: =data_Invoices!AD8 -> Anderson-Gould | D13: =data_Invoices!Y8 -> 107 | E13: =data_Invoices!AW8 -> 107230.96 | F13: =data_Invoices!V8 -> 45337 | G13: =EOMONTH(F13,0) -> 45351 | H13: =EOMONTH(F13,0)+1 -> 45352 | I13: =EOMONTH(H13,J13-1) -> 45716 | J13: =IF(OR(C13="Vargas Inc",C13="ColemanLtd"),6,12) -> 12 | L13: =IF(OR(EOMONTH($H13,0)>L$6,EOMONTH($I13,0)<L$6),0,IF(AND(EOMONTH($H13,0)<>L$6,EOMONTH($I13,0)<>L$6),$E13/$J13,IF(EOMONTH($H13,0)=L$6,(((L$6+1)-$H13)/(L$6-K$6))*($E13/$J13),IF(EOMONTH($I13,0)=L$6,(($I13-K$6)/(L$6-K$6))*($E13/$J13),"ERROR")))) -> 0 | M13: =IF(OR(EOMONTH($H13,0)>M$6,EOMONTH($I13,0)<M$6),0,IF(AND(EOMONTH($H13,0)<>M$6,EOMONTH($I13,0)<>M$6),$E13/$J13,IF(EOMONTH($H13,0)=M$6,(((M$6+1)-$H13)/(M$6-L$6))*($E13/$J13),IF(EOMONTH($I13,0)=M$6,(($I13-L$6)/(M$6-L$6))*($E13/$J13),"ERROR")))) -> 0 | N13: =IF(OR(EOMONTH($H13,0)>N$6,EOMONTH($I13,0)<N$6),0,IF(AND(EOMONTH($H13,0)<>N$6,EOMONTH($I13,0)<>N$6),$E13/$J13,IF(EOMONTH($H13,0)=N$6,(((N$6+1)-$H13)/(N$6-M$6))*($E13/$J13),IF(EOMONTH($I13,0)=N$6,(($I13-M$6)/(N$6-M$6))*($E13/$J13),"ERROR")))) -> 0 | O13: =IF(OR(EOMONTH($H13,0)>O$6,EOMONTH($I13,0)<O$6),0,IF(AND(EOMONTH($H13,0)<>O$6,EOMONTH($I13,0)<>O$6),$E13/$J13,IF(EOMONTH($H13,0)=O$6,(((O$6+1)-$H13)/(O$6-N$6))*($E13/$J13),IF(EOMONTH($I13,0)=O$6,(($I13-N$6)/(O$6-N$6))*($E13/$J13),"ERROR")))) -> 8935.9133 | P13: =IF(OR(EOMONTH($H13,0)>P$6,EOMONTH($I13,0)<P$6),0,IF(AND(EOMONTH($H13,0)<>P$6,EOMONTH($I13,0)<>P$6),$E13/$J13,IF(EOMONTH($H13,0)=P$6,(((P$6+1)-$H13)/(P$6-O$6))*($E13/$J13),IF(EOMONTH($I13,0)=P$6,(($I13-O$6)/(P$6-O$6))*($E13/$J13),"ERROR")))) -> 8935.9133 | Q13: =IF(OR(EOMONTH($H13,0)>Q$6,EOMONTH($I13,0)<Q$6),0,IF(AND(EOMONTH($H13,0)<>Q$6,EOMONTH($I13,0)<>Q$6),$E13/$J13,IF(EOMONTH($H13,0)=Q$6,(((Q$6+1)-$H13)/(Q$6-P$6))*($E13/$J13),IF(EOMONTH($I13,0)=Q$6,(($I13-P$6)/(Q$6-P$6))*($E13/$J13),"ERROR")))) -> 8935.9133 | R13: =IF(OR(EOMONTH($H13,0)>R$6,EOMONTH($I13,0)<R$6),0,IF(AND(EOMONTH($H13,0)<>R$6,EOMONTH($I13,0)<>R$6),$E13/$J13,IF(EOMONTH($H13,0)=R$6,(((R$6+1)-$H13)/(R$6-Q$6))*($E13/$J13),IF(EOMONTH($I13,0)=R$6,(($I13-Q$6)/(R$6-Q$6))*($E13/$J13),"ERROR")))) -> 8935.9133 | S13: =IF(OR(EOMONTH($H13,0)>S$6,EOMONTH($I13,0)<S$6),0,IF(AND(EOMONTH($H13,0)<>S$6,EOMONTH($I13,0)<>S$6),$E13/$J13,IF(EOMONTH($H13,0)=S$6,(((S$6+1)-$H13)/(S$6-R$6))*($E13/$J13),IF(EOMONTH($I13,0)=S$6,(($I13-R$6)/(S$6-R$6))*($E13/$J13),"ERROR")))) -> 8935.9133 | ... AJ13: =IF(OR(EOMONTH($H13,0)>AJ$6,EOMONTH($I13,0)<AJ$6),0,IF(AND(EOMONTH($H13,0)<>AJ$6,EOMONTH($I13,0)<>AJ$6),$E13/$J13,IF(EOMONTH($H13,0)=AJ$6,(((AJ$6+1)-$H13)/(AJ$6-AI$6))*($E13/$J13),IF(EOMONTH($I13,0)=AJ$6,(($I13-AI$6)/(AJ$6-AI$6))*($E13/$J13),"ERROR")))) -> 0
C14: =data_Invoices!AD9 -> Coleman Ltd | D14: =data_Invoices!Y9 -> 108 | E14: =data_Invoices!AW9 -> 78329.46 | F14: =data_Invoices!V9 -> 45344 | G14: =EOMONTH(F14,0) -> 45351 | H14: =EOMONTH(F14,0)+1 -> 45352 | I14: =EOMONTH(H14,J14-1) -> 45716 | J14: =IF(OR(C14="Vargas Inc",C14="ColemanLtd"),6,12) -> 12 | L14: =IF(OR(EOMONTH($H14,0)>L$6,EOMONTH($I14,0)<L$6),0,IF(AND(EOMONTH($H14,0)<>L$6,EOMONTH($I14,0)<>L$6),$E14/$J14,IF(EOMONTH($H14,0)=L$6,(((L$6+1)-$H14)/(L$6-K$6))*($E14/$J14),IF(EOMONTH($I14,0)=L$6,(($I14-K$6)/(L$6-K$6))*($E14/$J14),"ERROR")))) -> 0 | M14: =IF(OR(EOMONTH($H14,0)>M$6,EOMONTH($I14,0)<M$6),0,IF(AND(EOMONTH($H14,0)<>M$6,EOMONTH($I14,0)<>M$6),$E14/$J14,IF(EOMONTH($H14,0)=M$6,(((M$6+1)-$H14)/(M$6-L$6))*($E14/$J14),IF(EOMONTH($I14,0)=M$6,(($I14-L$6)/(M$6-L$6))*($E14/$J14),"ERROR")))) -> 0 | N14: =IF(OR(EOMONTH($H14,0)>N$6,EOMONTH($I14,0)<N$6),0,IF(AND(EOMONTH($H14,0)<>N$6,EOMONTH($I14,0)<>N$6),$E14/$J14,IF(EOMONTH($H14,0)=N$6,(((N$6+1)-$H14)/(N$6-M$6))*($E14/$J14),IF(EOMONTH($I14,0)=N$6,(($I14-M$6)/(N$6-M$6))*($E14/$J14),"ERROR")))) -> 0 | O14: =IF(OR(EOMONTH($H14,0)>O$6,EOMONTH($I14,0)<O$6),0,IF(AND(EOMONTH($H14,0)<>O$6,EOMONTH($I14,0)<>O$6),$E14/$J14,IF(EOMONTH($H14,0)=O$6,(((O$6+1)-$H14)/(O$6-N$6))*($E14/$J14),IF(EOMONTH($I14,0)=O$6,(($I14-N$6)/(O$6-N$6))*($E14/$J14),"ERROR")))) -> 6527.455 | P14: =IF(OR(EOMONTH($H14,0)>P$6,EOMONTH($I14,0)<P$6),0,IF(AND(EOMONTH($H14,0)<>P$6,EOMONTH($I14,0)<>P$6),$E14/$J14,IF(EOMONTH($H14,0)=P$6,(((P$6+1)-$H14)/(P$6-O$6))*($E14/$J14),IF(EOMONTH($I14,0)=P$6,(($I14-O$6)/(P$6-O$6))*($E14/$J14),"ERROR")))) -> 6527.455 | Q14: =IF(OR(EOMONTH($H14,0)>Q$6,EOMONTH($I14,0)<Q$6),0,IF(AND(EOMONTH($H14,0)<>Q$6,EOMONTH($I14,0)<>Q$6),$E14/$J14,IF(EOMONTH($H14,0)=Q$6,(((Q$6+1)-$H14)/(Q$6-P$6))*($E14/$J14),IF(EOMONTH($I14,0)=Q$6,(($I14-P$6)/(Q$6-P$6))*($E14/$J14),"ERROR")))) -> 6527.455 | R14: =IF(OR(EOMONTH($H14,0)>R$6,EOMONTH($I14,0)<R$6),0,IF(AND(EOMONTH($H14,0)<>R$6,EOMONTH($I14,0)<>R$6),$E14/$J14,IF(EOMONTH($H14,0)=R$6,(((R$6+1)-$H14)/(R$6-Q$6))*($E14/$J14),IF(EOMONTH($I14,0)=R$6,(($I14-Q$6)/(R$6-Q$6))*($E14/$J14),"ERROR")))) -> 6527.455 | S14: =IF(OR(EOMONTH($H14,0)>S$6,EOMONTH($I14,0)<S$6),0,IF(AND(EOMONTH($H14,0)<>S$6,EOMONTH($I14,0)<>S$6),$E14/$J14,IF(EOMONTH($H14,0)=S$6,(((S$6+1)-$H14)/(S$6-R$6))*($E14/$J14),IF(EOMONTH($I14,0)=S$6,(($I14-R$6)/(S$6-R$6))*($E14/$J14),"ERROR")))) -> 6527.455 | ... AJ14: =IF(OR(EOMONTH($H14,0)>AJ$6,EOMONTH($I14,0)<AJ$6),0,IF(AND(EOMONTH($H14,0)<>AJ$6,EOMONTH($I14,0)<>AJ$6),$E14/$J14,IF(EOMONTH($H14,0)=AJ$6,(((AJ$6+1)-$H14)/(AJ$6-AI$6))*($E14/$J14),IF(EOMONTH($I14,0)=AJ$6,(($I14-AI$6)/(AJ$6-AI$6))*($E14/$J14),"ERROR")))) -> 0
C15: =data_Invoices!AD10 -> Vargas Inc | D15: =data_Invoices!Y10 -> 110 | E15: =data_Invoices!AW10 -> 90270.834 | F15: =data_Invoices!V10 -> 45358 | G15: =EOMONTH(F15,0) -> 45382 | H15: =EOMONTH(F15,0)+1 -> 45383 | I15: =EOMONTH(H15,J15-1) -> 45565 | J15: =IF(OR(C15="Vargas Inc",C15="ColemanLtd"),6,12) -> 6 | L15: =IF(OR(EOMONTH($H15,0)>L$6,EOMONTH($I15,0)<L$6),0,IF(AND(EOMONTH($H15,0)<>L$6,EOMONTH($I15,0)<>L$6),$E15/$J15,IF(EOMONTH($H15,0)=L$6,(((L$6+1)-$H15)/(L$6-K$6))*($E15/$J15),IF(EOMONTH($I15,0)=L$6,(($I15-K$6)/(L$6-K$6))*($E15/$J15),"ERROR")))) -> 0 | M15: =IF(OR(EOMONTH($H15,0)>M$6,EOMONTH($I15,0)<M$6),0,IF(AND(EOMONTH($H15,0)<>M$6,EOMONTH($I15,0)<>M$6),$E15/$J15,IF(EOMONTH($H15,0)=M$6,(((M$6+1)-$H15)/(M$6-L$6))*($E15/$J15),IF(EOMONTH($I15,0)=M$6,(($I15-L$6)/(M$6-L$6))*($E15/$J15),"ERROR")))) -> 0 | N15: =IF(OR(EOMONTH($H15,0)>N$6,EOMONTH($I15,0)<N$6),0,IF(AND(EOMONTH($H15,0)<>N$6,EOMONTH($I15,0)<>N$6),$E15/$J15,IF(EOMONTH($H15,0)=N$6,(((N$6+1)-$H15)/(N$6-M$6))*($E15/$J15),IF(EOMONTH($I15,0)=N$6,(($I15-M$6)/(N$6-M$6))*($E15/$J15),"ERROR")))) -> 0 | O15: =IF(OR(EOMONTH($H15,0)>O$6,EOMONTH($I15,0)<O$6),0,IF(AND(EOMONTH($H15,0)<>O$6,EOMONTH($I15,0)<>O$6),$E15/$J15,IF(EOMONTH($H15,0)=O$6,(((O$6+1)-$H15)/(O$6-N$6))*($E15/$J15),IF(EOMONTH($I15,0)=O$6,(($I15-N$6)/(O$6-N$6))*($E15/$J15),"ERROR")))) -> 0 | P15: =IF(OR(EOMONTH($H15,0)>P$6,EOMONTH($I15,0)<P$6),0,IF(AND(EOMONTH($H15,0)<>P$6,EOMONTH($I15,0)<>P$6),$E15/$J15,IF(EOMONTH($H15,0)=P$6,(((P$6+1)-$H15)/(P$6-O$6))*($E15/$J15),IF(EOMONTH($I15,0)=P$6,(($I15-O$6)/(P$6-O$6))*($E15/$J15),"ERROR")))) -> 15045.139 | Q15: =IF(OR(EOMONTH($H15,0)>Q$6,EOMONTH($I15,0)<Q$6),0,IF(AND(EOMONTH($H15,0)<>Q$6,EOMONTH($I15,0)<>Q$6),$E15/$J15,IF(EOMONTH($H15,0)=Q$6,(((Q$6+1)-$H15)/(Q$6-P$6))*($E15/$J15),IF(EOMONTH($I15,0)=Q$6,(($I15-P$6)/(Q$6-P$6))*($E15/$J15),"ERROR")))) -> 15045.139 | R15: =IF(OR(EOMONTH($H15,0)>R$6,EOMONTH($I15,0)<R$6),0,IF(AND(EOMONTH($H15,0)<>R$6,EOMONTH($I15,0)<>R$6),$E15/$J15,IF(EOMONTH($H15,0)=R$6,(((R$6+1)-$H15)/(R$6-Q$6))*($E15/$J15),IF(EOMONTH($I15,0)=R$6,(($I15-Q$6)/(R$6-Q$6))*($E15/$J15),"ERROR")))) -> 15045.139 | S15: =IF(OR(EOMONTH($H15,0)>S$6,EOMONTH($I15,0)<S$6),0,IF(AND(EOMONTH($H15,0)<>S$6,EOMONTH($I15,0)<>S$6),$E15/$J15,IF(EOMONTH($H15,0)=S$6,(((S$6+1)-$H15)/(S$6-R$6))*($E15/$J15),IF(EOMONTH($I15,0)=S$6,(($I15-R$6)/(S$6-R$6))*($E15/$J15),"ERROR")))) -> 15045.139 | ... AJ15: =IF(OR(EOMONTH($H15,0)>AJ$6,EOMONTH($I15,0)<AJ$6),0,IF(AND(EOMONTH($H15,0)<>AJ$6,EOMONTH($I15,0)<>AJ$6),$E15/$J15,IF(EOMONTH($H15,0)=AJ$6,(((AJ$6+1)-$H15)/(AJ$6-AI$6))*($E15/$J15),IF(EOMONTH($I15,0)=AJ$6,(($I15-AI$6)/(AJ$6-AI$6))*($E15/$J15),"ERROR")))) -> 0
C16: =data_Invoices!AD11 -> Pennington-Avery | D16: =data_Invoices!Y11 -> 114 | E16: =data_Invoices!AW11 -> 0 | F16: =data_Invoices!V11 -> 45382 | G16: =EOMONTH(F16,0) -> 45382 | H16: =EOMONTH(F16,0)+1 -> 45383 | I16: =EOMONTH(H16,J16-1) -> 45747 | J16: =IF(OR(C16="Vargas Inc",C16="ColemanLtd"),6,12) -> 12 | L16: =IF(OR(EOMONTH($H16,0)>L$6,EOMONTH($I16,0)<L$6),0,IF(AND(EOMONTH($H16,0)<>L$6,EOMONTH($I16,0)<>L$6),$E16/$J16,IF(EOMONTH($H16,0)=L$6,(((L$6+1)-$H16)/(L$6-K$6))*($E16/$J16),IF(EOMONTH($I16,0)=L$6,(($I16-K$6)/(L$6-K$6))*($E16/$J16),"ERROR")))) -> 0 | M16: =IF(OR(EOMONTH($H16,0)>M$6,EOMONTH($I16,0)<M$6),0,IF(AND(EOMONTH($H16,0)<>M$6,EOMONTH($I16,0)<>M$6),$E16/$J16,IF(EOMONTH($H16,0)=M$6,(((M$6+1)-$H16)/(M$6-L$6))*($E16/$J16),IF(EOMONTH($I16,0)=M$6,(($I16-L$6)/(M$6-L$6))*($E16/$J16),"ERROR")))) -> 0 | N16: =IF(OR(EOMONTH($H16,0)>N$6,EOMONTH($I16,0)<N$6),0,IF(AND(EOMONTH($H16,0)<>N$6,EOMONTH($I16,0)<>N$6),$E16/$J16,IF(EOMONTH($H16,0)=N$6,(((N$6+1)-$H16)/(N$6-M$6))*($E16/$J16),IF(EOMONTH($I16,0)=N$6,(($I16-M$6)/(N$6-M$6))*($E16/$J16),"ERROR")))) -> 0 | O16: =IF(OR(EOMONTH($H16,0)>O$6,EOMONTH($I16,0)<O$6),0,IF(AND(EOMONTH($H16,0)<>O$6,EOMONTH($I16,0)<>O$6),$E16/$J16,IF(EOMONTH($H16,0)=O$6,(((O$6+1)-$H16)/(O$6-N$6))*($E16/$J16),IF(EOMONTH($I16,0)=O$6,(($I16-N$6)/(O$6-N$6))*($E16/$J16),"ERROR")))) -> 0 | P16: =IF(OR(EOMONTH($H16,0)>P$6,EOMONTH($I16,0)<P$6),0,IF(AND(EOMONTH($H16,0)<>P$6,EOMONTH($I16,0)<>P$6),$E16/$J16,IF(EOMONTH($H16,0)=P$6,(((P$6+1)-$H16)/(P$6-O$6))*($E16/$J16),IF(EOMONTH($I16,0)=P$6,(($I16-O$6)/(P$6-O$6))*($E16/$J16),"ERROR")))) -> 0 | Q16: =IF(OR(EOMONTH($H16,0)>Q$6,EOMONTH($I16,0)<Q$6),0,IF(AND(EOMONTH($H16,0)<>Q$6,EOMONTH($I16,0)<>Q$6),$E16/$J16,IF(EOMONTH($H16,0)=Q$6,(((Q$6+1)-$H16)/(Q$6-P$6))*($E16/$J16),IF(EOMONTH($I16,0)=Q$6,(($I16-P$6)/(Q$6-P$6))*($E16/$J16),"ERROR")))) -> 0 | R16: =IF(OR(EOMONTH($H16,0)>R$6,EOMONTH($I16,0)<R$6),0,IF(AND(EOMONTH($H16,0)<>R$6,EOMONTH($I16,0)<>R$6),$E16/$J16,IF(EOMONTH($H16,0)=R$6,(((R$6+1)-$H16)/(R$6-Q$6))*($E16/$J16),IF(EOMONTH($I16,0)=R$6,(($I16-Q$6)/(R$6-Q$6))*($E16/$J16),"ERROR")))) -> 0 | S16: =IF(OR(EOMONTH($H16,0)>S$6,EOMONTH($I16,0)<S$6),0,IF(AND(EOMONTH($H16,0)<>S$6,EOMONTH($I16,0)<>S$6),$E16/$J16,IF(EOMONTH($H16,0)=S$6,(((S$6+1)-$H16)/(S$6-R$6))*($E16/$J16),IF(EOMONTH($I16,0)=S$6,(($I16-R$6)/(S$6-R$6))*($E16/$J16),"ERROR")))) -> 0 | ... AJ16: =IF(OR(EOMONTH($H16,0)>AJ$6,EOMONTH($I16,0)<AJ$6),0,IF(AND(EOMONTH($H16,0)<>AJ$6,EOMONTH($I16,0)<>AJ$6),$E16/$J16,IF(EOMONTH($H16,0)=AJ$6,(((AJ$6+1)-$H16)/(AJ$6-AI$6))*($E16/$J16),IF(EOMONTH($I16,0)=AJ$6,(($I16-AI$6)/(AJ$6-AI$6))*($E16/$J16),"ERROR")))) -> 0
C17: =data_Invoices!AD12 -> Bell-Moore | D17: =data_Invoices!Y12 -> 113 | E17: =data_Invoices!AW12 -> 157973.96 | F17: =data_Invoices!V12 -> 45379 | G17: =EOMONTH(F17,0) -> 45382 | H17: =EOMONTH(F17,0)+1 -> 45383 | I17: =EOMONTH(H17,J17-1) -> 45747 | J17: =IF(OR(C17="Vargas Inc",C17="ColemanLtd"),6,12) -> 12 | L17: =IF(OR(EOMONTH($H17,0)>L$6,EOMONTH($I17,0)<L$6),0,IF(AND(EOMONTH($H17,0)<>L$6,EOMONTH($I17,0)<>L$6),$E17/$J17,IF(EOMONTH($H17,0)=L$6,(((L$6+1)-$H17)/(L$6-K$6))*($E17/$J17),IF(EOMONTH($I17,0)=L$6,(($I17-K$6)/(L$6-K$6))*($E17/$J17),"ERROR")))) -> 0 | M17: =IF(OR(EOMONTH($H17,0)>M$6,EOMONTH($I17,0)<M$6),0,IF(AND(EOMONTH($H17,0)<>M$6,EOMONTH($I17,0)<>M$6),$E17/$J17,IF(EOMONTH($H17,0)=M$6,(((M$6+1)-$H17)/(M$6-L$6))*($E17/$J17),IF(EOMONTH($I17,0)=M$6,(($I17-L$6)/(M$6-L$6))*($E17/$J17),"ERROR")))) -> 0 | N17: =IF(OR(EOMONTH($H17,0)>N$6,EOMONTH($I17,0)<N$6),0,IF(AND(EOMONTH($H17,0)<>N$6,EOMONTH($I17,0)<>N$6),$E17/$J17,IF(EOMONTH($H17,0)=N$6,(((N$6+1)-$H17)/(N$6-M$6))*($E17/$J17),IF(EOMONTH($I17,0)=N$6,(($I17-M$6)/(N$6-M$6))*($E17/$J17),"ERROR")))) -> 0 | O17: =IF(OR(EOMONTH($H17,0)>O$6,EOMONTH($I17,0)<O$6),0,IF(AND(EOMONTH($H17,0)<>O$6,EOMONTH($I17,0)<>O$6),$E17/$J17,IF(EOMONTH($H17,0)=O$6,(((O$6+1)-$H17)/(O$6-N$6))*($E17/$J17),IF(EOMONTH($I17,0)=O$6,(($I17-N$6)/(O$6-N$6))*($E17/$J17),"ERROR")))) -> 0 | P17: =IF(OR(EOMONTH($H17,0)>P$6,EOMONTH($I17,0)<P$6),0,IF(AND(EOMONTH($H17,0)<>P$6,EOMONTH($I17,0)<>P$6),$E17/$J17,IF(EOMONTH($H17,0)=P$6,(((P$6+1)-$H17)/(P$6-O$6))*($E17/$J17),IF(EOMONTH($I17,0)=P$6,(($I17-O$6)/(P$6-O$6))*($E17/$J17),"ERROR")))) -> 13164.497 | Q17: =IF(OR(EOMONTH($H17,0)>Q$6,EOMONTH($I17,0)<Q$6),0,IF(AND(EOMONTH($H17,0)<>Q$6,EOMONTH($I17,0)<>Q$6),$E17/$J17,IF(EOMONTH($H17,0)=Q$6,(((Q$6+1)-$H17)/(Q$6-P$6))*($E17/$J17),IF(EOMONTH($I17,0)=Q$6,(($I17-P$6)/(Q$6-P$6))*($E17/$J17),"ERROR")))) -> 13164.497 | R17: =IF(OR(EOMONTH($H17,0)>R$6,EOMONTH($I17,0)<R$6),0,IF(AND(EOMONTH($H17,0)<>R$6,EOMONTH($I17,0)<>R$6),$E17/$J17,IF(EOMONTH($H17,0)=R$6,(((R$6+1)-$H17)/(R$6-Q$6))*($E17/$J17),IF(EOMONTH($I17,0)=R$6,(($I17-Q$6)/(R$6-Q$6))*($E17/$J17),"ERROR")))) -> 13164.497 | S17: =IF(OR(EOMONTH($H17,0)>S$6,EOMONTH($I17,0)<S$6),0,IF(AND(EOMONTH($H17,0)<>S$6,EOMONTH($I17,0)<>S$6),$E17/$J17,IF(EOMONTH($H17,0)=S$6,(((S$6+1)-$H17)/(S$6-R$6))*($E17/$J17),IF(EOMONTH($I17,0)=S$6,(($I17-R$6)/(S$6-R$6))*($E17/$J17),"ERROR")))) -> 13164.497 | ... AJ17: =IF(OR(EOMONTH($H17,0)>AJ$6,EOMONTH($I17,0)<AJ$6),0,IF(AND(EOMONTH($H17,0)<>AJ$6,EOMONTH($I17,0)<>AJ$6),$E17/$J17,IF(EOMONTH($H17,0)=AJ$6,(((AJ$6+1)-$H17)/(AJ$6-AI$6))*($E17/$J17),IF(EOMONTH($I17,0)=AJ$6,(($I17-AI$6)/(AJ$6-AI$6))*($E17/$J17),"ERROR")))) -> 0
C18: =data_Invoices!AD13 -> Mason, Ryan and Wells | D18: =data_Invoices!Y13 -> 112 | E18: =data_Invoices!AW13 -> 135406.25 | F18: =data_Invoices!V13 -> 45372 | G18: =EOMONTH(F18,0) -> 45382 | H18: =EOMONTH(F18,0)+1 -> 45383 | I18: =EOMONTH(H18,J18-1) -> 45747 | J18: =IF(OR(C18="Vargas Inc",C18="ColemanLtd"),6,12) -> 12 | L18: =IF(OR(EOMONTH($H18,0)>L$6,EOMONTH($I18,0)<L$6),0,IF(AND(EOMONTH($H18,0)<>L$6,EOMONTH($I18,0)<>L$6),$E18/$J18,IF(EOMONTH($H18,0)=L$6,(((L$6+1)-$H18)/(L$6-K$6))*($E18/$J18),IF(EOMONTH($I18,0)=L$6,(($I18-K$6)/(L$6-K$6))*($E18/$J18),"ERROR")))) -> 0 | M18: =IF(OR(EOMONTH($H18,0)>M$6,EOMONTH($I18,0)<M$6),0,IF(AND(EOMONTH($H18,0)<>M$6,EOMONTH($I18,0)<>M$6),$E18/$J18,IF(EOMONTH($H18,0)=M$6,(((M$6+1)-$H18)/(M$6-L$6))*($E18/$J18),IF(EOMONTH($I18,0)=M$6,(($I18-L$6)/(M$6-L$6))*($E18/$J18),"ERROR")))) -> 0 | N18: =IF(OR(EOMONTH($H18,0)>N$6,EOMONTH($I18,0)<N$6),0,IF(AND(EOMONTH($H18,0)<>N$6,EOMONTH($I18,0)<>N$6),$E18/$J18,IF(EOMONTH($H18,0)=N$6,(((N$6+1)-$H18)/(N$6-M$6))*($E18/$J18),IF(EOMONTH($I18,0)=N$6,(($I18-M$6)/(N$6-M$6))*($E18/$J18),"ERROR")))) -> 0 | O18: =IF(OR(EOMONTH($H18,0)>O$6,EOMONTH($I18,0)<O$6),0,IF(AND(EOMONTH($H18,0)<>O$6,EOMONTH($I18,0)<>O$6),$E18/$J18,IF(EOMONTH($H18,0)=O$6,(((O$6+1)-$H18)/(O$6-N$6))*($E18/$J18),IF(EOMONTH($I18,0)=O$6,(($I18-N$6)/(O$6-N$6))*($E18/$J18),"ERROR")))) -> 0 | P18: =IF(OR(EOMONTH($H18,0)>P$6,EOMONTH($I18,0)<P$6),0,IF(AND(EOMONTH($H18,0)<>P$6,EOMONTH($I18,0)<>P$6),$E18/$J18,IF(EOMONTH($H18,0)=P$6,(((P$6+1)-$H18)/(P$6-O$6))*($E18/$J18),IF(EOMONTH($I18,0)=P$6,(($I18-O$6)/(P$6-O$6))*($E18/$J18),"ERROR")))) -> 11283.854 | Q18: =IF(OR(EOMONTH($H18,0)>Q$6,EOMONTH($I18,0)<Q$6),0,IF(AND(EOMONTH($H18,0)<>Q$6,EOMONTH($I18,0)<>Q$6),$E18/$J18,IF(EOMONTH($H18,0)=Q$6,(((Q$6+1)-$H18)/(Q$6-P$6))*($E18/$J18),IF(EOMONTH($I18,0)=Q$6,(($I18-P$6)/(Q$6-P$6))*($E18/$J18),"ERROR")))) -> 11283.854 | R18: =IF(OR(EOMONTH($H18,0)>R$6,EOMONTH($I18,0)<R$6),0,IF(AND(EOMONTH($H18,0)<>R$6,EOMONTH($I18,0)<>R$6),$E18/$J18,IF(EOMONTH($H18,0)=R$6,(((R$6+1)-$H18)/(R$6-Q$6))*($E18/$J18),IF(EOMONTH($I18,0)=R$6,(($I18-Q$6)/(R$6-Q$6))*($E18/$J18),"ERROR")))) -> 11283.854 | S18: =IF(OR(EOMONTH($H18,0)>S$6,EOMONTH($I18,0)<S$6),0,IF(AND(EOMONTH($H18,0)<>S$6,EOMONTH($I18,0)<>S$6),$E18/$J18,IF(EOMONTH($H18,0)=S$6,(((S$6+1)-$H18)/(S$6-R$6))*($E18/$J18),IF(EOMONTH($I18,0)=S$6,(($I18-R$6)/(S$6-R$6))*($E18/$J18),"ERROR")))) -> 11283.854 | ... AJ18: =IF(OR(EOMONTH($H18,0)>AJ$6,EOMONTH($I18,0)<AJ$6),0,IF(AND(EOMONTH($H18,0)<>AJ$6,EOMONTH($I18,0)<>AJ$6),$E18/$J18,IF(EOMONTH($H18,0)=AJ$6,(((AJ$6+1)-$H18)/(AJ$6-AI$6))*($E18/$J18),IF(EOMONTH($I18,0)=AJ$6,(($I18-AI$6)/(AJ$6-AI$6))*($E18/$J18),"ERROR")))) -> 0
... C20: =data_Invoices!AD15 -> Anderson-Waller | D20: =data_Invoices!Y15 -> 103 | E20: =data_Invoices!AW15 -> 76340.45 | F20: =data_Invoices!V15 -> 45309 | G20: =EOMONTH(F20,0) -> 45322 | H20: =EOMONTH(F20,0)+1 -> 45323 | I20: =EOMONTH(H20,J20-1) -> 45688 | J20: =IF(OR(C20="Vargas Inc",C20="ColemanLtd"),6,12) -> 12 | L20: =IF(OR(EOMONTH($H20,0)>L$6,EOMONTH($I20,0)<L$6),0,IF(AND(EOMONTH($H20,0)<>L$6,EOMONTH($I20,0)<>L$6),$E20/$J20,IF(EOMONTH($H20,0)=L$6,(((L$6+1)-$H20)/(L$6-K$6))*($E20/$J20),IF(EOMONTH($I20,0)=L$6,(($I20-K$6)/(L$6-K$6))*($E20/$J20),"ERROR")))) -> 0 | M20: =IF(OR(EOMONTH($H20,0)>M$6,EOMONTH($I20,0)<M$6),0,IF(AND(EOMONTH($H20,0)<>M$6,EOMONTH($I20,0)<>M$6),$E20/$J20,IF(EOMONTH($H20,0)=M$6,(((M$6+1)-$H20)/(M$6-L$6))*($E20/$J20),IF(EOMONTH($I20,0)=M$6,(($I20-L$6)/(M$6-L$6))*($E20/$J20),"ERROR")))) -> 0 | N20: =IF(OR(EOMONTH($H20,0)>N$6,EOMONTH($I20,0)<N$6),0,IF(AND(EOMONTH($H20,0)<>N$6,EOMONTH($I20,0)<>N$6),$E20/$J20,IF(EOMONTH($H20,0)=N$6,(((N$6+1)-$H20)/(N$6-M$6))*($E20/$J20),IF(EOMONTH($I20,0)=N$6,(($I20-M$6)/(N$6-M$6))*($E20/$J20),"ERROR")))) -> 6361.7042 | O20: =IF(OR(EOMONTH($H20,0)>O$6,EOMONTH($I20,0)<O$6),0,IF(AND(EOMONTH($H20,0)<>O$6,EOMONTH($I20,0)<>O$6),$E20/$J20,IF(EOMONTH($H20,0)=O$6,(((O$6+1)-$H20)/(O$6-N$6))*($E20/$J20),IF(EOMONTH($I20,0)=O$6,(($I20-N$6)/(O$6-N$6))*($E20/$J20),"ERROR")))) -> 6361.7042 | P20: =IF(OR(EOMONTH($H20,0)>P$6,EOMONTH($I20,0)<P$6),0,IF(AND(EOMONTH($H20,0)<>P$6,EOMONTH($I20,0)<>P$6),$E20/$J20,IF(EOMONTH($H20,0)=P$6,(((P$6+1)-$H20)/(P$6-O$6))*($E20/$J20),IF(EOMONTH($I20,0)=P$6,(($I20-O$6)/(P$6-O$6))*($E20/$J20),"ERROR")))) -> 6361.7042 | Q20: =IF(OR(EOMONTH($H20,0)>Q$6,EOMONTH($I20,0)<Q$6),0,IF(AND(EOMONTH($H20,0)<>Q$6,EOMONTH($I20,0)<>Q$6),$E20/$J20,IF(EOMONTH($H20,0)=Q$6,(((Q$6+1)-$H20)/(Q$6-P$6))*($E20/$J20),IF(EOMONTH($I20,0)=Q$6,(($I20-P$6)/(Q$6-P$6))*($E20/$J20),"ERROR")))) -> 6361.7042 | R20: =IF(OR(EOMONTH($H20,0)>R$6,EOMONTH($I20,0)<R$6),0,IF(AND(EOMONTH($H20,0)<>R$6,EOMONTH($I20,0)<>R$6),$E20/$J20,IF(EOMONTH($H20,0)=R$6,(((R$6+1)-$H20)/(R$6-Q$6))*($E20/$J20),IF(EOMONTH($I20,0)=R$6,(($I20-Q$6)/(R$6-Q$6))*($E20/$J20),"ERROR")))) -> 6361.7042 | S20: =IF(OR(EOMONTH($H20,0)>S$6,EOMONTH($I20,0)<S$6),0,IF(AND(EOMONTH($H20,0)<>S$6,EOMONTH($I20,0)<>S$6),$E20/$J20,IF(EOMONTH($H20,0)=S$6,(((S$6+1)-$H20)/(S$6-R$6))*($E20/$J20),IF(EOMONTH($I20,0)=S$6,(($I20-R$6)/(S$6-R$6))*($E20/$J20),"ERROR")))) -> 6361.7042 | ... AJ20: =IF(OR(EOMONTH($H20,0)>AJ$6,EOMONTH($I20,0)<AJ$6),0,IF(AND(EOMONTH($H20,0)<>AJ$6,EOMONTH($I20,0)<>AJ$6),$E20/$J20,IF(EOMONTH($H20,0)=AJ$6,(((AJ$6+1)-$H20)/(AJ$6-AI$6))*($E20/$J20),IF(EOMONTH($I20,0)=AJ$6,(($I20-AI$6)/(AJ$6-AI$6))*($E20/$J20),"ERROR")))) -> 0
G21: =EOMONTH(F21,0) -> 31 | L21: =IF(OR(EOMONTH($H21,0)>L$6,EOMONTH($I21,0)<L$6),0,IF(AND(EOMONTH($H21,0)<>L$6,EOMONTH($I21,0)<>L$6),$E21/$J21,IF(EOMONTH($H21,0)=L$6,(((L$6+1)-$H21)/(L$6-K$6))*($E21/$J21),IF(EOMONTH($I21,0)=L$6,(($I21-K$6)/(L$6-K$6))*($E21/$J21),"ERROR")))) -> 0 | M21: =IF(OR(EOMONTH($H21,0)>M$6,EOMONTH($I21,0)<M$6),0,IF(AND(EOMONTH($H21,0)<>M$6,EOMONTH($I21,0)<>M$6),$E21/$J21,IF(EOMONTH($H21,0)=M$6,(((M$6+1)-$H21)/(M$6-L$6))*($E21/$J21),IF(EOMONTH($I21,0)=M$6,(($I21-L$6)/(M$6-L$6))*($E21/$J21),"ERROR")))) -> 0 | N21: =IF(OR(EOMONTH($H21,0)>N$6,EOMONTH($I21,0)<N$6),0,IF(AND(EOMONTH($H21,0)<>N$6,EOMONTH($I21,0)<>N$6),$E21/$J21,IF(EOMONTH($H21,0)=N$6,(((N$6+1)-$H21)/(N$6-M$6))*($E21/$J21),IF(EOMONTH($I21,0)=N$6,(($I21-M$6)/(N$6-M$6))*($E21/$J21),"ERROR")))) -> 0 | O21: =IF(OR(EOMONTH($H21,0)>O$6,EOMONTH($I21,0)<O$6),0,IF(AND(EOMONTH($H21,0)<>O$6,EOMONTH($I21,0)<>O$6),$E21/$J21,IF(EOMONTH($H21,0)=O$6,(((O$6+1)-$H21)/(O$6-N$6))*($E21/$J21),IF(EOMONTH($I21,0)=O$6,(($I21-N$6)/(O$6-N$6))*($E21/$J21),"ERROR")))) -> 0 | P21: =IF(OR(EOMONTH($H21,0)>P$6,EOMONTH($I21,0)<P$6),0,IF(AND(EOMONTH($H21,0)<>P$6,EOMONTH($I21,0)<>P$6),$E21/$J21,IF(EOMONTH($H21,0)=P$6,(((P$6+1)-$H21)/(P$6-O$6))*($E21/$J21),IF(EOMONTH($I21,0)=P$6,(($I21-O$6)/(P$6-O$6))*($E21/$J21),"ERROR")))) -> 0 | Q21: =IF(OR(EOMONTH($H21,0)>Q$6,EOMONTH($I21,0)<Q$6),0,IF(AND(EOMONTH($H21,0)<>Q$6,EOMONTH($I21,0)<>Q$6),$E21/$J21,IF(EOMONTH($H21,0)=Q$6,(((Q$6+1)-$H21)/(Q$6-P$6))*($E21/$J21),IF(EOMONTH($I21,0)=Q$6,(($I21-P$6)/(Q$6-P$6))*($E21/$J21),"ERROR")))) -> 0 | R21: =IF(OR(EOMONTH($H21,0)>R$6,EOMONTH($I21,0)<R$6),0,IF(AND(EOMONTH($H21,0)<>R$6,EOMONTH($I21,0)<>R$6),$E21/$J21,IF(EOMONTH($H21,0)=R$6,(((R$6+1)-$H21)/(R$6-Q$6))*($E21/$J21),IF(EOMONTH($I21,0)=R$6,(($I21-Q$6)/(R$6-Q$6))*($E21/$J21),"ERROR")))) -> 0 | S21: =IF(OR(EOMONTH($H21,0)>S$6,EOMONTH($I21,0)<S$6),0,IF(AND(EOMONTH($H21,0)<>S$6,EOMONTH($I21,0)<>S$6),$E21/$J21,IF(EOMONTH($H21,0)=S$6,(((S$6+1)-$H21)/(S$6-R$6))*($E21/$J21),IF(EOMONTH($I21,0)=S$6,(($I21-R$6)/(S$6-R$6))*($E21/$J21),"ERROR")))) -> 0 | ... AJ21: =IF(OR(EOMONTH($H21,0)>AJ$6,EOMONTH($I21,0)<AJ$6),0,IF(AND(EOMONTH($H21,0)<>AJ$6,EOMONTH($I21,0)<>AJ$6),$E21/$J21,IF(EOMONTH($H21,0)=AJ$6,(((AJ$6+1)-$H21)/(AJ$6-AI$6))*($E21/$J21),IF(EOMONTH($I21,0)=AJ$6,(($I21-AI$6)/(AJ$6-AI$6))*($E21/$J21),"ERROR")))) -> 0
G22: =EOMONTH(F22,0) -> 31 | L22: =IF(OR(EOMONTH($H22,0)>L$6,EOMONTH($I22,0)<L$6),0,IF(AND(EOMONTH($H22,0)<>L$6,EOMONTH($I22,0)<>L$6),$E22/$J22,IF(EOMONTH($H22,0)=L$6,(((L$6+1)-$H22)/(L$6-K$6))*($E22/$J22),IF(EOMONTH($I22,0)=L$6,(($I22-K$6)/(L$6-K$6))*($E22/$J22),"ERROR")))) -> 0 | M22: =IF(OR(EOMONTH($H22,0)>M$6,EOMONTH($I22,0)<M$6),0,IF(AND(EOMONTH($H22,0)<>M$6,EOMONTH($I22,0)<>M$6),$E22/$J22,IF(EOMONTH($H22,0)=M$6,(((M$6+1)-$H22)/(M$6-L$6))*($E22/$J22),IF(EOMONTH($I22,0)=M$6,(($I22-L$6)/(M$6-L$6))*($E22/$J22),"ERROR")))) -> 0 | N22: =IF(OR(EOMONTH($H22,0)>N$6,EOMONTH($I22,0)<N$6),0,IF(AND(EOMONTH($H22,0)<>N$6,EOMONTH($I22,0)<>N$6),$E22/$J22,IF(EOMONTH($H22,0)=N$6,(((N$6+1)-$H22)/(N$6-M$6))*($E22/$J22),IF(EOMONTH($I22,0)=N$6,(($I22-M$6)/(N$6-M$6))*($E22/$J22),"ERROR")))) -> 0 | O22: =IF(OR(EOMONTH($H22,0)>O$6,EOMONTH($I22,0)<O$6),0,IF(AND(EOMONTH($H22,0)<>O$6,EOMONTH($I22,0)<>O$6),$E22/$J22,IF(EOMONTH($H22,0)=O$6,(((O$6+1)-$H22)/(O$6-N$6))*($E22/$J22),IF(EOMONTH($I22,0)=O$6,(($I22-N$6)/(O$6-N$6))*($E22/$J22),"ERROR")))) -> 0 | P22: =IF(OR(EOMONTH($H22,0)>P$6,EOMONTH($I22,0)<P$6),0,IF(AND(EOMONTH($H22,0)<>P$6,EOMONTH($I22,0)<>P$6),$E22/$J22,IF(EOMONTH($H22,0)=P$6,(((P$6+1)-$H22)/(P$6-O$6))*($E22/$J22),IF(EOMONTH($I22,0)=P$6,(($I22-O$6)/(P$6-O$6))*($E22/$J22),"ERROR")))) -> 0 | Q22: =IF(OR(EOMONTH($H22,0)>Q$6,EOMONTH($I22,0)<Q$6),0,IF(AND(EOMONTH($H22,0)<>Q$6,EOMONTH($I22,0)<>Q$6),$E22/$J22,IF(EOMONTH($H22,0)=Q$6,(((Q$6+1)-$H22)/(Q$6-P$6))*($E22/$J22),IF(EOMONTH($I22,0)=Q$6,(($I22-P$6)/(Q$6-P$6))*($E22/$J22),"ERROR")))) -> 0 | R22: =IF(OR(EOMONTH($H22,0)>R$6,EOMONTH($I22,0)<R$6),0,IF(AND(EOMONTH($H22,0)<>R$6,EOMONTH($I22,0)<>R$6),$E22/$J22,IF(EOMONTH($H22,0)=R$6,(((R$6+1)-$H22)/(R$6-Q$6))*($E22/$J22),IF(EOMONTH($I22,0)=R$6,(($I22-Q$6)/(R$6-Q$6))*($E22/$J22),"ERROR")))) -> 0 | S22: =IF(OR(EOMONTH($H22,0)>S$6,EOMONTH($I22,0)<S$6),0,IF(AND(EOMONTH($H22,0)<>S$6,EOMONTH($I22,0)<>S$6),$E22/$J22,IF(EOMONTH($H22,0)=S$6,(((S$6+1)-$H22)/(S$6-R$6))*($E22/$J22),IF(EOMONTH($I22,0)=S$6,(($I22-R$6)/(S$6-R$6))*($E22/$J22),"ERROR")))) -> 0 | ... AJ22: =IF(OR(EOMONTH($H22,0)>AJ$6,EOMONTH($I22,0)<AJ$6),0,IF(AND(EOMONTH($H22,0)<>AJ$6,EOMONTH($I22,0)<>AJ$6),$E22/$J22,IF(EOMONTH($H22,0)=AJ$6,(((AJ$6+1)-$H22)/(AJ$6-AI$6))*($E22/$J22),IF(EOMONTH($I22,0)=AJ$6,(($I22-AI$6)/(AJ$6-AI$6))*($E22/$J22),"ERROR")))) -> 0
G23: =EOMONTH(F23,0) -> 31 | L23: =IF(OR(EOMONTH($H23,0)>L$6,EOMONTH($I23,0)<L$6),0,IF(AND(EOMONTH($H23,0)<>L$6,EOMONTH($I23,0)<>L$6),$E23/$J23,IF(EOMONTH($H23,0)=L$6,(((L$6+1)-$H23)/(L$6-K$6))*($E23/$J23),IF(EOMONTH($I23,0)=L$6,(($I23-K$6)/(L$6-K$6))*($E23/$J23),"ERROR")))) -> 0 | M23: =IF(OR(EOMONTH($H23,0)>M$6,EOMONTH($I23,0)<M$6),0,IF(AND(EOMONTH($H23,0)<>M$6,EOMONTH($I23,0)<>M$6),$E23/$J23,IF(EOMONTH($H23,0)=M$6,(((M$6+1)-$H23)/(M$6-L$6))*($E23/$J23),IF(EOMONTH($I23,0)=M$6,(($I23-L$6)/(M$6-L$6))*($E23/$J23),"ERROR")))) -> 0 | N23: =IF(OR(EOMONTH($H23,0)>N$6,EOMONTH($I23,0)<N$6),0,IF(AND(EOMONTH($H23,0)<>N$6,EOMONTH($I23,0)<>N$6),$E23/$J23,IF(EOMONTH($H23,0)=N$6,(((N$6+1)-$H23)/(N$6-M$6))*($E23/$J23),IF(EOMONTH($I23,0)=N$6,(($I23-M$6)/(N$6-M$6))*($E23/$J23),"ERROR")))) -> 0 | O23: =IF(OR(EOMONTH($H23,0)>O$6,EOMONTH($I23,0)<O$6),0,IF(AND(EOMONTH($H23,0)<>O$6,EOMONTH($I23,0)<>O$6),$E23/$J23,IF(EOMONTH($H23,0)=O$6,(((O$6+1)-$H23)/(O$6-N$6))*($E23/$J23),IF(EOMONTH($I23,0)=O$6,(($I23-N$6)/(O$6-N$6))*($E23/$J23),"ERROR")))) -> 0 | P23: =IF(OR(EOMONTH($H23,0)>P$6,EOMONTH($I23,0)<P$6),0,IF(AND(EOMONTH($H23,0)<>P$6,EOMONTH($I23,0)<>P$6),$E23/$J23,IF(EOMONTH($H23,0)=P$6,(((P$6+1)-$H23)/(P$6-O$6))*($E23/$J23),IF(EOMONTH($I23,0)=P$6,(($I23-O$6)/(P$6-O$6))*($E23/$J23),"ERROR")))) -> 0 | Q23: =IF(OR(EOMONTH($H23,0)>Q$6,EOMONTH($I23,0)<Q$6),0,IF(AND(EOMONTH($H23,0)<>Q$6,EOMONTH($I23,0)<>Q$6),$E23/$J23,IF(EOMONTH($H23,0)=Q$6,(((Q$6+1)-$H23)/(Q$6-P$6))*($E23/$J23),IF(EOMONTH($I23,0)=Q$6,(($I23-P$6)/(Q$6-P$6))*($E23/$J23),"ERROR")))) -> 0 | R23: =IF(OR(EOMONTH($H23,0)>R$6,EOMONTH($I23,0)<R$6),0,IF(AND(EOMONTH($H23,0)<>R$6,EOMONTH($I23,0)<>R$6),$E23/$J23,IF(EOMONTH($H23,0)=R$6,(((R$6+1)-$H23)/(R$6-Q$6))*($E23/$J23),IF(EOMONTH($I23,0)=R$6,(($I23-Q$6)/(R$6-Q$6))*($E23/$J23),"ERROR")))) -> 0 | S23: =IF(OR(EOMONTH($H23,0)>S$6,EOMONTH($I23,0)<S$6),0,IF(AND(EOMONTH($H23,0)<>S$6,EOMONTH($I23,0)<>S$6),$E23/$J23,IF(EOMONTH($H23,0)=S$6,(((S$6+1)-$H23)/(S$6-R$6))*($E23/$J23),IF(EOMONTH($I23,0)=S$6,(($I23-R$6)/(S$6-R$6))*($E23/$J23),"ERROR")))) -> 0 | ... AJ23: =IF(OR(EOMONTH($H23,0)>AJ$6,EOMONTH($I23,0)<AJ$6),0,IF(AND(EOMONTH($H23,0)<>AJ$6,EOMONTH($I23,0)<>AJ$6),$E23/$J23,IF(EOMONTH($H23,0)=AJ$6,(((AJ$6+1)-$H23)/(AJ$6-AI$6))*($E23/$J23),IF(EOMONTH($I23,0)=AJ$6,(($I23-AI$6)/(AJ$6-AI$6))*($E23/$J23),"ERROR")))) -> 0
C25: Total Revenue | E25: =SUM(E7:E24) -> 1265904.4 | L25: =SUM(L7:L24) -> 0 | M25: =SUM(M7:M24) -> 0 | N25: =SUM(N7:N24) -> 39431.774 | O25: =SUM(O7:O24) -> 82324.72 | P25: =SUM(P7:P24) -> 127460.14 | Q25: =SUM(Q7:Q24) -> 127460.14 | R25: =SUM(R7:R24) -> 127460.14 | S25: =SUM(S7:S24) -> 127460.14 | ... AJ25: =SUM(AJ7:AJ24) -> 0
C27: Check | E27: =E25-SUM(data_Invoices!AW:AW) -> 0
C31: New Invoices | E31: =SUM(K31:AK31)-E25 -> 0 | L31: =SUMIF($G$7:$G$24,L$6,$E$7:$E$24) -> 0 | M31: =SUMIF($G$7:$G$24,M$6,$E$7:$E$24) -> 387279.13 | N31: =SUMIF($G$7:$G$24,N$6,$E$7:$E$24) -> 427271.15 | O31: =SUMIF($G$7:$G$24,O$6,$E$7:$E$24) -> 451354.17 | P31: =SUMIF($G$7:$G$24,P$6,$E$7:$E$24) -> 0 | Q31: =SUMIF($G$7:$G$24,Q$6,$E$7:$E$24) -> 0 | R31: =SUMIF($G$7:$G$24,R$6,$E$7:$E$24) -> 0 | S31: =SUMIF($G$7:$G$24,S$6,$E$7:$E$24) -> 0 | ... AJ31: =SUMIF($G$7:$G$24,AJ$6,$E$7:$E$24) -> 0
C33: Revenue To Recogize in Month | E33: =SUM(K33:AK33)-E25 -> 0 | L33: =L25 -> 0 | M33: =M25 -> 0 | N33: =N25 -> 39431.774 | O33: =O25 -> 82324.72 | P33: =P25 -> 127460.14 | Q33: =Q25 -> 127460.14 | R33: =R25 -> 127460.14 | S33: =S25 -> 127460.14 | ... AJ33: =AJ25 -> 0
C35: Deferred Revenue Balance at Month End | L35: =K35+L31-L33 -> 0 | M35: =L35+M31-M33 -> 387279.13 | N35: =M35+N31-N33 -> 775118.51 | O35: =N35+O31-O33 -> 1144148 | P35: =O35+P31-P33 -> 1016687.8 | Q35: =P35+Q31-Q33 -> 889227.68 | R35: =Q35+R31-R33 -> 761767.54 | S35: =R35+S31-S33 -> 634307.41 | ... AJ35: =AI35+AJ31-AJ33 -> 0
C37: Check to Balance Sheet | M37: =M35-_xlfn.XLOOKUP(" Deferred Revenue",check_BS!$P:$P,check_BS!Q:Q) -> 0 | N37: =N35-_xlfn.XLOOKUP(" Deferred Revenue",check_BS!$P:$P,check_BS!R:R) -> 0 | O37: =O35-_xlfn.XLOOKUP(" Deferred Revenue",check_BS!$P:$P,check_BS!S:S) -> 0

Sheet load_Journals
A1: quickbooks | C1: JOURNAL ENTRIES: ABC Widgets | F1: These columns have intentionally been left blank. Feel free to add any formulas or notes here, they will not affect the function of this sheet nor will they be overwritten when data syncs. | P1: # | Q1: Action | R1: Status | T1: ID * | U1: Sync Token * | V1: Line ID * | W1: Date * | X1: Journal # | Y1: Adjusting | Z1: Notes | AA1: Credit | AB1: Debit | AC1: Account * | AD1: Description | AE1: Customer | AF1: Vendor | AG1: Location | AH1: Class | AI1: Account ID * | AJ1: Customer ID | AK1: Vendor ID | AL1: Location ID | AM1: Class ID
A2: journal_entries | C2: Create, download, and update Journal Entries in Quickbooks. | P2: =IF(W2<>"",MAX(P$1:P1)+1,IF(AND(_xlfn.CONCAT(T2:AM2)<>"", OR(LEFT(_xlfn.CONCAT(T2:AM2),5)<>"FALSE",RIGHT(_xlfn.CONCAT(T2:AM2),5)<>"FALSE")),IF(AND(ISNUMBER(P1),P1>0),P1,0),"")) -> 1 | Q2: UPLOAD | R2: =IF(T2<>"",IF(Q2<>"","Edited","Synced"),IF(P2="","",IF(OR(AC2 = "",AI2 = ""),"Invalid","New"))) -> New | W2: =date -> 45382 | AB2: =_xlfn.XLOOKUP(load_Journals!W2,'Revenue Schedule'!$6:$6,'Revenue Schedule'!$31:$31) -> 451354.17 | AC2: Services Revenue | AD2: ="To move "&TEXT(W2,"mmm YYYY")&" invoices to deferred revenue" -> To move Mar 2024 invoices to deferred revenue | AI2: =IFERROR(IF(LEN(VLOOKUP(AC2, QUICKBOOKS_9130357949969096!$A:$B, 2, 0))=0,"",VLOOKUP(AC2, QUICKBOOKS_9130357949969096!$A:$B, 2, 0)),"") -> 5 | AJ2: =IFERROR(IF(LEN(VLOOKUP(AE2, QUICKBOOKS_9130357949969096!$C:$E, 3, 0))=0,"",VLOOKUP(AE2, QUICKBOOKS_9130357949969096!$C:$E, 3, 0)),"") | AK2: =IFERROR(IF(LEN(VLOOKUP(AF2, QUICKBOOKS_9130357949969096!$F:$G, 2, 0))=0,"",VLOOKUP(AF2, QUICKBOOKS_9130357949969096!$F:$G, 2, 0)),"") | AM2: =IFERROR(IF(LEN(VLOOKUP(AH2, QUICKBOOKS_9130357949969096!$J:$K, 2, 0))=0,"",VLOOKUP(AH2, QUICKBOOKS_9130357949969096!$J:$K, 2, 0)),"")
A3: 9130357949969096 | P3: =IF(W3<>"",MAX(P$1:P2)+1,IF(AND(_xlfn.CONCAT(T3:AM3)<>"", OR(LEFT(_xlfn.CONCAT(T3:AM3),5)<>"FALSE",RIGHT(_xlfn.CONCAT(T3:AM3),5)<>"FALSE")),IF(AND(ISNUMBER(P2),P2>0),P2,0),"")) -> 1 | Q3: UPLOAD | R3: =IF(T3<>"",IF(Q3<>"","Edited","Synced"),IF(P3="","",IF(OR(AC3 = "",AI3 = ""),"Invalid","New"))) -> New | AA3: =AB2 -> 451354.17 | AC3: Deferred Revenue | AD3: =AD2 -> To move Mar 2024 invoices to deferred revenue | AI3: =IFERROR(IF(LEN(VLOOKUP(AC3, QUICKBOOKS_9130357949969096!$A:$B, 2, 0))=0,"",VLOOKUP(AC3, QUICKBOOKS_9130357949969096!$A:$B, 2, 0)),"") -> 152 | AJ3: =IFERROR(IF(LEN(VLOOKUP(AE3, QUICKBOOKS_9130357949969096!$C:$E, 3, 0))=0,"",VLOOKUP(AE3, QUICKBOOKS_9130357949969096!$C:$E, 3, 0)),"") | AK3: =IFERROR(IF(LEN(VLOOKUP(AF3, QUICKBOOKS_9130357949969096!$F:$G, 2, 0))=0,"",VLOOKUP(AF3, QUICKBOOKS_9130357949969096!$F:$G, 2, 0)),"") | AM3: =IFERROR(IF(LEN(VLOOKUP(AH3, QUICKBOOKS_9130357949969096!$J:$K, 2, 0))=0,"",VLOOKUP(AH3, QUICKBOOKS_9130357949969096!$J:$K, 2, 0)),"")
A4: resource | C4: Use this sheet to connect to your data directly from Excel, | P4: =IF(W4<>"",MAX(P$1:P3)+1,IF(AND(_xlfn.CONCAT(T4:AM4)<>"", OR(LEFT(_xlfn.CONCAT(T4:AM4),5)<>"FALSE",RIGHT(_xlfn.CONCAT(T4:AM4),5)<>"FALSE")),IF(AND(ISNUMBER(P3),P3>0),P3,0),"")) -> 2 | Q4: UPLOAD | R4: =IF(T4<>"",IF(Q4<>"","Edited","Synced"),IF(P4="","",IF(OR(AC4 = "",AI4 = ""),"Invalid","New"))) -> New | W4: =date -> 45382 | AA4: =_xlfn.XLOOKUP(load_Journals!W2,'Revenue Schedule'!$6:$6,'Revenue Schedule'!$33:$33) -> 82324.72 | AC4: Services Revenue | AD4: ="Revenue Recognition for "&TEXT(W4,"mmm YYYY") -> Revenue Recognition for Mar 2024 | AI4: =IFERROR(IF(LEN(VLOOKUP(AC4, QUICKBOOKS_9130357949969096!$A:$B, 2, 0))=0,"",VLOOKUP(AC4, QUICKBOOKS_9130357949969096!$A:$B, 2, 0)),"") -> 5 | AJ4: =IFERROR(IF(LEN(VLOOKUP(AE4, QUICKBOOKS_9130357949969096!$C:$E, 3, 0))=0,"",VLOOKUP(AE4, QUICKBOOKS_9130357949969096!$C:$E, 3, 0)),"") | AK4: =IFERROR(IF(LEN(VLOOKUP(AF4, QUICKBOOKS_9130357949969096!$F:$G, 2, 0))=0,"",VLOOKUP(AF4, QUICKBOOKS_9130357949969096!$F:$G, 2, 0)),"") | AM4: =IFERROR(IF(LEN(VLOOKUP(AH4, QUICKBOOKS_9130357949969096!$J:$K, 2, 0))=0,"",VLOOKUP(AH4, QUICKBOOKS_9130357949969096!$J:$K, 2, 0)),"")
C5: and control it with the buttons in the Amalgam Excel plugin. | P5: =IF(W5<>"",MAX(P$1:P4)+1,IF(AND(_xlfn.CONCAT(T5:AM5)<>"", OR(LEFT(_xlfn.CONCAT(T5:AM5),5)<>"FALSE",RIGHT(_xlfn.CONCAT(T5:AM5),5)<>"FALSE")),IF(AND(ISNUMBER(P4),P4>0),P4,0),"")) -> 2 | Q5: UPLOAD | R5: =IF(T5<>"",IF(Q5<>"","Edited","Synced"),IF(P5="","",IF(OR(AC5 = "",AI5 = ""),"Invalid","New"))) -> New | AB5: =AA4 -> 82324.72 | AC5: Deferred Revenue | AD5: =AD4 -> Revenue Recognition for Mar 2024 | AI5: =IFERROR(IF(LEN(VLOOKUP(AC5, QUICKBOOKS_9130357949969096!$A:$B, 2, 0))=0,"",VLOOKUP(AC5, QUICKBOOKS_9130357949969096!$A:$B, 2, 0)),"") -> 152 | AJ5: =IFERROR(IF(LEN(VLOOKUP(AE5, QUICKBOOKS_9130357949969096!$C:$E, 3, 0))=0,"",VLOOKUP(AE5, QUICKBOOKS_9130357949969096!$C:$E, 3, 0)),"") | AK5: =IFERROR(IF(LEN(VLOOKUP(AF5, QUICKBOOKS_9130357949969096!$F:$G, 2, 0))=0,"",VLOOKUP(AF5, QUICKBOOKS_9130357949969096!$F:$G, 2, 0)),"") | AM5: =IFERROR(IF(LEN(VLOOKUP(AH5, QUICKBOOKS_9130357949969096!$J:$K, 2, 0))=0,"",VLOOKUP(AH5, QUICKBOOKS_9130357949969096!$J:$K, 2, 0)),"")
C6: Data to the right can sync with just a click of a button. | P6: =IF(W6<>"",MAX(P$1:P5)+1,IF(AND(_xlfn.CONCAT(T6:AM6)<>"", OR(LEFT(_xlfn.CONCAT(T6:AM6),5)<>"FALSE",RIGHT(_xlfn.CONCAT(T6:AM6),5)<>"FALSE")),IF(AND(ISNUMBER(P5),P5>0),P5,0),"")) | R6: =IF(T6<>"",IF(Q6<>"","Edited","Synced"),IF(P6="","",IF(OR(AC6 = "",AI6 = ""),"Invalid","New"))) | AI6: =IFERROR(IF(LEN(VLOOKUP(AC6, QUICKBOOKS_9130357949969096!$A:$B, 2, 0))=0,"",VLOOKUP(AC6, QUICKBOOKS_9130357949969096!$A:$B, 2, 0)),"") | AJ6: =IFERROR(IF(LEN(VLOOKUP(AE6, QUICKBOOKS_9130357949969096!$C:$E, 3, 0))=0,"",VLOOKUP(AE6, QUICKBOOKS_9130357949969096!$C:$E, 3, 0)),"") | AK6: =IFERROR(IF(LEN(VLOOKUP(AF6, QUICKBOOKS_9130357949969096!$F:$G, 2, 0))=0,"",VLOOKUP(AF6, QUICKBOOKS_9130357949969096!$F:$G, 2, 0)),"") | AM6: =IFERROR(IF(LEN(VLOOKUP(AH6, QUICKBOOKS_9130357949969096!$J:$K, 2, 0))=0,"",VLOOKUP(AH6, QUICKBOOKS_9130357949969096!$J:$K, 2, 0)),"")
P7: =IF(W7<>"",MAX(P$1:P6)+1,IF(AND(_xlfn.CONCAT(T7:AM7)<>"", OR(LEFT(_xlfn.CONCAT(T7:AM7),5)<>"FALSE",RIGHT(_xlfn.CONCAT(T7:AM7),5)<>"FALSE")),IF(AND(ISNUMBER(P6),P6>0),P6,0),"")) | R7: =IF(T7<>"",IF(Q7<>"","Edited","Synced"),IF(P7="","",IF(OR(AC7 = "",AI7 = ""),"Invalid","New"))) | AI7: =IFERROR(IF(LEN(VLOOKUP(AC7, QUICKBOOKS_9130357949969096!$A:$B, 2, 0))=0,"",VLOOKUP(AC7, QUICKBOOKS_9130357949969096!$A:$B, 2, 0)),"") | AJ7: =IFERROR(IF(LEN(VLOOKUP(AE7, QUICKBOOKS_9130357949969096!$C:$E, 3, 0))=0,"",VLOOKUP(AE7, QUICKBOOKS_9130357949969096!$C:$E, 3, 0)),"") | AK7: =IFERROR(IF(LEN(VLOOKUP(AF7, QUICKBOOKS_9130357949969096!$F:$G, 2, 0))=0,"",VLOOKUP(AF7, QUICKBOOKS_9130357949969096!$F:$G, 2, 0)),"") | AM7: =IFERROR(IF(LEN(VLOOKUP(AH7, QUICKBOOKS_9130357949969096!$J:$K, 2, 0))=0,"",VLOOKUP(AH7, QUICKBOOKS_9130357949969096!$J:$K, 2, 0)),"")
C8: DOWNLOAD FILTERS | P8: =IF(W8<>"",MAX(P$1:P7)+1,IF(AND(_xlfn.CONCAT(T8:AM8)<>"", OR(LEFT(_xlfn.CONCAT(T8:AM8),5)<>"FALSE",RIGHT(_xlfn.CONCAT(T8:AM8),5)<>"FALSE")),IF(AND(ISNUMBER(P7),P7>0),P7,0),"")) | R8: =IF(T8<>"",IF(Q8<>"","Edited","Synced"),IF(P8="","",IF(OR(AC8 = "",AI8 = ""),"Invalid","New"))) | AI8: =IFERROR(IF(LEN(VLOOKUP(AC8, QUICKBOOKS_9130357949969096!$A:$B, 2, 0))=0,"",VLOOKUP(AC8, QUICKBOOKS_9130357949969096!$A:$B, 2, 0)),"") | AJ8: =IFERROR(IF(LEN(VLOOKUP(AE8, QUICKBOOKS_9130357949969096!$C:$E, 3, 0))=0,"",VLOOKUP(AE8, QUICKBOOKS_9130357949969096!$C:$E, 3, 0)),"") | AK8: =IFERROR(IF(LEN(VLOOKUP(AF8, QUICKBOOKS_9130357949969096!$F:$G, 2, 0))=0,"",VLOOKUP(AF8, QUICKBOOKS_9130357949969096!$F:$G, 2, 0)),"") | AM8: =IFERROR(IF(LEN(VLOOKUP(AH8, QUICKBOOKS_9130357949969096!$J:$K, 2, 0))=0,"",VLOOKUP(AH8, QUICKBOOKS_9130357949969096!$J:$K, 2, 0)),"")
C9: Start Date | P9: =IF(W9<>"",MAX(P$1:P8)+1,IF(AND(_xlfn.CONCAT(T9:AM9)<>"", OR(LEFT(_xlfn.CONCAT(T9:AM9),5)<>"FALSE",RIGHT(_xlfn.CONCAT(T9:AM9),5)<>"FALSE")),IF(AND(ISNUMBER(P8),P8>0),P8,0),"")) | R9: =IF(T9<>"",IF(Q9<>"","Edited","Synced"),IF(P9="","",IF(OR(AC9 = "",AI9 = ""),"Invalid","New"))) | AI9: =IFERROR(IF(LEN(VLOOKUP(AC9, QUICKBOOKS_9130357949969096!$A:$B, 2, 0))=0,"",VLOOKUP(AC9, QUICKBOOKS_9130357949969096!$A:$B, 2, 0)),"") | AJ9: =IFERROR(IF(LEN(VLOOKUP(AE9, QUICKBOOKS_9130357949969096!$C:$E, 3, 0))=0,"",VLOOKUP(AE9, QUICKBOOKS_9130357949969096!$C:$E, 3, 0)),"") | AK9: =IFERROR(IF(LEN(VLOOKUP(AF9, QUICKBOOKS_9130357949969096!$F:$G, 2, 0))=0,"",VLOOKUP(AF9, QUICKBOOKS_9130357949969096!$F:$G, 2, 0)),"") | AM9: =IFERROR(IF(LEN(VLOOKUP(AH9, QUICKBOOKS_9130357949969096!$J:$K, 2, 0))=0,"",VLOOKUP(AH9, QUICKBOOKS_9130357949969096!$J:$K, 2, 0)),"")
C10: End Date | P10: =IF(W10<>"",MAX(P$1:P9)+1,IF(AND(_xlfn.CONCAT(T10:AM10)<>"", OR(LEFT(_xlfn.CONCAT(T10:AM10),5)<>"FALSE",RIGHT(_xlfn.CONCAT(T10:AM10),5)<>"FALSE")),IF(AND(ISNUMBER(P9),P9>0),P9,0),"")) | R10: =IF(T10<>"",IF(Q10<>"","Edited","Synced"),IF(P10="","",IF(OR(AC10 = "",AI10 = ""),"Invalid","New"))) | AI10: =IFERROR(IF(LEN(VLOOKUP(AC10, QUICKBOOKS_9130357949969096!$A:$B, 2, 0))=0,"",VLOOKUP(AC10, QUICKBOOKS_9130357949969096!$A:$B, 2, 0)),"") | AJ10: =IFERROR(IF(LEN(VLOOKUP(AE10, QUICKBOOKS_9130357949969096!$C:$E, 3, 0))=0,"",VLOOKUP(AE10, QUICKBOOKS_9130357949969096!$C:$E, 3, 0)),"") | AK10: =IFERROR(IF(LEN(VLOOKUP(AF10, QUICKBOOKS_9130357949969096!$F:$G, 2, 0))=0,"",VLOOKUP(AF10, QUICKBOOKS_9130357949969096!$F:$G, 2, 0)),"") | AM10: =IFERROR(IF(LEN(VLOOKUP(AH10, QUICKBOOKS_9130357949969096!$J:$K, 2, 0))=0,"",VLOOKUP(AH10, QUICKBOOKS_9130357949969096!$J:$K, 2, 0)),"")
P11: =IF(W11<>"",MAX(P$1:P10)+1,IF(AND(_xlfn.CONCAT(T11:AM11)<>"", OR(LEFT(_xlfn.CONCAT(T11:AM11),5)<>"FALSE",RIGHT(_xlfn.CONCAT(T11:AM11),5)<>"FALSE")),IF(AND(ISNUMBER(P10),P10>0),P10,0),"")) | R11: =IF(T11<>"",IF(Q11<>"","Edited","Synced"),IF(P11="","",IF(OR(AC11 = "",AI11 = ""),"Invalid","New"))) | AI11: =IFERROR(IF(LEN(VLOOKUP(AC11, QUICKBOOKS_9130357949969096!$A:$B, 2, 0))=0,"",VLOOKUP(AC11, QUICKBOOKS_9130357949969096!$A:$B, 2, 0)),"") | AJ11: =IFERROR(IF(LEN(VLOOKUP(AE11, QUICKBOOKS_9130357949969096!$C:$E, 3, 0))=0,"",VLOOKUP(AE11, QUICKBOOKS_9130357949969096!$C:$E, 3, 0)),"") | AK11: =IFERROR(IF(LEN(VLOOKUP(AF11, QUICKBOOKS_9130357949969096!$F:$G, 2, 0))=0,"",VLOOKUP(AF11, QUICKBOOKS_9130357949969096!$F:$G, 2, 0)),"") | AM11: =IFERROR(IF(LEN(VLOOKUP(AH11, QUICKBOOKS_9130357949969096!$J:$K, 2, 0))=0,"",VLOOKUP(AH11, QUICKBOOKS_9130357949969096!$J:$K, 2, 0)),"")
C12: PLEASE DO NOT ADD ROWS OR COLUMNS TO THIS SHEET | P12: =IF(W12<>"",MAX(P$1:P11)+1,IF(AND(_xlfn.CONCAT(T12:AM12)<>"", OR(LEFT(_xlfn.CONCAT(T12:AM12),5)<>"FALSE",RIGHT(_xlfn.CONCAT(T12:AM12),5)<>"FALSE")),IF(AND(ISNUMBER(P11),P11>0),P11,0),"")) | R12: =IF(T12<>"",IF(Q12<>"","Edited","Synced"),IF(P12="","",IF(OR(AC12 = "",AI12 = ""),"Invalid","New"))) | AI12: =IFERROR(IF(LEN(VLOOKUP(AC12, QUICKBOOKS_9130357949969096!$A:$B, 2, 0))=0,"",VLOOKUP(AC12, QUICKBOOKS_9130357949969096!$A:$B, 2, 0)),"") | AJ12: =IFERROR(IF(LEN(VLOOKUP(AE12, QUICKBOOKS_9130357949969096!$C:$E, 3, 0))=0,"",VLOOKUP(AE12, QUICKBOOKS_9130357949969096!$C:$E, 3, 0)),"") | AK12: =IFERROR(IF(LEN(VLOOKUP(AF12, QUICKBOOKS_9130357949969096!$F:$G, 2, 0))=0,"",VLOOKUP(AF12, QUICKBOOKS_9130357949969096!$F:$G, 2, 0)),"") | AM12: =IFERROR(IF(LEN(VLOOKUP(AH12, QUICKBOOKS_9130357949969096!$J:$K, 2, 0))=0,"",VLOOKUP(AH12, QUICKBOOKS_9130357949969096!$J:$K, 2, 0)),"")
C13: Get help with the Amalgam platform here. | P13: =IF(W13<>"",MAX(P$1:P12)+1,IF(AND(_xlfn.CONCAT(T13:AM13)<>"", OR(LEFT(_xlfn.CONCAT(T13:AM13),5)<>"FALSE",RIGHT(_xlfn.CONCAT(T13:AM13),5)<>"FALSE")),IF(AND(ISNUMBER(P12),P12>0),P12,0),"")) | R13: =IF(T13<>"",IF(Q13<>"","Edited","Synced"),IF(P13="","",IF(OR(AC13 = "",AI13 = ""),"Invalid","New"))) | AI13: =IFERROR(IF(LEN(VLOOKUP(AC13, QUICKBOOKS_9130357949969096!$A:$B, 2, 0))=0,"",VLOOKUP(AC13, QUICKBOOKS_9130357949969096!$A:$B, 2, 0)),"") | AJ13: =IFERROR(IF(LEN(VLOOKUP(AE13, QUICKBOOKS_9130357949969096!$C:$E, 3, 0))=0,"",VLOOKUP(AE13, QUICKBOOKS_9130357949969096!$C:$E, 3, 0)),"") | AK13: =IFERROR(IF(LEN(VLOOKUP(AF13, QUICKBOOKS_9130357949969096!$F:$G, 2, 0))=0,"",VLOOKUP(AF13, QUICKBOOKS_9130357949969096!$F:$G, 2, 0)),"") | AM13: =IFERROR(IF(LEN(VLOOKUP(AH13, QUICKBOOKS_9130357949969096!$J:$K, 2, 0))=0,"",VLOOKUP(AH13, QUICKBOOKS_9130357949969096!$J:$K, 2, 0)),"")
P14: =IF(W14<>"",MAX(P$1:P13)+1,IF(AND(_xlfn.CONCAT(T14:AM14)<>"", OR(LEFT(_xlfn.CONCAT(T14:AM14),5)<>"FALSE",RIGHT(_xlfn.CONCAT(T14:AM14),5)<>"FALSE")),IF(AND(ISNUMBER(P13),P13>0),P13,0),"")) | R14: =IF(T14<>"",IF(Q14<>"","Edited","Synced"),IF(P14="","",IF(OR(AC14 = "",AI14 = ""),"Invalid","New"))) | AI14: =IFERROR(IF(LEN(VLOOKUP(AC14, QUICKBOOKS_9130357949969096!$A:$B, 2, 0))=0,"",VLOOKUP(AC14, QUICKBOOKS_9130357949969096!$A:$B, 2, 0)),"") | AJ14: =IFERROR(IF(LEN(VLOOKUP(AE14, QUICKBOOKS_9130357949969096!$C:$E, 3, 0))=0,"",VLOOKUP(AE14, QUICKBOOKS_9130357949969096!$C:$E, 3, 0)),"") | AK14: =IFERROR(IF(LEN(VLOOKUP(AF14, QUICKBOOKS_9130357949969096!$F:$G, 2, 0))=0,"",VLOOKUP(AF14, QUICKBOOKS_9130357949969096!$F:$G, 2, 0)),"") | AM14: =IFERROR(IF(LEN(VLOOKUP(AH14, QUICKBOOKS_9130357949969096!$J:$K, 2, 0))=0,"",VLOOKUP(AH14, QUICKBOOKS_9130357949969096!$J:$K, 2, 0)),"")
P15: =IF(W15<>"",MAX(P$1:P14)+1,IF(AND(_xlfn.CONCAT(T15:AM15)<>"", OR(LEFT(_xlfn.CONCAT(T15:AM15),5)<>"FALSE",RIGHT(_xlfn.CONCAT(T15:AM15),5)<>"FALSE")),IF(AND(ISNUMBER(P14),P14>0),P14,0),"")) | R15: =IF(T15<>"",IF(Q15<>"","Edited","Synced"),IF(P15="","",IF(OR(AC15 = "",AI15 = ""),"Invalid","New"))) | AI15: =IFERROR(IF(LEN(VLOOKUP(AC15, QUICKBOOKS_9130357949969096!$A:$B, 2, 0))=0,"",VLOOKUP(AC15, QUICKBOOKS_9130357949969096!$A:$B, 2, 0)),"") | AJ15: =IFERROR(IF(LEN(VLOOKUP(AE15, QUICKBOOKS_9130357949969096!$C:$E, 3, 0))=0,"",VLOOKUP(AE15, QUICKBOOKS_9130357949969096!$C:$E, 3, 0)),"") | AK15: =IFERROR(IF(LEN(VLOOKUP(AF15, QUICKBOOKS_9130357949969096!$F:$G, 2, 0))=0,"",VLOOKUP(AF15, QUICKBOOKS_9130357949969096!$F:$G, 2, 0)),"") | AM15: =IFERROR(IF(LEN(VLOOKUP(AH15, QUICKBOOKS_9130357949969096!$J:$K, 2, 0))=0,"",VLOOKUP(AH15, QUICKBOOKS_9130357949969096!$J:$K, 2, 0)),"")
P16: =IF(W16<>"",MAX(P$1:P15)+1,IF(AND(_xlfn.CONCAT(T16:AM16)<>"", OR(LEFT(_xlfn.CONCAT(T16:AM16),5)<>"FALSE",RIGHT(_xlfn.CONCAT(T16:AM16),5)<>"FALSE")),IF(AND(ISNUMBER(P15),P15>0),P15,0),"")) | R16: =IF(T16<>"",IF(Q16<>"","Edited","Synced"),IF(P16="","",IF(OR(AC16 = "",AI16 = ""),"Invalid","New"))) | AI16: =IFERROR(IF(LEN(VLOOKUP(AC16, QUICKBOOKS_9130357949969096!$A:$B, 2, 0))=0,"",VLOOKUP(AC16, QUICKBOOKS_9130357949969096!$A:$B, 2, 0)),"") | AJ16: =IFERROR(IF(LEN(VLOOKUP(AE16, QUICKBOOKS_9130357949969096!$C:$E, 3, 0))=0,"",VLOOKUP(AE16, QUICKBOOKS_9130357949969096!$C:$E, 3, 0)),"") | AK16: =IFERROR(IF(LEN(VLOOKUP(AF16, QUICKBOOKS_9130357949969096!$F:$G, 2, 0))=0,"",VLOOKUP(AF16, QUICKBOOKS_9130357949969096!$F:$G, 2, 0)),"") | AM16: =IFERROR(IF(LEN(VLOOKUP(AH16, QUICKBOOKS_9130357949969096!$J:$K, 2, 0))=0,"",VLOOKUP(AH16, QUICKBOOKS_9130357949969096!$J:$K, 2, 0)),"")
P17: =IF(W17<>"",MAX(P$1:P16)+1,IF(AND(_xlfn.CONCAT(T17:AM17)<>"", OR(LEFT(_xlfn.CONCAT(T17:AM17),5)<>"FALSE",RIGHT(_xlfn.CONCAT(T17:AM17),5)<>"FALSE")),IF(AND(ISNUMBER(P16),P16>0),P16,0),"")) | R17: =IF(T17<>"",IF(Q17<>"","Edited","Synced"),IF(P17="","",IF(OR(AC17 = "",AI17 = ""),"Invalid","New"))) | AI17: =IFERROR(IF(LEN(VLOOKUP(AC17, QUICKBOOKS_9130357949969096!$A:$B, 2, 0))=0,"",VLOOKUP(AC17, QUICKBOOKS_9130357949969096!$A:$B, 2, 0)),"") | AJ17: =IFERROR(IF(LEN(VLOOKUP(AE17, QUICKBOOKS_9130357949969096!$C:$E, 3, 0))=0,"",VLOOKUP(AE17, QUICKBOOKS_9130357949969096!$C:$E, 3, 0)),"") | AK17: =IFERROR(IF(LEN(VLOOKUP(AF17, QUICKBOOKS_9130357949969096!$F:$G, 2, 0))=0,"",VLOOKUP(AF17, QUICKBOOKS_9130357949969096!$F:$G, 2, 0)),"") | AM17: =IFERROR(IF(LEN(VLOOKUP(AH17, QUICKBOOKS_9130357949969096!$J:$K, 2, 0))=0,"",VLOOKUP(AH17, QUICKBOOKS_9130357949969096!$J:$K, 2, 0)),"")
P18: =IF(W18<>"",MAX(P$1:P17)+1,IF(AND(_xlfn.CONCAT(T18:AM18)<>"", OR(LEFT(_xlfn.CONCAT(T18:AM18),5)<>"FALSE",RIGHT(_xlfn.CONCAT(T18:AM18),5)<>"FALSE")),IF(AND(ISNUMBER(P17),P17>0),P17,0),"")) | R18: =IF(T18<>"",IF(Q18<>"","Edited","Synced"),IF(P18="","",IF(OR(AC18 = "",AI18 = ""),"Invalid","New"))) | AI18: =IFERROR(IF(LEN(VLOOKUP(AC18, QUICKBOOKS_9130357949969096!$A:$B, 2, 0))=0,"",VLOOKUP(AC18, QUICKBOOKS_9130357949969096!$A:$B, 2, 0)),"") | AJ18: =IFERROR(IF(LEN(VLOOKUP(AE18, QUICKBOOKS_9130357949969096!$C:$E, 3, 0))=0,"",VLOOKUP(AE18, QUICKBOOKS_9130357949969096!$C:$E, 3, 0)),"") | AK18: =IFERROR(IF(LEN(VLOOKUP(AF18, QUICKBOOKS_9130357949969096!$F:$G, 2, 0))=0,"",VLOOKUP(AF18, QUICKBOOKS_9130357949969096!$F:$G, 2, 0)),"") | AM18: =IFERROR(IF(LEN(VLOOKUP(AH18, QUICKBOOKS_9130357949969096!$J:$K, 2, 0))=0,"",VLOOKUP(AH18, QUICKBOOKS_9130357949969096!$J:$K, 2, 0)),"")
P19: =IF(W19<>"",MAX(P$1:P18)+1,IF(AND(_xlfn.CONCAT(T19:AM19)<>"", OR(LEFT(_xlfn.CONCAT(T19:AM19),5)<>"FALSE",RIGHT(_xlfn.CONCAT(T19:AM19),5)<>"FALSE")),IF(AND(ISNUMBER(P18),P18>0),P18,0),"")) | R19: =IF(T19<>"",IF(Q19<>"","Edited","Synced"),IF(P19="","",IF(OR(AC19 = "",AI19 = ""),"Invalid","New"))) | AI19: =IFERROR(IF(LEN(VLOOKUP(AC19, QUICKBOOKS_9130357949969096!$A:$B, 2, 0))=0,"",VLOOKUP(AC19, QUICKBOOKS_9130357949969096!$A:$B, 2, 0)),"") | AJ19: =IFERROR(IF(LEN(VLOOKUP(AE19, QUICKBOOKS_9130357949969096!$C:$E, 3, 0))=0,"",VLOOKUP(AE19, QUICKBOOKS_9130357949969096!$C:$E, 3, 0)),"") | AK19: =IFERROR(IF(LEN(VLOOKUP(AF19, QUICKBOOKS_9130357949969096!$F:$G, 2, 0))=0,"",VLOOKUP(AF19, QUICKBOOKS_9130357949969096!$F:$G, 2, 0)),"") | AM19: =IFERROR(IF(LEN(VLOOKUP(AH19, QUICKBOOKS_9130357949969096!$J:$K, 2, 0))=0,"",VLOOKUP(AH19, QUICKBOOKS_9130357949969096!$J:$K, 2, 0)),"")
P20: =IF(W20<>"",MAX(P$1:P19)+1,IF(AND(_xlfn.CONCAT(T20:AM20)<>"", OR(LEFT(_xlfn.CONCAT(T20:AM20),5)<>"FALSE",RIGHT(_xlfn.CONCAT(T20:AM20),5)<>"FALSE")),IF(AND(ISNUMBER(P19),P19>0),P19,0),"")) | R20: =IF(T20<>"",IF(Q20<>"","Edited","Synced"),IF(P20="","",IF(OR(AC20 = "",AI20 = ""),"Invalid","New"))) | AI20: =IFERROR(IF(LEN(VLOOKUP(AC20, QUICKBOOKS_9130357949969096!$A:$B, 2, 0))=0,"",VLOOKUP(AC20, QUICKBOOKS_9130357949969096!$A:$B, 2, 0)),"") | AJ20: =IFERROR(IF(LEN(VLOOKUP(AE20, QUICKBOOKS_9130357949969096!$C:$E, 3, 0))=0,"",VLOOKUP(AE20, QUICKBOOKS_9130357949969096!$C:$E, 3, 0)),"") | AK20: =IFERROR(IF(LEN(VLOOKUP(AF20, QUICKBOOKS_9130357949969096!$F:$G, 2, 0))=0,"",VLOOKUP(AF20, QUICKBOOKS_9130357949969096!$F:$G, 2, 0)),"") | AM20: =IFERROR(IF(LEN(VLOOKUP(AH20, QUICKBOOKS_9130357949969096!$J:$K, 2, 0))=0,"",VLOOKUP(AH20, QUICKBOOKS_9130357949969096!$J:$K, 2, 0)),"")
P21: =IF(W21<>"",MAX(P$1:P20)+1,IF(AND(_xlfn.CONCAT(T21:AM21)<>"", OR(LEFT(_xlfn.CONCAT(T21:AM21),5)<>"FALSE",RIGHT(_xlfn.CONCAT(T21:AM21),5)<>"FALSE")),IF(AND(ISNUMBER(P20),P20>0),P20,0),"")) | R21: =IF(T21<>"",IF(Q21<>"","Edited","Synced"),IF(P21="","",IF(OR(AC21 = "",AI21 = ""),"Invalid","New"))) | AI21: =IFERROR(IF(LEN(VLOOKUP(AC21, QUICKBOOKS_9130357949969096!$A:$B, 2, 0))=0,"",VLOOKUP(AC21, QUICKBOOKS_9130357949969096!$A:$B, 2, 0)),"") | AJ21: =IFERROR(IF(LEN(VLOOKUP(AE21, QUICKBOOKS_9130357949969096!$C:$E, 3, 0))=0,"",VLOOKUP(AE21, QUICKBOOKS_9130357949969096!$C:$E, 3, 0)),"") | AK21: =IFERROR(IF(LEN(VLOOKUP(AF21, QUICKBOOKS_9130357949969096!$F:$G, 2, 0))=0,"",VLOOKUP(AF21, QUICKBOOKS_9130357949969096!$F:$G, 2, 0)),"") | AM21: =IFERROR(IF(LEN(VLOOKUP(AH21, QUICKBOOKS_9130357949969096!$J:$K, 2, 0))=0,"",VLOOKUP(AH21, QUICKBOOKS_9130357949969096!$J:$K, 2, 0)),"")
P22: =IF(W22<>"",MAX(P$1:P21)+1,IF(AND(_xlfn.CONCAT(T22:AM22)<>"", OR(LEFT(_xlfn.CONCAT(T22:AM22),5)<>"FALSE",RIGHT(_xlfn.CONCAT(T22:AM22),5)<>"FALSE")),IF(AND(ISNUMBER(P21),P21>0),P21,0),"")) | R22: =IF(T22<>"",IF(Q22<>"","Edited","Synced"),IF(P22="","",IF(OR(AC22 = "",AI22 = ""),"Invalid","New"))) | AI22: =IFERROR(IF(LEN(VLOOKUP(AC22, QUICKBOOKS_9130357949969096!$A:$B, 2, 0))=0,"",VLOOKUP(AC22, QUICKBOOKS_9130357949969096!$A:$B, 2, 0)),"") | AJ22: =IFERROR(IF(LEN(VLOOKUP(AE22, QUICKBOOKS_9130357949969096!$C:$E, 3, 0))=0,"",VLOOKUP(AE22, QUICKBOOKS_9130357949969096!$C:$E, 3, 0)),"") | AK22: =IFERROR(IF(LEN(VLOOKUP(AF22, QUICKBOOKS_9130357949969096!$F:$G, 2, 0))=0,"",VLOOKUP(AF22, QUICKBOOKS_9130357949969096!$F:$G, 2, 0)),"") | AM22: =IFERROR(IF(LEN(VLOOKUP(AH22, QUICKBOOKS_9130357949969096!$J:$K, 2, 0))=0,"",VLOOKUP(AH22, QUICKBOOKS_9130357949969096!$J:$K, 2, 0)),"")
P23: =IF(W23<>"",MAX(P$1:P22)+1,IF(AND(_xlfn.CONCAT(T23:AM23)<>"", OR(LEFT(_xlfn.CONCAT(T23:AM23),5)<>"FALSE",RIGHT(_xlfn.CONCAT(T23:AM23),5)<>"FALSE")),IF(AND(ISNUMBER(P22),P22>0),P22,0),"")) | R23: =IF(T23<>"",IF(Q23<>"","Edited","Synced"),IF(P23="","",IF(OR(AC23 = "",AI23 = ""),"Invalid","New"))) | AI23: =IFERROR(IF(LEN(VLOOKUP(AC23, QUICKBOOKS_9130357949969096!$A:$B, 2, 0))=0,"",VLOOKUP(AC23, QUICKBOOKS_9130357949969096!$A:$B, 2, 0)),"") | AJ23: =IFERROR(IF(LEN(VLOOKUP(AE23, QUICKBOOKS_9130357949969096!$C:$E, 3, 0))=0,"",VLOOKUP(AE23, QUICKBOOKS_9130357949969096!$C:$E, 3, 0)),"") | AK23: =IFERROR(IF(LEN(VLOOKUP(AF23, QUICKBOOKS_9130357949969096!$F:$G, 2, 0))=0,"",VLOOKUP(AF23, QUICKBOOKS_9130357949969096!$F:$G, 2, 0)),"") | AM23: =IFERROR(IF(LEN(VLOOKUP(AH23, QUICKBOOKS_9130357949969096!$J:$K, 2, 0))=0,"",VLOOKUP(AH23, QUICKBOOKS_9130357949969096!$J:$K, 2, 0)),"")
P24: =IF(W24<>"",MAX(P$1:P23)+1,IF(AND(_xlfn.CONCAT(T24:AM24)<>"", OR(LEFT(_xlfn.CONCAT(T24:AM24),5)<>"FALSE",RIGHT(_xlfn.CONCAT(T24:AM24),5)<>"FALSE")),IF(AND(ISNUMBER(P23),P23>0),P23,0),"")) | R24: =IF(T24<>"",IF(Q24<>"","Edited","Synced"),IF(P24="","",IF(OR(AC24 = "",AI24 = ""),"Invalid","New"))) | AI24: =IFERROR(IF(LEN(VLOOKUP(AC24, QUICKBOOKS_9130357949969096!$A:$B, 2, 0))=0,"",VLOOKUP(AC24, QUICKBOOKS_9130357949969096!$A:$B, 2, 0)),"") | AJ24: =IFERROR(IF(LEN(VLOOKUP(AE24, QUICKBOOKS_9130357949969096!$C:$E, 3, 0))=0,"",VLOOKUP(AE24, QUICKBOOKS_9130357949969096!$C:$E, 3, 0)),"") | AK24: =IFERROR(IF(LEN(VLOOKUP(AF24, QUICKBOOKS_9130357949969096!$F:$G, 2, 0))=0,"",VLOOKUP(AF24, QUICKBOOKS_9130357949969096!$F:$G, 2, 0)),"") | AM24: =IFERROR(IF(LEN(VLOOKUP(AH24, QUICKBOOKS_9130357949969096!$J:$K, 2, 0))=0,"",VLOOKUP(AH24, QUICKBOOKS_9130357949969096!$J:$K, 2, 0)),"")
P25: =IF(W25<>"",MAX(P$1:P24)+1,IF(AND(_xlfn.CONCAT(T25:AM25)<>"", OR(LEFT(_xlfn.CONCAT(T25:AM25),5)<>"FALSE",RIGHT(_xlfn.CONCAT(T25:AM25),5)<>"FALSE")),IF(AND(ISNUMBER(P24),P24>0),P24,0),"")) | R25: =IF(T25<>"",IF(Q25<>"","Edited","Synced"),IF(P25="","",IF(OR(AC25 = "",AI25 = ""),"Invalid","New"))) | AI25: =IFERROR(IF(LEN(VLOOKUP(AC25, QUICKBOOKS_9130357949969096!$A:$B, 2, 0))=0,"",VLOOKUP(AC25, QUICKBOOKS_9130357949969096!$A:$B, 2, 0)),"") | AJ25: =IFERROR(IF(LEN(VLOOKUP(AE25, QUICKBOOKS_9130357949969096!$C:$E, 3, 0))=0,"",VLOOKUP(AE25, QUICKBOOKS_9130357949969096!$C:$E, 3, 0)),"") | AK25: =IFERROR(IF(LEN(VLOOKUP(AF25, QUICKBOOKS_9130357949969096!$F:$G, 2, 0))=0,"",VLOOKUP(AF25, QUICKBOOKS_9130357949969096!$F:$G, 2, 0)),"") | AM25: =IFERROR(IF(LEN(VLOOKUP(AH25, QUICKBOOKS_9130357949969096!$J:$K, 2, 0))=0,"",VLOOKUP(AH25, QUICKBOOKS_9130357949969096!$J:$K, 2, 0)),"")
... P255: =IF(W255<>"",MAX(P$1:P254)+1,IF(AND(_xlfn.CONCAT(T255:AM255)<>"", OR(LEFT(_xlfn.CONCAT(T255:AM255),5)<>"FALSE",RIGHT(_xlfn.CONCAT(T255:AM255),5)<>"FALSE")),IF(AND(ISNUMBER(P254),P254>0),P254,0),"")) | R255: =IF(T255<>"",IF(Q255<>"","Edited","Synced"),IF(P255="","",IF(OR(AC255 = "",AI255 = ""),"Invalid","New"))) | AI255: =IFERROR(IF(LEN(VLOOKUP(AC255, QUICKBOOKS_9130357949969096!$A:$B, 2, 0))=0,"",VLOOKUP(AC255, QUICKBOOKS_9130357949969096!$A:$B, 2, 0)),"") | AJ255: =IFERROR(IF(LEN(VLOOKUP(AE255, QUICKBOOKS_9130357949969096!$C:$E, 3, 0))=0,"",VLOOKUP(AE255, QUICKBOOKS_9130357949969096!$C:$E, 3, 0)),"") | AK255: =IFERROR(IF(LEN(VLOOKUP(AF255, QUICKBOOKS_9130357949969096!$F:$G, 2, 0))=0,"",VLOOKUP(AF255, QUICKBOOKS_9130357949969096!$F:$G, 2, 0)),"") | AM255: =IFERROR(IF(LEN(VLOOKUP(AH255, QUICKBOOKS_9130357949969096!$J:$K, 2, 0))=0,"",VLOOKUP(AH255, QUICKBOOKS_9130357949969096!$J:$K, 2, 0)),"")

Sheet check_BS
A1: quickbooks | C1: BALANCE SHEET: ABC Widgets | F1: These columns have intentionally been left blank. Feel free to add any formulas or notes here, they will not affect the function of this sheet nor will they be overwritten when data syncs. | Q1: 45292 | R1: 45323 | S1: 45352
A2: get_qbo_balance_sheet | C2: A standard Quickbooks Balance Sheet Report. | P2: ASSETS
A3: 9130357949969096 | P3: Current Assets
A4: report | C4: Update this report with the Amalgam Excel plugin. | P4: Bank Accounts
P5: Cash | Q5: 405691.93 | R5: 586500.38 | S5: 964135.3
P6: Total Bank Accounts | Q6: 405691.93 | R6: 586500.38 | S6: 964135.3
P7: Accounts Receivable
C8: SETTINGS | P8: Accounts receivable (A/R) | Q8: 387279.13 | R8: 620910.72 | S8: 664989.74
C9: Start Date | D9: =start_date -> 45292 | P9: Total Accounts Receivable | Q9: 387279.13 | R9: 620910.72 | S9: 664989.74
C10: End Date | D10: =date -> 45382 | P10: Other Current Assets
C11: Method | D11: Accrual | P11: Accrued Expenses | Q11: 34022.84 | R11: 29151.01 | S11: 24279.18
C12: Period | D12: Months | P12: Total Other Current Assets | Q12: 34022.84 | R12: 29151.01 | S12: 24279.18
C13: Account | P13: Total Current Assets | Q13: 826993.9 | R13: 1236562.1 | S13: 1653404.2
C14: Class | P14: Fixed Assets
C15: Location | P15: Accumulated amortization | Q15: 80 | R15: 80 | S15: -3996.39
C16: Vendor | P16: Accumulated depreciation | Q16: -52996.68 | R16: -57073.07 | S16: -61149.46
C17: Customer | P17: Tools, machinery, and equipment | Q17: 146750 | R17: 146750 | S17: 146750
C18: Header Rows | P18: Total Fixed Assets | Q18: 93833.32 | R18: 89756.93 | S18: 81604.15
C19: Summary Rows | P19: TOTAL ASSETS | Q19: 920827.22 | R19: 1326319 | S19: 1735008.4
P20: LIABILITIES AND EQUITY
C21: PLEASE DO NOT ADD ROWS OR COLUMNS TO THIS SHEET | P21: Liabilities
C22: Get help with the Amalgam platform here. | P22: Current Liabilities
P23: Accounts Payable
P24: Accounts Payable (A/P) | S24: 1850
P25: Total Accounts Payable | Q25: 0 | R25: 0 | S25: 1850
P26: Credit Cards
P27: Credit Cards Payable | Q27: 26091.42 | R27: 28296.41 | S27: 30693.64
P28: Total Credit Cards | Q28: 26091.42 | R28: 28296.41 | S28: 30693.64
P29: Other Current Liabilities
P30: Deferred Revenue | Q30: 387279.13 | R30: 775118.51 | S30: 1144148
P31: Total Deferred Revenue | Q31: 387279.13 | R31: 775118.51 | S31: 1144148
P32: Total Current Liabilities | Q32: 413370.55 | R32: 803414.92 | S32: 1176691.6
P33: Total Liabilities | Q33: 413370.55 | R33: 803414.92 | S33: 1176691.6
P34: Equity
P35: Common stock | Q35: 10 | R35: 10 | S35: 10
P36: Preferred stock | Q36: 250000 | R36: 250000 | S36: 250000
P37: Retained Earnings | Q37: 275517.75 | R37: 275517.75 | S37: 275517.75
P38: Net Income | Q38: -18071.08 | R38: -2623.63 | S38: 32789.03
P39: Total Equity | Q39: 507456.67 | R39: 522904.12 | S39: 558316.78
P40: TOTAL LIABILITIES AND EQUITY | Q40: 920827.22 | R40: 1326319 | S40: 1735008.4
